Workbook
Name JR_PAGE_ANCHOR_0_1: RESUMO!#REF!
Name JR_PAGE_ANCHOR_1_1: 'PLANILHA ORCAMENTARIA'!$A$5
Name JR_PAGE_ANCHOR_2_1: 'MEMORIA DE CALCULO'!$A$5
Name JR_PAGE_ANCHOR_3_1: 'SINTETICO PROPRIAS'!$A$2
Name JR_PAGE_ANCHOR_4_1: 'COMPOSICOES PROPRIAS'!$A$4
Name JR_PAGE_ANCHOR_5_1: 'COMPOSICOES AUXILIARES'!$A$4
Name JR_PAGE_ANCHOR_6_1: COMPOSICOES!$A$4
Name JR_PAGE_ANCHOR_7_1: 'CURVA ABC SERVICOS'!$A$4
Name JR_PAGE_ANCHOR_8_1: 'CURVA ABC INSUMOS'!$A$4
Name JR_PAGE_ANCHOR_9_1: CRONOGRAMA!$A$5
Name VALOR_TOTAL: 'PLANILHA ORCAMENTARIA'!$J$410

Sheet RESUMO
A1: RESUMO DO ORÇAMENTO
B2: OBRA: Restauro da Igreja de Nossa Senhora da Conceição e Reforma da Praça Barbosa Leão, Serra Centro Serra/ES. | C2: DATA: 30/06/2026
B3: DESCRIÇÃO: Restauro da Igreja de Nossa Senhora da Conceição e Reforma da Praça Barbosa Leão | C3: BDI: 33,25% | Encargos Sociais: 157,27%
B4: LOCAL: Praça Barbosa Leão, Serra Centro, Serra - ES | CEP: 29176-050 | C4: DATA BASE: MARÇO/2026
B5: PROPONENTE: PREFEITURA MUNICIPAL DA SERRA
A6: 1 | B6: CANTEIRO DE OBRAS | D6: ='PLANILHA ORCAMENTARIA'!J8 -> 788734.25 | E6: =D6/$D$12 -> 0.108979
A7: 2 | B7: SERVIÇOS PRELIMINARES | D7: ='PLANILHA ORCAMENTARIA'!J19 -> 51983.22 | E7: =D7/$D$12 -> 0.0071824945
A8: 3 | B8: IGREJA | D8: ='PLANILHA ORCAMENTARIA'!J35 -> 4588873.1 | E8: =D8/$D$12 -> 0.63404221
A9: 4 | B9: ENTORNO DA IGREJA - PRAÇA | D9: ='PLANILHA ORCAMENTARIA'!J335 -> 1738290.7 | E9: =D9/$D$12 -> 0.24017872
A10: 5 | B10: PAISAGISMO | D10: ='PLANILHA ORCAMENTARIA'!J401 -> 57663.84 | E10: =D10/$D$12 -> 0.0079673828
A11: 6 | B11: SERVIÇOS FINAIS | D11: ='PLANILHA ORCAMENTARIA'!J407 -> 11943.24 | E11: =D11/$D$12 -> 0.0016501913
C12: VALOR TOTAL: | D12: =D11+D10+D9+D8+D7+D6 -> 7237488.3 | E12: =SUM(E6:E11) -> 1
A17: CARLOS RAPHAEL MONTEIRO DE LEMOS ENGENHEIRO CIVIL | CREA-ES 011.840/D

Sheet CRONOGRAMA
B1: CRONOGRAMA
B2: OBRA: Restauro da Igreja de Nossa Senhora da Conceição e Reforma da Praça Barbosa Leão, Serra Centro Serra/ES. | L2: DATA: 30/06/2026
B3: DESCRIÇÃO: Restauro da Igreja de Nossa Senhora da Conceição e Reforma da Praça Barbosa Leão | L3: BDI: 33,25% | Encargos Sociais: 157,27%
B4: LOCAL: Praça Barbosa Leão, Serra Centro, Serra - ES | CEP: 29176-050 | L4: DATA BASE: MARÇO/2026
B5: PROPONENTE: PREFEITURA MUNICIPAL DA SERRA
A6: CRONOGRAMA FÍSICO FINANCEIRO
A7: ITEM | B7: DESCRIÇÃO | C7: VALOR (R$) | D7: MÊS 1 | E7: MÊS 2 | F7: MÊS 3 | G7: MÊS 4 | H7: MÊS 5 | J7: MÊS 6 | K7: MÊS 7 | L7: MÊS 8 | M7: MÊS 9 | N7: MÊS 10 | O7: MÊS 11 | P7: MÊS 12 | Q7: Total parcela
A8: 1 | B8: CANTEIRO DE OBRAS | C8: =RESUMO!D6 -> 788734.25 | D8: 0.8757 | E8: 0.0113 | F8: 0.0113 | G8: 0.0113 | H8: 0.0113 | J8: 0.0113 | K8: 0.0113 | L8: 0.0113 | M8: 0.0113 | N8: 0.0113 | O8: 0.0113 | P8: 0.0113 | Q8: =SUM(D8:P8) -> 1
D9: =IF(D8>0,ROUND(C8*D8,2),"") -> 690694.58 | E9: =IF(E8>0,IF(AND(SUM(D8:E8)=1,Q8=1),C8-SUM(D9:D9),ROUND(C8*E8,2)),"") -> 8912.7 | F9: =IF(F8>0,IF(AND(SUM(D8:F8)=1,Q8=1),C8-SUM(D9:E9),ROUND(C8*F8,2)),"") -> 8912.7 | G9: =IF(G8>0,IF(AND(SUM(D8:G8)=1,Q8=1),C8-SUM(D9:F9),ROUND(C8*G8,2)),"") -> 8912.7 | H9: =IF(H8>0,IF(AND(SUM(D8:H8)=1,Q8=1),C8-SUM(D9:G9),ROUND(C8*H8,2)),"") -> 8912.7 | I9: =IF(I8>0,IF(AND(SUM(D8:I8)=1,Q8=1),C8-SUM(D9:H9),ROUND(C8*I8,2)),"") | J9: =IF(J8>0,IF(AND(SUM(D8:J8)=1,Q8=1),C8-SUM(D9:I9),ROUND(C8*J8,2)),"") -> 8912.7 | K9: =IF(K8>0,IF(AND(SUM(D8:K8)=1,Q8=1),C8-SUM(D9:J9),ROUND(C8*K8,2)),"") -> 8912.7 | L9: =IF(L8>0,IF(AND(SUM(D8:L8)=1,Q8=1),C8-SUM(D9:K9),ROUND(C8*L8,2)),"") -> 8912.7 | M9: =IF(M8>0,IF(AND(SUM(D8:M8)=1,Q8=1),C8-SUM(D9:L9),ROUND(C8*M8,2)),"") -> 8912.7 | N9: =IF(N8>0,IF(AND(SUM(D8:N8)=1,Q8=1),C8-SUM(D9:M9),ROUND(C8*N8,2)),"") -> 8912.7 | O9: =IF(O8>0,IF(AND(SUM(D8:O8)=1,Q8=1),C8-SUM(D9:N9),ROUND(C8*O8,2)),"") -> 8912.7 | P9: =IF(P8>0,IF(AND(SUM(D8:P8)=1,Q8=1),C8-SUM(D9:O9),ROUND(C8*P8,2)),"") -> 8912.67 | Q9: =SUM(D9:P9) -> 788734.25
A10: 2 | B10: SERVIÇOS PRELIMINARES | C10: =RESUMO!D7 -> 51983.22 | D10: 1 | Q10: =SUM(D10:P10) -> 1
D11: =IF(D10>0,ROUND(C10*D10,2),"") -> 51983.22 | E11: =IF(E10>0,IF(AND(SUM(D10:E10)=1,Q10=1),C10-SUM(D11:D11),ROUND(C10*E10,2)),"") | F11: =IF(F10>0,IF(AND(SUM(D10:F10)=1,Q10=1),C10-SUM(D11:E11),ROUND(C10*F10,2)),"") | G11: =IF(G10>0,IF(AND(SUM(D10:G10)=1,Q10=1),C10-SUM(D11:F11),ROUND(C10*G10,2)),"") | H11: =IF(H10>0,IF(AND(SUM(D10:H10)=1,Q10=1),C10-SUM(D11:G11),ROUND(C10*H10,2)),"") | I11: =IF(I10>0,IF(AND(SUM(D10:I10)=1,Q10=1),C10-SUM(D11:H11),ROUND(C10*I10,2)),"") | J11: =IF(J10>0,IF(AND(SUM(D10:J10)=1,Q10=1),C10-SUM(D11:I11),ROUND(C10*J10,2)),"") | K11: =IF(K10>0,IF(AND(SUM(D10:K10)=1,Q10=1),C10-SUM(D11:J11),ROUND(C10*K10,2)),"") | L11: =IF(L10>0,IF(AND(SUM(D10:L10)=1,Q10=1),C10-SUM(D11:K11),ROUND(C10*L10,2)),"") | M11: =IF(M10>0,IF(AND(SUM(D10:M10)=1,Q10=1),C10-SUM(D11:L11),ROUND(C10*M10,2)),"") | N11: =IF(N10>0,IF(AND(SUM(D10:N10)=1,Q10=1),C10-SUM(D11:M11),ROUND(C10*N10,2)),"") | O11: =IF(O10>0,IF(AND(SUM(D10:O10)=1,Q10=1),C10-SUM(D11:N11),ROUND(C10*O10,2)),"") | P11: =IF(P10>0,IF(AND(SUM(D10:P10)=1,Q10=1),C10-SUM(D11:O11),ROUND(C10*P10,2)),"") | Q11: =SUM(D11:P11) -> 51983.22
A12: 3 | B12: IGREJA | C12: =RESUMO!D8 -> 4588873.1 | E12: 0.1 | F12: 0.1 | G12: 0.1 | H12: 0.1 | J12: 0.1 | K12: 0.1 | L12: 0.1 | M12: 0.1 | N12: 0.1 | O12: 0.1 | Q12: =SUM(D12:P12) -> 1
D13: =IF(D12>0,ROUND(C12*D12,2),"") | E13: =IF(E12>0,IF(AND(SUM(D12:E12)=1,Q12=1),C12-SUM(D13:D13),ROUND(C12*E12,2)),"") -> 458887.31 | F13: =IF(F12>0,IF(AND(SUM(D12:F12)=1,Q12=1),C12-SUM(D13:E13),ROUND(C12*F12,2)),"") -> 458887.31 | G13: =IF(G12>0,IF(AND(SUM(D12:G12)=1,Q12=1),C12-SUM(D13:F13),ROUND(C12*G12,2)),"") -> 458887.31 | H13: =IF(H12>0,IF(AND(SUM(D12:H12)=1,Q12=1),C12-SUM(D13:G13),ROUND(C12*H12,2)),"") -> 458887.31 | I13: =IF(I12>0,IF(AND(SUM(D12:I12)=1,Q12=1),C12-SUM(D13:H13),ROUND(C12*I12,2)),"") | J13: =IF(J12>0,IF(AND(SUM(D12:J12)=1,Q12=1),C12-SUM(D13:I13),ROUND(C12*J12,2)),"") -> 458887.31 | K13: =IF(K12>0,IF(AND(SUM(D12:K12)=1,Q12=1),C12-SUM(D13:J13),ROUND(C12*K12,2)),"") -> 458887.31 | L13: =IF(L12>0,IF(AND(SUM(D12:L12)=1,Q12=1),C12-SUM(D13:K13),ROUND(C12*L12,2)),"") -> 458887.31 | M13: =IF(M12>0,IF(AND(SUM(D12:M12)=1,Q12=1),C12-SUM(D13:L13),ROUND(C12*M12,2)),"") -> 458887.31 | N13: =IF(N12>0,IF(AND(SUM(D12:N12)=1,Q12=1),C12-SUM(D13:M13),ROUND(C12*N12,2)),"") -> 458887.31 | O13: =IF(O12>0,IF(AND(SUM(D12:O12)=1,Q12=1),C12-SUM(D13:N13),ROUND(C12*O12,2)),"") -> 458887.33 | P13: =IF(P12>0,IF(AND(SUM(D12:P12)=1,Q12=1),C12-SUM(D13:O13),ROUND(C12*P12,2)),"") | Q13: =SUM(D13:P13) -> 4588873.1
A14: 4 | B14: ENTORNO DA IGREJA - PRAÇA | C14: =RESUMO!D9 -> 1738290.7 | E14: 0.2 | F14: 0.2 | G14: 0.2 | H14: 0.2 | J14: 0.2 | Q14: =SUM(D14:P14) -> 1
D15: =IF(D14>0,ROUND(C14*D14,2),"") | E15: =IF(E14>0,IF(AND(SUM(D14:E14)=1,Q14=1),C14-SUM(D15:D15),ROUND(C14*E14,2)),"") -> 347658.14 | F15: =IF(F14>0,IF(AND(SUM(D14:F14)=1,Q14=1),C14-SUM(D15:E15),ROUND(C14*F14,2)),"") -> 347658.14 | G15: =IF(G14>0,IF(AND(SUM(D14:G14)=1,Q14=1),C14-SUM(D15:F15),ROUND(C14*G14,2)),"") -> 347658.14 | H15: =IF(H14>0,IF(AND(SUM(D14:H14)=1,Q14=1),C14-SUM(D15:G15),ROUND(C14*H14,2)),"") -> 347658.14 | I15: =IF(I14>0,IF(AND(SUM(D14:I14)=1,Q14=1),C14-SUM(D15:H15),ROUND(C14*I14,2)),"") | J15: =IF(J14>0,IF(AND(SUM(D14:J14)=1,Q14=1),C14-SUM(D15:I15),ROUND(C14*J14,2)),"") -> 347658.12 | K15: =IF(K14>0,IF(AND(SUM(D14:K14)=1,Q14=1),C14-SUM(D15:J15),ROUND(C14*K14,2)),"") | L15: =IF(L14>0,IF(AND(SUM(D14:L14)=1,Q14=1),C14-SUM(D15:K15),ROUND(C14*L14,2)),"") | M15: =IF(M14>0,IF(AND(SUM(D14:M14)=1,Q14=1),C14-SUM(D15:L15),ROUND(C14*M14,2)),"") | N15: =IF(N14>0,IF(AND(SUM(D14:N14)=1,Q14=1),C14-SUM(D15:M15),ROUND(C14*N14,2)),"") | O15: =IF(O14>0,IF(AND(SUM(D14:O14)=1,Q14=1),C14-SUM(D15:N15),ROUND(C14*O14,2)),"") | P15: =IF(P14>0,IF(AND(SUM(D14:P14)=1,Q14=1),C14-SUM(D15:O15),ROUND(C14*P14,2)),"") | Q15: =SUM(D15:P15) -> 1738290.7
A16: 5 | B16: PAISAGISMO | C16: =RESUMO!D10 -> 57663.84 | M16: 1 | Q16: =SUM(D16:P16) -> 1
D17: =IF(D16>0,ROUND(C16*D16,2),"") | E17: =IF(E16>0,IF(AND(SUM(D16:E16)=1,Q16=1),C16-SUM(D17:D17),ROUND(C16*E16,2)),"") | F17: =IF(F16>0,IF(AND(SUM(D16:F16)=1,Q16=1),C16-SUM(D17:E17),ROUND(C16*F16,2)),"") | G17: =IF(G16>0,IF(AND(SUM(D16:G16)=1,Q16=1),C16-SUM(D17:F17),ROUND(C16*G16,2)),"") | H17: =IF(H16>0,IF(AND(SUM(D16:H16)=1,Q16=1),C16-SUM(D17:G17),ROUND(C16*H16,2)),"") | I17: =IF(I16>0,IF(AND(SUM(D16:I16)=1,Q16=1),C16-SUM(D17:H17),ROUND(C16*I16,2)),"") | J17: =IF(J16>0,IF(AND(SUM(D16:J16)=1,Q16=1),C16-SUM(D17:I17),ROUND(C16*J16,2)),"") | K17: =IF(K16>0,IF(AND(SUM(D16:K16)=1,Q16=1),C16-SUM(D17:J17),ROUND(C16*K16,2)),"") | L17: =IF(L16>0,IF(AND(SUM(D16:L16)=1,Q16=1),C16-SUM(D17:K17),ROUND(C16*L16,2)),"") | M17: =IF(M16>0,IF(AND(SUM(D16:M16)=1,Q16=1),C16-SUM(D17:L17),ROUND(C16*M16,2)),"") -> 57663.84 | N17: =IF(N16>0,IF(AND(SUM(D16:N16)=1,Q16=1),C16-SUM(D17:M17),ROUND(C16*N16,2)),"") | O17: =IF(O16>0,IF(AND(SUM(D16:O16)=1,Q16=1),C16-SUM(D17:N17),ROUND(C16*O16,2)),"") | P17: =IF(P16>0,IF(AND(SUM(D16:P16)=1,Q16=1),C16-SUM(D17:O17),ROUND(C16*P16,2)),"") | Q17: =SUM(D17:P17) -> 57663.84
A18: 6 | B18: SERVIÇOS FINAIS | C18: =RESUMO!D11 -> 11943.24 | E18: 0.2 | F18: 0.2 | G18: 0.2 | H18: 0.2 | J18: 0.2 | Q18: =SUM(D18:P18) -> 1
D19: =IF(D18>0,ROUND(C18*D18,2),"") | E19: =IF(E18>0,IF(AND(SUM(D18:E18)=1,Q18=1),C18-SUM(D19:D19),ROUND(C18*E18,2)),"") -> 2388.65 | F19: =IF(F18>0,IF(AND(SUM(D18:F18)=1,Q18=1),C18-SUM(D19:E19),ROUND(C18*F18,2)),"") -> 2388.65 | G19: =IF(G18>0,IF(AND(SUM(D18:G18)=1,Q18=1),C18-SUM(D19:F19),ROUND(C18*G18,2)),"") -> 2388.65 | H19: =IF(H18>0,IF(AND(SUM(D18:H18)=1,Q18=1),C18-SUM(D19:G19),ROUND(C18*H18,2)),"") -> 2388.65 | I19: =IF(I18>0,IF(AND(SUM(D18:I18)=1,Q18=1),C18-SUM(D19:H19),ROUND(C18*I18,2)),"") | J19: =IF(J18>0,IF(AND(SUM(D18:J18)=1,Q18=1),C18-SUM(D19:I19),ROUND(C18*J18,2)),"") -> 2388.64 | K19: =IF(K18>0,IF(AND(SUM(D18:K18)=1,Q18=1),C18-SUM(D19:J19),ROUND(C18*K18,2)),"") | L19: =IF(L18>0,IF(AND(SUM(D18:L18)=1,Q18=1),C18-SUM(D19:K19),ROUND(C18*L18,2)),"") | M19: =IF(M18>0,IF(AND(SUM(D18:M18)=1,Q18=1),C18-SUM(D19:L19),ROUND(C18*M18,2)),"") | N19: =IF(N18>0,IF(AND(SUM(D18:N18)=1,Q18=1),C18-SUM(D19:M19),ROUND(C18*N18,2)),"") | O19: =IF(O18>0,IF(AND(SUM(D18:O18)=1,Q18=1),C18-SUM(D19:N19),ROUND(C18*O18,2)),"") | P19: =IF(P18>0,IF(AND(SUM(D18:P18)=1,Q18=1),C18-SUM(D19:O19),ROUND(C18*P18,2)),"") | Q19: =SUM(D19:P19) -> 11943.24
C20: =SUM(C8:C19) -> 7237488.3 | D20: =SUM(D9,D11,D13,D15,D17,D19) -> 742677.8 | E20: =SUM(E9,E11,E13,E15,E17,E19) -> 817846.8 | F20: =SUM(F9,F11,F13,F15,F17,F19) -> 817846.8 | G20: =SUM(G9,G11,G13,G15,G17,G19) -> 817846.8 | H20: =SUM(H9,H11,H13,H15,H17,H19) -> 817846.8 | J20: =SUM(J9,J11,J13,J15,J17,J19) -> 817846.77 | K20: =SUM(K9,K11,K13,K15,K17,K19) -> 467800.01 | L20: =SUM(L9,L11,L13,L15,L17,L19) -> 467800.01 | M20: =SUM(M9,M11,M13,M15,M17,M19) -> 525463.85 | N20: =SUM(N9,N11,N13,N15,N17,N19) -> 467800.01 | O20: =SUM(O9,O11,O13,O15,O17,O19) -> 467800.03 | P20: =SUM(P9,P11,P13,P15,P17,P19) -> 8912.67 | Q20: =C20 -> 7237488.3
D21: =D20 -> 742677.8 | E21: =E20 -> 817846.8 | F21: =F20 -> 817846.8 | G21: =G20 -> 817846.8 | H21: =H20 -> 817846.8 | I21: =I20 -> 0 | J21: =J20 -> 817846.77 | K21: =K20 -> 467800.01 | ... P21: =P20 -> 8912.67
A23: CARLOS RAPHAEL MONTEIRO DE LEMOS ENGENHEIRO CIVIL | CREA-ES 011.840/D

Sheet PLANILHA ORCAMENTARIA
A1: PLANILHA ORÇAMENTÁRIA
B2: OBRA: Restauro da Igreja de Nossa Senhora da Conceição e Reforma da Praça Barbosa Leão, Serra Centro Serra/ES. | H2: DATA: 30/06/2026
B3: DESCRIÇÃO: Restauro da Igreja de Nossa Senhora da Conceição e Reforma da Praça Barbosa Leão | H3: BDI: 33,25% | Encargos Sociais: 157,27%
B4: LOCAL: Praça Barbosa Leão, Serra Centro, Serra - ES | CEP: 29176-050 | H4: DATA BASE: MARÇO/2026
B5: PROPONENTE: PREFEITURA MUNICIPAL DA SERRA
A6: ITEM | B6: FONTE | C6: CÓDIGO | D6: DESCRIÇÃO | E6: UNID | F6: QUANTIDADE | G6: PREÇO UNITÁRIO R$ | H6: PREÇO UNITÁRIO R$ | I6: PREÇO TOTAL R$
G7: SEM BDI | H7: COM BDI | I7: SEM BDI | J7: COM BDI
A8: 1 | D8: CANTEIRO DE OBRAS | I8: =ROUND(SUM(I9:I18),2) -> 591923.54 | J8: =ROUND(SUM(J9:J18),2) -> 788734.25 | N8: =SUM(J9:J18) -> 788734.25 | O8: =J8-N8 -> 0 | Q8: =F8*H8 -> 0
A9: 1.1 | B9: DER-ES | C9: 20305 | D9: Placa de obra nas dimensões de 2.0 x 4.0 m, padrão DER | E9: m2 | F9: 16 | G9: 241.93 | H9: =ROUND(G9*ROUND(1+(33.25/100),4),2) -> 322.37 | I9: =ROUND(ROUND(F9,2)*ROUND(G9,2),2) -> 3870.88 | J9: =ROUND(ROUND(F9,2)*ROUND(H9,2),2) -> 5157.92 | L9: =F9*H9 -> 5157.92 | O9: =J9-N9 -> 5157.92 | Q9: =F9*H9 -> 5157.92
A10: 1.2 | B10: SBC | C10: 11739 | D10: ADMINISTRACAO LOCAL DA OBRA | E10: Mês | F10: 6 | G10: 69025.65 | H10: =ROUND(G10*ROUND(1+(33.25/100),4),2) -> 91976.68 | I10: =ROUND(ROUND(F10,2)*ROUND(G10,2),2) -> 414153.9 | J10: =ROUND(ROUND(F10,2)*ROUND(H10,2),2) -> 551860.08 | L10: =F10*H10 -> 551860.08 | O10: =J10-N10 -> 551860.08 | Q10: =F10*H10 -> 551860.08
A11: 1.3 | B11: DER-ES | C11: 20702 | D11: Barracão para almoxarifado área de 10.90m2, de chapa de compensado de 12mm e pontalete 8x8cm, piso cimentado e cobertura de telhas de fibrocimento de 6mm, incl. ponto de luz, conf. projeto (1 utilização) | E11: m2 | F11: 19 | G11: 603.45 | H11: =ROUND(G11*ROUND(1+(33.25/100),4),2) -> 804.1 | I11: =ROUND(ROUND(F11,2)*ROUND(G11,2),2) -> 11465.55 | J11: =ROUND(ROUND(F11,2)*ROUND(H11,2),2) -> 15277.9 | L11: =F11*H11 -> 15277.9 | O11: =J11-N11 -> 15277.9 | Q11: =F11*H11 -> 15277.9
A12: 1.4 | B12: DER-ES | C12: 020704 | D12: Refeitório com paredes de chapa de compens. 12mm e pontaletes 8x8cm, piso ciment. e cob. de telhas fibroc. 6mm, incl. ponto de luz e cx. de inspeção (cons. 1.21 m2/func./turno), conf. projeto (1 utilização) | E12: m2 | F12: 24.2 | G12: 480.68 | H12: =ROUND(G12*ROUND(1+(33.25/100),4),2) -> 640.51 | I12: =ROUND(ROUND(F12,2)*ROUND(G12,2),2) -> 11632.46 | J12: =ROUND(ROUND(F12,2)*ROUND(H12,2),2) -> 15500.34 | O12: =J12-N12 -> 15500.34 | Q12: =F12*H12 -> 15500.342
A13: 1.5 | B13: DER-ES | C13: 20701 | D13: Barracão para escritório com sanitário área de 14.50 m2, de chapa de compens. 12mm e pontalete 8x8cm, piso cimentado e cobertura de telha de fibroc. 6mm, incl. ponto de luz e cx. de inspeção, conf. projeto (1 utilização) | E13: m2 | F13: 14.5 | G13: 876.88 | H13: =ROUND(G13*ROUND(1+(33.25/100),4),2) -> 1168.44 | I13: =ROUND(ROUND(F13,2)*ROUND(G13,2),2) -> 12714.76 | J13: =ROUND(ROUND(F13,2)*ROUND(H13,2),2) -> 16942.38 | L13: =F13*H13 -> 16942.38 | O13: =J13-N13 -> 16942.38 | Q13: =F13*H13 -> 16942.38
A14: 1.6 | B14: DER-ES | C14: 20355 | D14: Aluguel mensal container sanitário, incl porta, básc, 2 ptos luz, 1 pto aterram., 3vasos, 3lavatórios, calha mictório, 6 chuveiros (1 eletrico), torn.,registros, piso comp. Naval pintado, cert NR18 e laudo descontaminação | E14: ms | F14: 12 | G14: 1199.25 | H14: =ROUND(G14*ROUND(1+(33.25/100),4),2) -> 1598 | I14: =ROUND(ROUND(F14,2)*ROUND(G14,2),2) -> 14391 | J14: =ROUND(ROUND(F14,2)*ROUND(H14,2),2) -> 19176 | L14: =F14*H14 -> 19176 | O14: =J14-N14 -> 19176 | Q14: =F14*H14 -> 19176
A15: 1.7 | B15: DER-ES | C15: 20344 | D15: Mobilização e desmobilização de conteiner locado para barracão de obra | E15: und | F15: 1 | G15: 1766.67 | H15: =ROUND(G15*ROUND(1+(33.25/100),4),2) -> 2354.09 | I15: =ROUND(ROUND(F15,2)*ROUND(G15,2),2) -> 1766.67 | J15: =ROUND(ROUND(F15,2)*ROUND(H15,2),2) -> 2354.09 | L15: =F15*H15 -> 2354.09 | O15: =J15-N15 -> 2354.09 | Q15: =F15*H15 -> 2354.09
A16: 1.8 | B16: DER-ES | C16: 20350 | D16: Tapume Telha Metálica Ondulada em aço galvalume 0,50mm Branca h=2,20m, incl. montagem estr. mad. 8"x8", c/adesivo "DER-ES" 60x60cm a cada 10m, incl. faixas pint. esmalte sint. cores azul c/ h=30cm e rosa c/ h=10cm (Reaproveitamento 2x) | E16: m | F16: 698 | G16: 158.66 | H16: =ROUND(G16*ROUND(1+(33.25/100),4),2) -> 211.41 | I16: =ROUND(ROUND(F16,2)*ROUND(G16,2),2) -> 110744.68 | J16: =ROUND(ROUND(F16,2)*ROUND(H16,2),2) -> 147564.18 | L16: =F16*H16 -> 147564.18 | O16: =J16-N16 -> 147564.18 | Q16: =F16*H16 -> 147564.18
A17: 1.9 | B17: DER-ES | C17: 20346 | D17: Locação de andaime metálico para fachada - tipo torre (aluguel mensal) | E17: m | F17: 468 | G17: 21.78 | H17: =ROUND(G17*ROUND(1+(33.25/100),4),2) -> 29.02 | I17: =ROUND(ROUND(F17,2)*ROUND(G17,2),2) -> 10193.04 | J17: =ROUND(ROUND(F17,2)*ROUND(H17,2),2) -> 13581.36 | L17: =F17*H17 -> 13581.36 | O17: =J17-N17 -> 13581.36 | Q17: =F17*H17 -> 13581.36
A18: 1.10 | B18: PRÓPRIA | C18: RES-018 | D18: Restauro - Cobertura provisória p/ proteção de fachadas, executadas sobre andaimes existentes ao longo do passeio, com telha fibrocimento 4mm, apoiada em peças mistas 7,5 x 7,5cm, utilização = 2 vezes (Não incluido o custo c/ o andaime) | E18: m | F18: 30 | G18: 33.02 | H18: =ROUND(G18*ROUND(1+(33.25/100),4),2) -> 44 | I18: =ROUND(ROUND(F18,2)*ROUND(G18,2),2) -> 990.6 | J18: =ROUND(ROUND(F18,2)*ROUND(H18,2),2) -> 1320 | L18: =F18*H18 -> 1320 | O18: =J18-N18 -> 1320 | Q18: =F18*H18 -> 1320
A19: 2 | D19: SERVIÇOS PRELIMINARES | I19: =ROUND(I20+I336+I344,2) -> 105602.59 | J19: =ROUND(J20,2) -> 51983.22 | L19: =F19*H19 -> 0 | O19: =J19-N19 -> 51983.22 | Q19: =F19*H19 -> 0
A20: 2.1 | D20: DEMOLIÇÕES E RETIRADAS | I20: =ROUND(SUM(I21:I34),2) -> 39012.19 | J20: =ROUND(SUM(J21:J34),2) -> 51983.22 | L20: =F20*H20 -> 0 | N20: =SUM(J21:J34) -> 51983.22 | O20: =J20-N20 -> 0 | Q20: =F20*H20 -> 0
A21: 2.1.1 | B21: SINAPI | C21: 97622 | D21: DEMOLIÇÃO DE ALVENARIA DE BLOCO FURADO, DE FORMA MANUAL, SEM REAPROVEITAMENTO. AF_09/2023 | E21: M3 | F21: 48.9 | G21: 75.82 | H21: =ROUND(G21*ROUND(1+(33.25/100),4),2) -> 101.03 | I21: =ROUND(ROUND(F21,2)*ROUND(G21,2),2) -> 3707.6 | J21: =ROUND(ROUND(F21,2)*ROUND(H21,2),2) -> 4940.37 | L21: =F21*H21 -> 4940.367 | O21: =J21-N21 -> 4940.37 | Q21: =F21*H21 -> 4940.367
A22: 2.1.2 | B22: DER-ES | C22: 10344 | D22: Demolição de lajes, em concreto armado, de forma mecanizada com martelete demolidor elétrico, sem reaproveitamento | E22: m3 | F22: 39.9 | G22: 95.82 | H22: =ROUND(G22*ROUND(1+(33.25/100),4),2) -> 127.68 | I22: =ROUND(ROUND(F22,2)*ROUND(G22,2),2) -> 3823.22 | J22: =ROUND(ROUND(F22,2)*ROUND(H22,2),2) -> 5094.43 | L22: =F22*H22 -> 5094.432 | O22: =J22-N22 -> 5094.43 | Q22: =F22*H22 -> 5094.432
A23: 2.1.3 | B23: SINAPI | C23: 97627 | D23: DEMOLIÇÃO DE PILARES E VIGAS EM CONCRETO ARMADO, DE FORMA MECANIZADA COM MARTELETE, SEM REAPROVEITAMENTO. AF_09/2023 | E23: M3 | F23: 12.9 | G23: 244.09 | H23: =ROUND(G23*ROUND(1+(33.25/100),4),2) -> 325.25 | I23: =ROUND(ROUND(F23,2)*ROUND(G23,2),2) -> 3148.76 | J23: =ROUND(ROUND(F23,2)*ROUND(H23,2),2) -> 4195.73 | L23: =F23*H23 -> 4195.725 | O23: =J23-N23 -> 4195.73 | Q23: =F23*H23 -> 4195.725
A24: 2.1.4 | B24: DER-ES | C24: 10325 | D24: Demolição manual de estrutura de madeira para telhado, sem reaproveitamento | E24: m2 | F24: 562.65 | G24: 7.82 | H24: =ROUND(G24*ROUND(1+(33.25/100),4),2) -> 10.42 | I24: =ROUND(ROUND(F24,2)*ROUND(G24,2),2) -> 4399.92 | J24: =ROUND(ROUND(F24,2)*ROUND(H24,2),2) -> 5862.81 | L24: =F24*H24 -> 5862.813 | O24: =J24-N24 -> 5862.81 | Q24: =F24*H24 -> 5862.813
A25: 2.1.5 | B25: DER-ES | C25: 10255 | D25: Remoção manual de telhas cerâmicas, tipo colonial, inclusive cumeeira, sem reaproveitamento | E25: m2 | F25: 562.65 | G25: 15.67 | H25: =ROUND(G25*ROUND(1+(33.25/100),4),2) -> 20.88 | I25: =ROUND(ROUND(F25,2)*ROUND(G25,2),2) -> 8816.73 | J25: =ROUND(ROUND(F25,2)*ROUND(H25,2),2) -> 11748.13 | L25: =F25*H25 -> 11748.132 | O25: =J25-N25 -> 11748.13 | Q25: =F25*H25 -> 11748.132
A26: 2.1.6 | B26: DER-ES | C26: 010240 | D26: Retirada manual de interruptores e tomadas, sem reaproveitamento | E26: und | F26: 80 | G26: 0.63 | H26: =ROUND(G26*ROUND(1+(33.25/100),4),2) -> 0.84 | I26: =ROUND(ROUND(F26,2)*ROUND(G26,2),2) -> 50.4 | J26: =ROUND(ROUND(F26,2)*ROUND(H26,2),2) -> 67.2 | O26: =J26-N26 -> 67.2 | Q26: =F26*H26 -> 67.2
A27: 2.1.7 | B27: DER-ES | C27: 010329 | D27: Retirada manual de disjuntor monofásico, bifásico ou trifásico, sem reaproveitamento | E27: und | F27: 18 | G27: 6.53 | H27: =ROUND(G27*ROUND(1+(33.25/100),4),2) -> 8.7 | I27: =ROUND(ROUND(F27,2)*ROUND(G27,2),2) -> 117.54 | J27: =ROUND(ROUND(F27,2)*ROUND(H27,2),2) -> 156.6 | O27: =J27-N27 -> 156.6 | Q27: =F27*H27 -> 156.6
A28: 2.1.8 | B28: DER-ES | C28: 10224 | D28: Retirada manual de grades, gradis, alambrados, cercas e portões metálicos, inclusive remoção de argamassa de chumbamento, acessórios de fixação e corte de soldas | E28: m2 | F28: 42.9 | G28: 13.14 | H28: =ROUND(G28*ROUND(1+(33.25/100),4),2) -> 17.51 | I28: =ROUND(ROUND(F28,2)*ROUND(G28,2),2) -> 563.71 | J28: =ROUND(ROUND(F28,2)*ROUND(H28,2),2) -> 751.18 | L28: =F28*H28 -> 751.179 | O28: =J28-N28 -> 751.18 | Q28: =F28*H28 -> 751.179
A29: 2.1.9 | B29: DER-ES | C29: 10214 | D29: Retirada manual de portas e janelas de madeira, inclusive batentes (marcos), sem reaproveitamento | E29: m2 | F29: 2.73 | G29: 23.54 | H29: =ROUND(G29*ROUND(1+(33.25/100),4),2) -> 31.37 | I29: =ROUND(ROUND(F29,2)*ROUND(G29,2),2) -> 64.26 | J29: =ROUND(ROUND(F29,2)*ROUND(H29,2),2) -> 85.64 | L29: =F29*H29 -> 85.6401 | O29: =J29-N29 -> 85.64 | Q29: =F29*H29 -> 85.6401
A30: 2.1.10 | B30: DER-ES | C30: 10226 | D30: Retirada de tanque em mármore sintético, cantoneiras de fixação, inclusive vedação dos pontos de esgoto e água fria, sem reaproveitamento | E30: und | F30: 2 | G30: 21.34 | H30: =ROUND(G30*ROUND(1+(33.25/100),4),2) -> 28.44 | I30: =ROUND(ROUND(F30,2)*ROUND(G30,2),2) -> 42.68 | J30: =ROUND(ROUND(F30,2)*ROUND(H30,2),2) -> 56.88 | L30: =F30*H30 -> 56.88 | O30: =J30-N30 -> 56.88 | Q30: =F30*H30 -> 56.88
A31: 2.1.11 | B31: DER-ES | C31: 10223 | D31: Retirada manual de louças sanitárias, inclusive vedação dos pontos de esgoto e água fria, sem reaproveitamento | E31: und | F31: 4 | G31: 13.74 | H31: =ROUND(G31*ROUND(1+(33.25/100),4),2) -> 18.31 | I31: =ROUND(ROUND(F31,2)*ROUND(G31,2),2) -> 54.96 | J31: =ROUND(ROUND(F31,2)*ROUND(H31,2),2) -> 73.24 | L31: =F31*H31 -> 73.24 | O31: =J31-N31 -> 73.24 | Q31: =F31*H31 -> 73.24
A32: 2.1.12 | B32: PRÓPRIA | C32: DEM-005 | D32: Retirada manual de caixa d'água, sem considerar o reaproveitamento do reservatório, inclusive remoção dos flanges, boia e vedação dos pontos de alimentação de água fria | E32: und | F32: 1 | G32: 67.16 | H32: =ROUND(G32*ROUND(1+(33.25/100),4),2) -> 89.49 | I32: =ROUND(ROUND(F32,2)*ROUND(G32,2),2) -> 67.16 | J32: =ROUND(ROUND(F32,2)*ROUND(H32,2),2) -> 89.49 | L32: =F32*H32 -> 89.49 | O32: =J32-N32 -> 89.49 | Q32: =F32*H32 -> 89.49
A33: 2.1.13 | B33: SINAPI | C33: 104790 | D33: DEMOLIÇÃO DE PISO DE CONCRETO SIMPLES, DE FORMA MECANIZADA COM MARTELETE, SEM REAPROVEITAMENTO. AF_09/2023 | E33: M3 | F33: 9.27 | G33: 129.32 | H33: =ROUND(G33*ROUND(1+(33.25/100),4),2) -> 172.32 | I33: =ROUND(ROUND(F33,2)*ROUND(G33,2),2) -> 1198.8 | J33: =ROUND(ROUND(F33,2)*ROUND(H33,2),2) -> 1597.41 | L33: =F33*H33 -> 1597.4064 | O33: =J33-N33 -> 1597.41 | Q33: =F33*H33 -> 1597.4064
A34: 2.1.14 | B34: DER-ES | C34: 30304 | D34: Índice de preço para remoção de entulho decorrente da execução de obras (Classe A CONAMA - NBR 10.004 - Classe II-B), incluindo aluguel da caçamba, carga, transporte e descarga em área licenciada | E34: m3 | F34: 145.48 | G34: 89.06 | H34: =ROUND(G34*ROUND(1+(33.25/100),4),2) -> 118.67 | I34: =ROUND(ROUND(F34,2)*ROUND(G34,2),2) -> 12956.45 | J34: =ROUND(ROUND(F34,2)*ROUND(H34,2),2) -> 17264.11 | L34: =F34*H34 -> 17264.112 | O34: =J34-N34 -> 17264.11 | Q34: =F34*H34 -> 17264.112
A35: 3 | D35: IGREJA | I35: =ROUND(I36+I40+I46+I55+I61+I74+I92+I96+I210,2) -> 3115886.6 | J35: =ROUND(J36+J40+J46+J55+J61+J74+J92+J96+J210+J101+J135+J151+J172+J189+J198,2) -> 4588873.1 | L35: =F35*H35 -> 0 | O35: =J35-N35 -> 4588873.1 | Q35: =F35*H35 -> 0
A36: 3.1 | D36: PAREDES E PAINÉIS | I36: =ROUND(SUM(I37:I39),2) -> 70378.71 | J36: =ROUND(SUM(J37:J39),2) -> 93777.01 | L36: =F36*H36 -> 0 | N36: =SUM(J37:J39) -> 93777.01 | O36: =J36-N36 -> 0 | Q36: =F36*H36 -> 0
A37: 3.1.1 | B37: PRÓPRIA | C37: REV-002 | D37: PAREDE DRYWALL ESP.78MM,ESTRUT.MONTANTES AUTOPORTANTES 48MM,ESPACADAS ENTRE SI A CADA 400MM,GUIAS HORIZONTAIS 48MM,AMBOSACO GALV.ESP.0,5MM,C/DUAS CHAPAS GESSO ACARTONADO,RU(RESISTENTE A UMIDADE),ESP.15MM,LARG.1200MM,C/TRATAMENTO DE JUNTASC/MASSA E FITA P/UNIF.DA SUPERF.DAS CHAPAS DE GESSO ACARTONADO.APLICACAO EM AREA SECA E UMIDA.FORNECIMENTO E COLOCACAO | E37: M2 | F37: 11.55 | G37: 124.47 | H37: =ROUND(G37*ROUND(1+(33.25/100),4),2) -> 165.86 | I37: =ROUND(ROUND(F37,2)*ROUND(G37,2),2) -> 1437.63 | J37: =ROUND(ROUND(F37,2)*ROUND(H37,2),2) -> 1915.68 | L37: =F37*H37 -> 1915.683 | O37: =J37-N37 -> 1915.68 | Q37: =F37*H37 -> 1915.683
A38: 3.1.2 | B38: DER-ES | C38: 120303 | D38: Reboco tipo paulista de argamassa de cimento, cal hidratada CH1 e areia média ou grossa lavada no traço 1:0.5:6, espessura 25 mm | E38: m2 | F38: 626 | G38: 65.96 | H38: =ROUND(G38*ROUND(1+(33.25/100),4),2) -> 87.89 | I38: =ROUND(ROUND(F38,2)*ROUND(G38,2),2) -> 41290.96 | J38: =ROUND(ROUND(F38,2)*ROUND(H38,2),2) -> 55019.14 | L38: =F38*H38 -> 55019.14 | O38: =J38-N38 -> 55019.14 | Q38: =F38*H38 -> 55019.14
A39: 3.1.3 | B39: DER-ES | C39: 50605 | D39: Alvenaria de vedação com blocos cerâmicos furados 9x19x19cm, assentados c/ argamassa de cimento, cal hidratada CH1 e areia no traço 1:0,5:8, preparo com betoneira, juntas 10mm e esp. das paredes s/revestimento, 9cm (bloco comprado na praça de Vitória, posto obra) | E39: m2 | F39: 389 | G39: 71.08 | H39: =ROUND(G39*ROUND(1+(33.25/100),4),2) -> 94.71 | I39: =ROUND(ROUND(F39,2)*ROUND(G39,2),2) -> 27650.12 | J39: =ROUND(ROUND(F39,2)*ROUND(H39,2),2) -> 36842.19 | L39: =F39*H39 -> 36842.19 | O39: =J39-N39 -> 36842.19 | Q39: =F39*H39 -> 36842.19
A40: 3.2 | D40: REVESTIMENTOS DE PAREDES | I40: =ROUND(SUM(I41:I45),2) -> 105651.38 | J40: =ROUND(SUM(J41:J45),2) -> 140783.65 | L40: =F40*H40 -> 0 | N40: =SUM(J41:J45) -> 140783.65 | O40: =J40-N40 -> 0 | Q40: =F40*H40 -> 0
A41: 3.2.1 | B41: DER-ES | C41: 160707 | D41: Pintura com tinta látex PVA Suvinil, Coral ou Metalatex, inclusive selador em paredes internas e forros a três demãos | E41: m2 | F41: 1980 | G41: 30.79 | H41: =ROUND(G41*ROUND(1+(33.25/100),4),2) -> 41.03 | I41: =ROUND(ROUND(F41,2)*ROUND(G41,2),2) -> 60964.2 | J41: =ROUND(ROUND(F41,2)*ROUND(H41,2),2) -> 81239.4 | L41: =F41*H41 -> 81239.4 | O41: =J41-N41 -> 81239.4 | Q41: =F41*H41 -> 81239.4
A42: 3.2.2 | B42: DER-ES | C42: 120241 | D42: Cerâmica retificada, acabamento brilhante, dim. 32x60cm, ref. TRADIZIONALLE BIANCO Biancogres/equiv. assentado com argamassa de cimento colante, inclusive rejuntamento com argamassapre-fabricada para rejunte | E42: m2 | F42: 10.02 | G42: 88.41 | H42: =ROUND(G42*ROUND(1+(33.25/100),4),2) -> 117.81 | I42: =ROUND(ROUND(F42,2)*ROUND(G42,2),2) -> 885.87 | J42: =ROUND(ROUND(F42,2)*ROUND(H42,2),2) -> 1180.46 | L42: =F42*H42 -> 1180.4562 | O42: =J42-N42 -> 1180.46 | Q42: =F42*H42 -> 1180.4562
A43: 3.2.3 | B43: DER-ES | C43: 160707 | D43: Pintura com tinta látex PVA Suvinil, Coral ou Metalatex, inclusive selador em paredes internas e forros a três demãos | E43: m2 | F43: 498 | G43: 30.79 | H43: =ROUND(G43*ROUND(1+(33.25/100),4),2) -> 41.03 | I43: =ROUND(ROUND(F43,2)*ROUND(G43,2),2) -> 15333.42 | J43: =ROUND(ROUND(F43,2)*ROUND(H43,2),2) -> 20432.94 | L43: =F43*H43 -> 20432.94 | O43: =J43-N43 -> 20432.94 | Q43: =F43*H43 -> 20432.94
A44: 3.2.4 | B44: DER-ES | C44: 100202 | D44: Impermeabilização com argamassa de igol 2 - marca de referência Sika | E44: m2 | F44: 86 | G44: 67.24 | H44: =ROUND(G44*ROUND(1+(33.25/100),4),2) -> 89.6 | I44: =ROUND(ROUND(F44,2)*ROUND(G44,2),2) -> 5782.64 | J44: =ROUND(ROUND(F44,2)*ROUND(H44,2),2) -> 7705.6 | L44: =F44*H44 -> 7705.6 | O44: =J44-N44 -> 7705.6 | Q44: =F44*H44 -> 7705.6
A45: 3.2.5 | B45: DER-ES | C45: 160708 | D45: Pintura com tinta acrílica Suvinil, Coral ou Metalatex, inclusive selador acrílico, em paredes externas a três demãos | E45: m2 | F45: 725 | G45: 31.29 | H45: =ROUND(G45*ROUND(1+(33.25/100),4),2) -> 41.69 | I45: =ROUND(ROUND(F45,2)*ROUND(G45,2),2) -> 22685.25 | J45: =ROUND(ROUND(F45,2)*ROUND(H45,2),2) -> 30225.25 | L45: =F45*H45 -> 30225.25 | O45: =J45-N45 -> 30225.25 | Q45: =F45*H45 -> 30225.25
A46: 3.3 | D46: PISOS | I46: =ROUND(SUM(I47:I54),2) -> 74839.82 | J46: =ROUND(SUM(J47:J54),2) -> 99724.31 | L46: =F46*H46 -> 0 | N46: =SUM(J47:J54) -> 99724.31 | O46: =J46-N46 -> 0 | Q46: =F46*H46 -> 0
A47: 3.3.1 | B47: DER-ES | C47: 130103 | D47: Regularização de base para revestimento cerâmico, com argamassa de cimento e areia no traço 1:5, espessura: 3 cm | E47: m2 | F47: 186.68 | G47: 27.85 | H47: =ROUND(G47*ROUND(1+(33.25/100),4),2) -> 37.11 | I47: =ROUND(ROUND(F47,2)*ROUND(G47,2),2) -> 5199.04 | J47: =ROUND(ROUND(F47,2)*ROUND(H47,2),2) -> 6927.69 | L47: =F47*H47 -> 6927.6948 | O47: =J47-N47 -> 6927.69 | Q47: =F47*H47 -> 6927.6948
A48: 3.3.2 | B48: PRÓPRIA | C48: REV-003 | D48: Porcelanato esmaltado, acabamento acetinado, dim. 90x90cm MARCA DE REF.: BIANCOGRÊS OU EQUIVALENTE, REJUNTE ACRÍLICO, NA COR CINZA PLATINA ESP. 1,5mm, ref. de cor CIMENTO CINZA BOLD Portobello/equiv, colagem de argamassa colante para porcelanato tipo ACIII. | E48: m2 | F48: 60.82 | G48: 155.6 | H48: =ROUND(G48*ROUND(1+(33.25/100),4),2) -> 207.34 | I48: =ROUND(ROUND(F48,2)*ROUND(G48,2),2) -> 9463.59 | J48: =ROUND(ROUND(F48,2)*ROUND(H48,2),2) -> 12610.42 | L48: =F48*H48 -> 12610.419 | O48: =J48-N48 -> 12610.42 | Q48: =F48*H48 -> 12610.419
A49: 3.3.3 | B49: SINAPI | C49: 98685 | D49: RODAPÉ EM GRANITO, ALTURA 10 CM. AF_02/2026 | E49: M | F49: 53.93 | G49: 58.28 | H49: =ROUND(G49*ROUND(1+(33.25/100),4),2) -> 77.66 | I49: =ROUND(ROUND(F49,2)*ROUND(G49,2),2) -> 3143.04 | J49: =ROUND(ROUND(F49,2)*ROUND(H49,2),2) -> 4188.2 | L49: =F49*H49 -> 4188.2038 | O49: =J49-N49 -> 4188.2 | Q49: =F49*H49 -> 4188.2038
A50: 3.3.4 | B50: DER-ES | C50: 130308 | D50: Soleira de granito esp. 2 cm e largura de 15 cm | E50: m | F50: 5.5 | G50: 51.74 | H50: =ROUND(G50*ROUND(1+(33.25/100),4),2) -> 68.94 | I50: =ROUND(ROUND(F50,2)*ROUND(G50,2),2) -> 284.57 | J50: =ROUND(ROUND(F50,2)*ROUND(H50,2),2) -> 379.17 | L50: =F50*H50 -> 379.17 | O50: =J50-N50 -> 379.17 | Q50: =F50*H50 -> 379.17
A51: 3.3.5 | B51: DER-ES | C51: 100202 | D51: Impermeabilização com argamassa de igol 2 - marca de referência Sika | E51: m2 | F51: 14.43 | G51: 67.24 | H51: =ROUND(G51*ROUND(1+(33.25/100),4),2) -> 89.6 | I51: =ROUND(ROUND(F51,2)*ROUND(G51,2),2) -> 970.27 | J51: =ROUND(ROUND(F51,2)*ROUND(H51,2),2) -> 1292.93 | L51: =F51*H51 -> 1292.928 | O51: =J51-N51 -> 1292.93 | Q51: =F51*H51 -> 1292.928
A52: 3.3.6 | B52: SINAPI | C52: 105598 | D52: Regularização do subleito - 100% Proctor intermediário | E52: m² | F52: 115.92 | G52: 2.14 | H52: =ROUND(G52*ROUND(1+(33.25/100),4),2) -> 2.85 | I52: =ROUND(ROUND(F52,2)*ROUND(G52,2),2) -> 248.07 | J52: =ROUND(ROUND(F52,2)*ROUND(H52,2),2) -> 330.37 | L52: =F52*H52 -> 330.372 | O52: =J52-N52 -> 330.37 | Q52: =F52*H52 -> 330.372
A53: 3.3.7 | B53: DER-ES | C53: 200206 | D53: Execução de pavimentação com blocos intertravados de concreto tipo 'pavi-s', espessura de 8 cm e resistência mínima de 35 MPa, assentados sobre colchão de pó de pedra de 10 cm, com rejuntamento em areia, compactação com placa vibratória e cortes com cortadora de piso | E53: m2 | F53: 115.92 | G53: 111.54 | H53: =ROUND(G53*ROUND(1+(33.25/100),4),2) -> 148.63 | I53: =ROUND(ROUND(F53,2)*ROUND(G53,2),2) -> 12929.72 | J53: =ROUND(ROUND(F53,2)*ROUND(H53,2),2) -> 17229.19 | L53: =F53*H53 -> 17229.19 | O53: =J53-N53 -> 17229.19 | Q53: =F53*H53 -> 17229.19
A54: 3.3.8 | B54: PRÓPRIA | C54: PAV-005 | D54: PISO DE BORRACHA 1X1M, ESPESSURA 15MM, ASSENTADO COM ARGAMASSA. COLORIDO. | E54: M2 | F54: 113.92 | G54: 373.96 | H54: =ROUND(G54*ROUND(1+(33.25/100),4),2) -> 498.3 | I54: =ROUND(ROUND(F54,2)*ROUND(G54,2),2) -> 42601.52 | J54: =ROUND(ROUND(F54,2)*ROUND(H54,2),2) -> 56766.34 | L54: =F54*H54 -> 56766.336 | O54: =J54-N54 -> 56766.34 | Q54: =F54*H54 -> 56766.336
A55: 3.4 | D55: COBERTURA, TETOS E FORROS | I55: =ROUND(SUM(I56:I60),2) -> 280757.53 | J55: =ROUND(SUM(J56:J60),2) -> 374114.21 | L55: =F55*H55 -> 0 | N55: =SUM(J56:J60) -> 374114.2 | O55: =J55-N55 -> 0.0050000001 | Q55: =F55*H55 -> 0
A56: 3.4.1 | B56: DER-ES | C56: 110210 | D56: Forro PVC branco L = 20 cm, frisado, estruturado por perfis de aço galvanizado e tirantes rígidos fabricado de acordo com a NBR-14285, colocado | E56: m2 | F56: 60.82 | G56: 99.96 | H56: =ROUND(G56*ROUND(1+(33.25/100),4),2) -> 133.2 | I56: =ROUND(ROUND(F56,2)*ROUND(G56,2),2) -> 6079.57 | J56: =ROUND(ROUND(F56,2)*ROUND(H56,2),2) -> 8101.22 | L56: =F56*H56 -> 8101.224 | O56: =J56-N56 -> 8101.22 | Q56: =F56*H56 -> 8101.224
A57: 3.4.2 | B57: DER-ES | C57: 90302 | D57: Rufo de chapa metálica nº 26 com largura de 30 cm | E57: m | F57: 27.5 | G57: 40.93 | H57: =ROUND(G57*ROUND(1+(33.25/100),4),2) -> 54.54 | I57: =ROUND(ROUND(F57,2)*ROUND(G57,2),2) -> 1125.58 | J57: =ROUND(ROUND(F57,2)*ROUND(H57,2),2) -> 1499.85 | L57: =F57*H57 -> 1499.85 | O57: =J57-N57 -> 1499.85 | Q57: =F57*H57 -> 1499.85
A58: 3.4.3 | B58: DER-ES | C58: 090101 | D58: Estrutura de madeira de lei tipo Paraju, peroba mica, angelim pedra ou equivalente para telhado de telha cerâmica tipo capa e canal, com pontaletes, terças, caibros e ripas, inclusive tratamento com cupinicida, exclusive telhas | E58: m2 | F58: 562.65 | G58: 227.9 | H58: =ROUND(G58*ROUND(1+(33.25/100),4),2) -> 303.68 | I58: =G58*F58 -> 128227.93 | J58: =H58*F58 -> 170865.55 | O58: =J58-N58 -> 170865.55 | Q58: =F58*H58 -> 170865.55
A59: 3.4.4 | B59: SINAPI | C59: 92561 | D59: FABRICAÇÃO E INSTALAÇÃO DE TESOURA INTEIRA EM MADEIRA NÃO APARELHADA, VÃO DE 9 M, PARA TELHA ONDULADA DE FIBROCIMENTO, METÁLICA, PLÁSTICA OU TERMOACÚSTICA, INCLUSO IÇAMENTO. AF_10/2025 | E59: m2 | F59: 10 | G59: 2953.67 | H59: =ROUND(G59*ROUND(1+(33.25/100),4),2) -> 3935.77 | I59: =G59*F59 -> 29536.7 | J59: =H59*F59 -> 39357.7 | O59: =J59-N59 -> 39357.7 | Q59: =F59*H59 -> 39357.7
A60: 3.4.5 | B60: DER-ES | C60: 090211 | D60: Cobertura nova de telhas cerâmicas tipo capa e canal inclusive cumeeira (telhas compradas na praça de Vitória, posto obra) | E60: m2 | F60: 562.65 | G60: 205.79 | H60: =ROUND(G60*ROUND(1+(33.25/100),4),2) -> 274.22 | I60: =G60*F60 -> 115787.74 | J60: =H60*F60 -> 154289.88 | O60: =J60-N60 -> 154289.88 | Q60: =F60*H60 -> 154289.88
A61: 3.5 | D61: LOUÇAS, METAIS E ACESSÓRIOS | I61: =ROUND(SUM(I62:I73),2) -> 10386.56 | J61: =ROUND(SUM(J62:J73),2) -> 13840.09 | L61: =F61*H61 -> 0 | N61: =SUM(J62:J73) -> 13840.09 | O61: =J61-N61 -> 0 | Q61: =F61*H61 -> 0
A62: 3.5.1 | B62: DER-ES | C62: 170608 | D62: Bacia sifonada de louça branca sem abertura frontal p/ banheiro PNE, consumo 6 litros por fluxo, Vogue Plus Conforto - P.510.17, Ref. Deca ou equiv., incl. tubo de ligação inox c/ canopla, anel de vedação, paraf. e rejunte epoxi p/ vedação | E62: und | F62: 2 | G62: 1910.62 | H62: =ROUND(G62*ROUND(1+(33.25/100),4),2) -> 2545.9 | I62: =ROUND(ROUND(F62,2)*ROUND(G62,2),2) -> 3821.24 | J62: =ROUND(ROUND(F62,2)*ROUND(H62,2),2) -> 5091.8 | L62: =F62*H62 -> 5091.8 | O62: =J62-N62 -> 5091.8 | Q62: =F62*H62 -> 5091.8
A63: 3.5.2 | B63: DER-ES | C63: 170304 | D63: Torneira bica baixa de mesa para lavatório PressMatic Alfa - Docol, Decamatic Smart - Deca ou equivalente | E63: und | F63: 2 | G63: 284.67 | H63: =ROUND(G63*ROUND(1+(33.25/100),4),2) -> 379.32 | I63: =ROUND(ROUND(F63,2)*ROUND(G63,2),2) -> 569.34 | J63: =ROUND(ROUND(F63,2)*ROUND(H63,2),2) -> 758.64 | L63: =F63*H63 -> 758.64 | O63: =J63-N63 -> 758.64 | Q63: =F63*H63 -> 758.64
A64: 3.5.3 | B64: DER-ES | C64: 170128 | D64: Lavatório de louça branca com coluna suspensa, Vogue Plus Confort - L51+CS1V para portadores de necessidades especiais - DECA, inclusive válvula de saída cromada 1?, sifão em metal cromado 1? x 1/2", engate flexível trançado inox 1/2? x 30cm e parafusos para fixação, exclusive torneira | E64: und | F64: 1 | G64: 1539.95 | H64: =ROUND(G64*ROUND(1+(33.25/100),4),2) -> 2051.98 | I64: =ROUND(ROUND(F64,2)*ROUND(G64,2),2) -> 1539.95 | J64: =ROUND(ROUND(F64,2)*ROUND(H64,2),2) -> 2051.98 | L64: =F64*H64 -> 2051.98 | O64: =J64-N64 -> 2051.98 | Q64: =F64*H64 -> 2051.98
A65: 3.5.4 | B65: SINAPI | C65: 106766 | D65: DISPENSER DE PLÁSTICO PARA PAPEL HIGIÊNICO, INCLUSO FIXAÇÃO. AF_02/2026 | E65: UN | F65: 2 | G65: 76.99 | H65: =ROUND(G65*ROUND(1+(33.25/100),4),2) -> 102.59 | I65: =ROUND(ROUND(F65,2)*ROUND(G65,2),2) -> 153.98 | J65: =ROUND(ROUND(F65,2)*ROUND(H65,2),2) -> 205.18 | L65: =F65*H65 -> 205.18 | O65: =J65-N65 -> 205.18 | Q65: =F65*H65 -> 205.18
A66: 3.5.5 | B66: SINAPI | C66: 95547 | D66: SABONETEIRA PLÁSTICA TIPO DISPENSER PARA SABONETE LÍQUIDO COM RESERVATÓRIO 800 A 1500 ML, INCLUSO FIXAÇÃO. AF_02/2026 | E66: UN | F66: 2 | G66: 66.59 | H66: =ROUND(G66*ROUND(1+(33.25/100),4),2) -> 88.73 | I66: =ROUND(ROUND(F66,2)*ROUND(G66,2),2) -> 133.18 | J66: =ROUND(ROUND(F66,2)*ROUND(H66,2),2) -> 177.46 | L66: =F66*H66 -> 177.46 | O66: =J66-N66 -> 177.46 | Q66: =F66*H66 -> 177.46
A67: 3.5.6 | B67: DER-ES | C67: 170519 | D67: Ducha manual Acqua jet , linha Aquarius, com registro ref.C 2195, marcas de referência Fabrimar, Deca ou Docol | E67: und | F67: 2 | G67: 341.11 | H67: =ROUND(G67*ROUND(1+(33.25/100),4),2) -> 454.53 | I67: =ROUND(ROUND(F67,2)*ROUND(G67,2),2) -> 682.22 | J67: =ROUND(ROUND(F67,2)*ROUND(H67,2),2) -> 909.06 | L67: =F67*H67 -> 909.06 | O67: =J67-N67 -> 909.06 | Q67: =F67*H67 -> 909.06
A68: 3.5.7 | B68: DER-ES | C68: 170601 | D68: Barra de apoio reta, em aço inox polido AISI 304, comprimento 40 cm, conforme requisitos de acessibilidade da NBR 9050 - fornecimento e instalação | E68: und | F68: 2 | G68: 135.75 | H68: =ROUND(G68*ROUND(1+(33.25/100),4),2) -> 180.89 | I68: =ROUND(ROUND(F68,2)*ROUND(G68,2),2) -> 271.5 | J68: =ROUND(ROUND(F68,2)*ROUND(H68,2),2) -> 361.78 | L68: =F68*H68 -> 361.78 | O68: =J68-N68 -> 361.78 | Q68: =F68*H68 -> 361.78
A69: 3.5.8 | B69: DER-ES | C69: 170615 | D69: Barra de apoio reta, em aço inox polido AISI 304, comprimento 70 cm, conforme requisitos de acessibilidade da NBR 9050 - fornecimento e instalação | E69: und | F69: 1 | G69: 161.83 | H69: =ROUND(G69*ROUND(1+(33.25/100),4),2) -> 215.64 | I69: =ROUND(ROUND(F69,2)*ROUND(G69,2),2) -> 161.83 | J69: =ROUND(ROUND(F69,2)*ROUND(H69,2),2) -> 215.64 | L69: =F69*H69 -> 215.64 | O69: =J69-N69 -> 215.64 | Q69: =F69*H69 -> 215.64
A70: 3.5.9 | B70: DER-ES | C70: 170603 | D70: Barra de apoio reta, em aço inox polido AISI 304, comprimento 80 cm, conforme requisitos de acessibilidade da NBR 9050 - fornecimento e instalação | E70: und | F70: 2 | G70: 178.2 | H70: =ROUND(G70*ROUND(1+(33.25/100),4),2) -> 237.45 | I70: =ROUND(ROUND(F70,2)*ROUND(G70,2),2) -> 356.4 | J70: =ROUND(ROUND(F70,2)*ROUND(H70,2),2) -> 474.9 | L70: =F70*H70 -> 474.9 | O70: =J70-N70 -> 474.9 | Q70: =F70*H70 -> 474.9
A71: 3.5.10 | B71: DER-ES | C71: 170115 | D71: Cuba de louça branca de embutir redonda, 36cm - L-41 ? Deca ou equivalente, inclusive válvula de saída cromada 1?, sifão em metálico tipo copo cromado 1? x 1/2" e engate flexível trançado inox 1/2? x 30cm, exclusive torneira | E71: und | F71: 1 | G71: 355.12 | H71: =ROUND(G71*ROUND(1+(33.25/100),4),2) -> 473.2 | I71: =ROUND(ROUND(F71,2)*ROUND(G71,2),2) -> 355.12 | J71: =ROUND(ROUND(F71,2)*ROUND(H71,2),2) -> 473.2 | L71: =F71*H71 -> 473.2 | O71: =J71-N71 -> 473.2 | Q71: =F71*H71 -> 473.2
A72: 3.5.11 | B72: PRÓPRIA | C72: ACE-001 | D72: Espelho de cristal prata, instalado. | E72: m2 | F72: 0.96 | G72: 481.17 | H72: =ROUND(G72*ROUND(1+(33.25/100),4),2) -> 641.16 | I72: =ROUND(ROUND(F72,2)*ROUND(G72,2),2) -> 461.92 | J72: =ROUND(ROUND(F72,2)*ROUND(H72,2),2) -> 615.51 | L72: =F72*H72 -> 615.5136 | O72: =J72-N72 -> 615.51 | Q72: =F72*H72 -> 615.5136
A73: 3.5.12 | B73: PRÓPRIA | C73: URB-020 | D73: BANCO DE MADEIRA DE MACARANDUBA EM RIPAS DE (1,5X4)CM, FIXADAS EM ESTRUTURA DE (7, 50X3, 75)CM, COM VERNIZ. TUDO INCLUÍDO. | E73: UND | F73: 2 | G73: 939.94 | H73: =ROUND(G73*ROUND(1+(33.25/100),4),2) -> 1252.47 | I73: =ROUND(ROUND(F73,2)*ROUND(G73,2),2) -> 1879.88 | J73: =ROUND(ROUND(F73,2)*ROUND(H73,2),2) -> 2504.94 | L73: =F73*H73 -> 2504.94 | O73: =J73-N73 -> 2504.94 | Q73: =F73*H73 -> 2504.94
A74: 3.6 | D74: ESQUADRIAS | I74: =ROUND(I75+I86,2) -> 59048.69 | J74: =ROUND(J75+J86,2) -> 78682.16 | L74: =F74*H74 -> 0 | O74: =J74-N74 -> 78682.16 | Q74: =F74*H74 -> 0
A75: 3.6.1 | D75: PORTAS | I75: =ROUND(SUM(I76:I85),2) -> 32994.36 | J75: =ROUND(SUM(J76:J85),2) -> 43964.85 | L75: =F75*H75 -> 0 | N75: =O75+O86 -> 78682.16 | O75: =J75-N75 -> 0 | Q75: =F75*H75 -> 0
A76: 3.6.1.1 | B76: DER-ES | C76: 71704 | D76: Porta de abrir tipo veneziana em alumínio anodizado, linha 25, completa, incl. puxador com tranca, caixilho, alizar e contramarco | E76: m2 | F76: 1.89 | G76: 1014.07 | H76: =ROUND(G76*ROUND(1+(33.25/100),4),2) -> 1351.25 | I76: =ROUND(ROUND(F76,2)*ROUND(G76,2),2) -> 1916.59 | J76: =ROUND(ROUND(F76,2)*ROUND(H76,2),2) -> 2553.86 | L76: =F76*H76 -> 2553.8625 | O76: =J76-N76 -> 2553.86 | Q76: =F76*H76 -> 2553.8625
A77: 3.6.1.2 | B77: PRÓPRIA | C77: ESQ-003 | D77: PORTA DE CORRER DE ALUMÍNIO ANODIZADO (VENEZIANA) C/ GUARNIÇÃO. TUDO INCLUÍDO. | E77: M2 | F77: 1.68 | G77: 595.65 | H77: =ROUND(G77*ROUND(1+(33.25/100),4),2) -> 793.7 | I77: =ROUND(ROUND(F77,2)*ROUND(G77,2),2) -> 1000.69 | J77: =ROUND(ROUND(F77,2)*ROUND(H77,2),2) -> 1333.42 | L77: =F77*H77 -> 1333.416 | O77: =J77-N77 -> 1333.42 | Q77: =F77*H77 -> 1333.416
A78: 3.6.1.3 | B78: PRÓPRIA | C78: RES-007 | D78: Restauro - Desmontagem/retirada de esquadria/estrutura de madeira | E78: m2 | F78: 9.11 | G78: 65.39 | H78: =ROUND(G78*ROUND(1+(33.25/100),4),2) -> 87.13 | I78: =ROUND(ROUND(F78,2)*ROUND(G78,2),2) -> 595.7 | J78: =ROUND(ROUND(F78,2)*ROUND(H78,2),2) -> 793.75 | L78: =F78*H78 -> 793.7543 | O78: =J78-N78 -> 793.75 | Q78: =F78*H78 -> 793.7543
A79: 3.6.1.4 | B79: PRÓPRIA | C79: RES-021 | D79: Restauro - Recuperação de esquadria de madeira de obras históricas c/ aproveitamento de 75%. | E79: m2 | F79: 51.32 | G79: 346.47 | H79: =ROUND(G79*ROUND(1+(33.25/100),4),2) -> 461.67 | I79: =ROUND(ROUND(F79,2)*ROUND(G79,2),2) -> 17780.84 | J79: =ROUND(ROUND(F79,2)*ROUND(H79,2),2) -> 23692.9 | L79: =F79*H79 -> 23692.904 | O79: =J79-N79 -> 23692.9 | Q79: =F79*H79 -> 23692.904
A80: 3.6.1.5 | B80: PRÓPRIA | C80: ESQ-004 | D80: PORTA DE ABRIR COM MOLA HIDRÁULICA, EM VIDRO TEMPERADO, 2 FOLHAS DE 75X205.5CM, ESPESSURA DE 8 MM, INCLUSIVE ACESSÓRIOS. | E80: UN | F80: 1 | G80: 3630.02 | H80: =ROUND(G80*ROUND(1+(33.25/100),4),2) -> 4837 | I80: =ROUND(ROUND(F80,2)*ROUND(G80,2),2) -> 3630.02 | J80: =ROUND(ROUND(F80,2)*ROUND(H80,2),2) -> 4837 | L80: =F80*H80 -> 4837 | O80: =J80-N80 -> 4837 | Q80: =F80*H80 -> 4837
A81: 3.6.1.6 | B81: PRÓPRIA | C81: ESQ-005 | D81: PORTA DE ABRIR COM MOLA HIDRÁULICA, EM VIDRO TEMPERADO, 2 FOLHAS DE 60X210CM, ESPESSURA DE 8 MM, INCLUSIVE ACESSÓRIOS. | E81: UN | F81: 1 | G81: 3434.25 | H81: =ROUND(G81*ROUND(1+(33.25/100),4),2) -> 4576.14 | I81: =ROUND(ROUND(F81,2)*ROUND(G81,2),2) -> 3434.25 | J81: =ROUND(ROUND(F81,2)*ROUND(H81,2),2) -> 4576.14 | L81: =F81*H81 -> 4576.14 | O81: =J81-N81 -> 4576.14 | Q81: =F81*H81 -> 4576.14
A82: 3.6.1.7 | B82: PRÓPRIA | C82: SER-002 | D82: Aplicação de neutralizador de ferrugem, com duas demãos, e Remoção de ferrugem em esquadrias ou estruturas metálicas com escova de aço. | E82: m2 | F82: 0.04 | G82: 73.89 | H82: =ROUND(G82*ROUND(1+(33.25/100),4),2) -> 98.46 | I82: =ROUND(ROUND(F82,2)*ROUND(G82,2),2) -> 2.96 | J82: =ROUND(ROUND(F82,2)*ROUND(H82,2),2) -> 3.94 | L82: =F82*H82 -> 3.9384 | O82: =J82-N82 -> 3.94 | Q82: =F82*H82 -> 3.9384
A83: 3.6.1.8 | B83: PRÓPRIA | C83: SER-003 | D83: Remoção de pintura com removedor de tinta tipo striptizi ou similar, emassamento de esquarias de madeira, em uma demão de massa à base de óleo e pintura com tinta esmalte sintético Suvinil - marca de referência, inclusive fundo branco nivelador, em esquadrias de madeira, a duas demãos. Tudo incluído. | E83: M2 | F83: 25.66 | G83: 114.08 | H83: =ROUND(G83*ROUND(1+(33.25/100),4),2) -> 152.01 | I83: =ROUND(ROUND(F83,2)*ROUND(G83,2),2) -> 2927.29 | J83: =ROUND(ROUND(F83,2)*ROUND(H83,2),2) -> 3900.58 | L83: =F83*H83 -> 3900.5766 | O83: =J83-N83 -> 3900.58 | Q83: =F83*H83 -> 3900.5766
A84: 3.6.1.9 | B84: PRÓPRIA | C84: RES-022 | D84: Retirada e reinstalação de vidro em esquadria de madeira, fixado com silicone acetico. (com aproveitamento de vidro existente). Tudo incluído. | E84: M2 | F84: 2.57 | G84: 331.91 | H84: =ROUND(G84*ROUND(1+(33.25/100),4),2) -> 442.27 | I84: =ROUND(ROUND(F84,2)*ROUND(G84,2),2) -> 853.01 | J84: =ROUND(ROUND(F84,2)*ROUND(H84,2),2) -> 1136.63 | L84: =F84*H84 -> 1136.6339 | O84: =J84-N84 -> 1136.63 | Q84: =F84*H84 -> 1136.6339
A85: 3.6.1.10 | B85: PRÓPRIA | C85: RES-022 | D85: Retirada e instalação de novo vidro em esquadria de madeira, fixado com silicone acetico. (sem aproveitamento de vidro existente). Tudo incluído. | E85: M2 | F85: 2.57 | G85: 331.91 | H85: =ROUND(G85*ROUND(1+(33.25/100),4),2) -> 442.27 | I85: =ROUND(ROUND(F85,2)*ROUND(G85,2),2) -> 853.01 | J85: =ROUND(ROUND(F85,2)*ROUND(H85,2),2) -> 1136.63 | L85: =F85*H85 -> 1136.6339 | O85: =J85-N85 -> 1136.63 | Q85: =F85*H85 -> 1136.6339
A86: 3.6.2 | D86: JANELAS | I86: =ROUND(SUM(I87:I91),2) -> 26054.33 | J86: =ROUND(SUM(J87:J91),2) -> 34717.31 | L86: =F86*H86 -> 0 | O86: =J86-N86 -> 34717.31 | Q86: =F86*H86 -> 0
A87: 3.6.2.1 | B87: PRÓPRIA | C87: ESQ-007 | D87: JANELA DE MADEIRA PARA VIDRO, INCLUSO VIDRO TEMPERADO 6MM E PINTURA. | E87: M2 | F87: 4.62 | G87: 1618.74 | H87: =ROUND(G87*ROUND(1+(33.25/100),4),2) -> 2156.97 | I87: =ROUND(ROUND(F87,2)*ROUND(G87,2),2) -> 7478.58 | J87: =ROUND(ROUND(F87,2)*ROUND(H87,2),2) -> 9965.2 | L87: =F87*H87 -> 9965.2014 | O87: =J87-N87 -> 9965.2 | Q87: =F87*H87 -> 9965.2014
A88: 3.6.2.2 | B88: PRÓPRIA | C88: RES-021 | D88: Restauro - Recuperação de esquadria de madeira de obras históricas c/ aproveitamento de 75%. | E88: m2 | F88: 38.18 | G88: 346.47 | H88: =ROUND(G88*ROUND(1+(33.25/100),4),2) -> 461.67 | I88: =ROUND(ROUND(F88,2)*ROUND(G88,2),2) -> 13228.22 | J88: =ROUND(ROUND(F88,2)*ROUND(H88,2),2) -> 17626.56 | L88: =F88*H88 -> 17626.561 | O88: =J88-N88 -> 17626.56 | Q88: =F88*H88 -> 17626.561
A89: 3.6.2.3 | B89: PRÓPRIA | C89: SER-003 | D89: Remoção de pintura com removedor de tinta tipo striptizi ou similar, emassamento de esquarias de madeira, em uma demão de massa à base de óleo e pintura com tinta esmalte sintético Suvinil - marca de referência, inclusive fundo branco nivelador, em esquadrias de madeira, a duas demãos. Tudo incluído. | E89: M2 | F89: 19.09 | G89: 114.08 | H89: =ROUND(G89*ROUND(1+(33.25/100),4),2) -> 152.01 | I89: =ROUND(ROUND(F89,2)*ROUND(G89,2),2) -> 2177.79 | J89: =ROUND(ROUND(F89,2)*ROUND(H89,2),2) -> 2901.87 | L89: =F89*H89 -> 2901.8709 | O89: =J89-N89 -> 2901.87 | Q89: =F89*H89 -> 2901.8709
A90: 3.6.2.4 | B90: PRÓPRIA | C90: RES-022 | D90: Retirada e reinstalação de vidro em esquadria de madeira, fixado com silicone acetico. (com aproveitamento de vidro existente). Tudo incluído. | E90: M2 | F90: 3.82 | G90: 331.91 | H90: =ROUND(G90*ROUND(1+(33.25/100),4),2) -> 442.27 | I90: =ROUND(ROUND(F90,2)*ROUND(G90,2),2) -> 1267.9 | J90: =ROUND(ROUND(F90,2)*ROUND(H90,2),2) -> 1689.47 | L90: =F90*H90 -> 1689.4714 | O90: =J90-N90 -> 1689.47 | Q90: =F90*H90 -> 1689.4714
A91: 3.6.2.5 | B91: PRÓPRIA | C91: RES-022 | D91: Retirada e instalação de novo vidro em esquadria de madeira, fixado com silicone acetico. (sem aproveitamento de vidro existente). Tudo incluído. | E91: M2 | F91: 5.73 | G91: 331.91 | H91: =ROUND(G91*ROUND(1+(33.25/100),4),2) -> 442.27 | I91: =ROUND(ROUND(F91,2)*ROUND(G91,2),2) -> 1901.84 | J91: =ROUND(ROUND(F91,2)*ROUND(H91,2),2) -> 2534.21 | L91: =F91*H91 -> 2534.2071 | O91: =J91-N91 -> 2534.21 | Q91: =F91*H91 -> 2534.2071
A92: 3.7 | D92: PEDRAS/GRANITOS/MÁRMORES | I92: =ROUND(SUM(I93:I95),2) -> 4150.29 | J92: =ROUND(SUM(J93:J95),2) -> 5530.25 | L92: =F92*H92 -> 0 | N92: =SUM(J93:J95) -> 5530.25 | O92: =J92-N92 -> 0 | Q92: =F92*H92 -> 0
A93: 3.7.1 | B93: PRÓPRIA | C93: ACE-002 | D93: Bancada de granito tipo Branco Siena, com espessura de 2 cm, com acabamento polido, inclusive chumbamento na alvenaria, exclusive cantoneira de apoio. Saia h=10cm e rodabanca h=10cm. Tudo incluído. | E93: m2 | F93: 2.21 | G93: 825.2 | H93: =ROUND(G93*ROUND(1+(33.25/100),4),2) -> 1099.58 | I93: =ROUND(ROUND(F93,2)*ROUND(G93,2),2) -> 1823.69 | J93: =ROUND(ROUND(F93,2)*ROUND(H93,2),2) -> 2430.07 | L93: =F93*H93 -> 2430.0718 | O93: =J93-N93 -> 2430.07 | Q93: =F93*H93 -> 2430.0718
A94: 3.7.2 | B94: PRÓPRIA | C94: ACE-003 | D94: RODABANCA/SAIA EM GRANITO BRANCO SIENA, E= 2CM, H= 10CM | E94: M | F94: 5.65 | G94: 77.33 | H94: =ROUND(G94*ROUND(1+(33.25/100),4),2) -> 103.04 | I94: =ROUND(ROUND(F94,2)*ROUND(G94,2),2) -> 436.91 | J94: =ROUND(ROUND(F94,2)*ROUND(H94,2),2) -> 582.18 | L94: =F94*H94 -> 582.176 | O94: =J94-N94 -> 582.18 | Q94: =F94*H94 -> 582.176
A95: 3.7.3 | B95: PRÓPRIA | C95: ACE-004 | D95: GRANITO BRANCO SIENA, ESP = 3CM, ASSENTADO COM ARGAMASSA COLANTE AC III-E. | E95: M2 | F95: 3.43 | G95: 550.93 | H95: =ROUND(G95*ROUND(1+(33.25/100),4),2) -> 734.11 | I95: =ROUND(ROUND(F95,2)*ROUND(G95,2),2) -> 1889.69 | J95: =ROUND(ROUND(F95,2)*ROUND(H95,2),2) -> 2518 | L95: =F95*H95 -> 2517.9973 | O95: =J95-N95 -> 2518 | Q95: =F95*H95 -> 2517.9973
A96: 3.8 | D96: GRADIS | I96: =ROUND(SUM(I97:I100),2) -> 23837.92 | J96: =ROUND(SUM(J97:J100),2) -> 31764.09 | L96: =F96*H96 -> 0 | N96: =SUM(J97:J100) -> 31764.09 | O96: =J96-N96 -> 0 | Q96: =F96*H96 -> 0
A97: 3.8.1 | B97: DER-ES | C97: 71106 | D97: Portão de ferro de correr em barra chata, inclusive chumbamento | E97: m2 | F97: 6.6 | G97: 732.22 | H97: =ROUND(G97*ROUND(1+(33.25/100),4),2) -> 975.68 | I97: =ROUND(ROUND(F97,2)*ROUND(G97,2),2) -> 4832.65 | J97: =ROUND(ROUND(F97,2)*ROUND(H97,2),2) -> 6439.49 | L97: =F97*H97 -> 6439.488 | O97: =J97-N97 -> 6439.49 | Q97: =F97*H97 -> 6439.488
A98: 3.8.2 | B98: DER-ES | C98: 71105 | D98: Grade de ferro em barra chata, inclusive chumbamento | E98: m2 | F98: 44.13 | G98: 369.28 | H98: =ROUND(G98*ROUND(1+(33.25/100),4),2) -> 492.07 | I98: =ROUND(ROUND(F98,2)*ROUND(G98,2),2) -> 16296.33 | J98: =ROUND(ROUND(F98,2)*ROUND(H98,2),2) -> 21715.05 | L98: =F98*H98 -> 21715.049 | O98: =J98-N98 -> 21715.05 | Q98: =F98*H98 -> 21715.049
A99: 3.8.3 | B99: DER-ES | C99: 190417 | D99: Pintura sobre metal, aplicação manual, com duas demãos de tinta esmalte sintético, referência Suvinil, Coral ou Metalatex, inclusive uma demão de fundo anticorrosivo | E99: m2 | F99: 50.73 | G99: 53.06 | H99: =ROUND(G99*ROUND(1+(33.25/100),4),2) -> 70.7 | I99: =ROUND(ROUND(F99,2)*ROUND(G99,2),2) -> 2691.73 | J99: =ROUND(ROUND(F99,2)*ROUND(H99,2),2) -> 3586.61 | L99: =F99*H99 -> 3586.611 | O99: =J99-N99 -> 3586.61 | Q99: =F99*H99 -> 3586.611
A100: 3.8.4 | B100: DER-ES | C100: 10224 | D100: Retirada manual de grades, gradis, alambrados, cercas e portões metálicos, inclusive remoção de argamassa de chumbamento, acessórios de fixação e corte de soldas | E100: m2 | F100: 1.31 | G100: 13.14 | H100: =ROUND(G100*ROUND(1+(33.25/100),4),2) -> 17.51 | I100: =ROUND(ROUND(F100,2)*ROUND(G100,2),2) -> 17.21 | J100: =ROUND(ROUND(F100,2)*ROUND(H100,2),2) -> 22.94 | L100: =F100*H100 -> 22.9381 | O100: =J100-N100 -> 22.94 | Q100: =F100*H100 -> 22.9381
...

Sheet MEMORIA DE CALCULO
A1: MEMÓRIA DE CÁLCULO
B2: OBRA: Restauro da Igreja de Nossa Senhora da Conceição e Reforma da Praça Barbosa Leão, Serra Centro Serra/ES. | G2: DATA: 30/06/2026
B3: DESCRIÇÃO: Restauro da Igreja de Nossa Senhora da Conceição e Reforma da Praça Barbosa Leão | G3: BDI: 33,25% | Encargos Sociais: 157,27%
B4: LOCAL: Praça Barbosa Leão, Serra Centro, Serra - ES | CEP: 29176-050 | G4: DATA BASE: MARÇO/2026
B5: PROPONENTE: PREFEITURA MUNICIPAL DA SERRA | G5: CARLOS RAPHAEL MONTEIRO DE LEMOS ENGENHEIRO CIVIL | CREA-ES 011.840/D
A6: 1. ​CANTEIRO DE OBRAS
A8: 1.1. ​S020305​ Placa de obra nas dimensões de 2.0 x 4.0 m, padrão DER​ (m2)
D9: QTD
A10: PLACA - IDENTIFICAÇÃO DE OBRA | B10: 1 | C10: 16 | D10: 16
D11: 16
D13: ="TOTAL DA MEMÓRIA DE CÁLCULO: "&TEXT(ROUND(SUM(D11),2),"0,00") -> TOTAL DA MEMÓRIA DE CÁLCULO: 16,00
A15: 1.2. ​S020702​ Barracão para almoxarifado área de 10.90m2, de chapa de compensado de 12mm e pontalete 8x8cm, piso cimentado e cobertura de telhas de fibrocimento de 6mm, incl. ponto de luz, conf. projeto (1 utilização)​ (m2)
D16: QTD
A17: 1 BARRACÃO | B17: 10,90 | C17: 10.9 | D17: =ROUND(10.9,2) -> 10.9
D18: =ROUND(SUM(D17:D17),2) -> 10.9
D20: ="TOTAL DA MEMÓRIA DE CÁLCULO: "&TEXT(ROUND(SUM(D18),2),"0,00") -> TOTAL DA MEMÓRIA DE CÁLCULO: 10,90
A22: 1.3. ​S020704​ Refeitório com paredes de chapa de compens. 12mm e pontaletes 8x8cm, piso ciment. e cob. de telhas fibroc. 6mm, incl. ponto de luz e cx. de inspeção (cons. 1.21 m2/func./turno), conf. projeto (1 utilização)
D23: QTD
A24: 1 REFEITORIO | B24: 24.2 | C24: 24.2 | D24: 24.2
D25: =ROUND(SUM(D24:D24),2) -> 24.2
D27: ="TOTAL DA MEMÓRIA DE CÁLCULO: "&TEXT(ROUND(SUM(D25),2),"0,00") -> TOTAL DA MEMÓRIA DE CÁLCULO: 24,20
A29: 1.4. ​S020701​ Barracão para escritório com sanitário área de 14.50 m2, de chapa de compens. 12mm e pontalete 8x8cm, piso cimentado e cobertura de telha de fibroc. 6mm, incl. ponto de luz e cx. de inspeção, conf. projeto (1 utilização)​ (m2)
D30: QTD
A31: 1 BARRACÃO | B31: 14,50 | C31: 14.5 | D31: =ROUND(14.5,2) -> 14.5
D32: =ROUND(SUM(D31:D31),2) -> 14.5
D34: ="TOTAL DA MEMÓRIA DE CÁLCULO: "&TEXT(ROUND(SUM(D32),2),"0,00") -> TOTAL DA MEMÓRIA DE CÁLCULO: 14,50
A36: 1.5. ​S020355​ Aluguel mensal container sanitário, incl porta, básc, 2 ptos luz, 1 pto aterram., 3vasos, 3lavatórios, calha mictório, 6 chuveiros (1 eletrico), torn.,registros, piso comp. Naval pintado, cert NR18 e laudo descontaminação​ (ms)
D37: QTD
A38: 12 MESES | B38: 12 | C38: 12 | D38: =ROUND(12,2) -> 12
D39: =ROUND(SUM(D38:D38),2) -> 12
D41: ="TOTAL DA MEMÓRIA DE CÁLCULO: "&TEXT(ROUND(SUM(D39),2),"0,00") -> TOTAL DA MEMÓRIA DE CÁLCULO: 12,00
A43: 1.6. ​S020344​ Mobilização e desmobilização de conteiner locado para barracão de obra​ (und)
D44: QTD
A45: container sanitário | B45: 1 | C45: 1 | D45: =ROUND(1,2) -> 1
D46: =ROUND(SUM(D45:D45),2) -> 1
D48: ="TOTAL DA MEMÓRIA DE CÁLCULO: "&TEXT(ROUND(SUM(D46),2),"0,00") -> TOTAL DA MEMÓRIA DE CÁLCULO: 1,00
A50: 1.7. ​S020350​ Tapume Telha Metálica Ondulada em aço galvalume 0,50mm Branca h=2,20m, incl. montagem estr. mad. 8"x8", c/adesivo "DER-ES" 60x60cm a cada 10m, incl. faixas pint. esmalte sint. cores azul c/ h=30cm e rosa c/ h=10cm (Reaproveitamento 2x)​ (m)
A51: PRAÇA 1 | D51: QTD
A52: PERÍMETRO | B52: 201,53 | C52: 201.53 | D52: =ROUND(201.53,2) -> 201.53
A54: PRAÇA 1 | D54: =ROUND(SUM(D52:D53),2) -> 201.53
A56: PRAÇA 2 E IGREJA MATRIZ | D56: QTD
A57: PERÍMETRO | B57: 255,53 | C57: 255.53 | D57: =ROUND(255.53,2) -> 255.53
A59: PRAÇA 2 E IGREJA MATRIZ | D59: =ROUND(SUM(D57:D58),2) -> 255.53
A61: Observações: VER PRANCHA DE URBANISMO 01/11 | D61: ="TOTAL DA MEMÓRIA DE CÁLCULO: "&TEXT(ROUND(SUM(D54,D59),2),"0,00") -> TOTAL DA MEMÓRIA DE CÁLCULO: 457,06
A64: 1.8. ​S020346​ Locação de andaime metálico para fachada - tipo torre (aluguel mensal)​ (m)
C65: P | D65: MÊS | E65: QTD
A66: PERÍMETRO IGREJA = 118,30M (TRABALHO POR 1/4) | B66: (P/4)*MÊS | C66: 118.3 | D66: 12 | E66: =ROUND((C66/4)*D66,2) -> 354.9
E67: =ROUND(SUM(E66:E66),2) -> 354.9
A69: Observações: PARA TRABALHOS EM PAREDES/FACHADAS | D69: ="TOTAL DA MEMÓRIA DE CÁLCULO: "&TEXT(ROUND(SUM(E67),2),"0,00") -> TOTAL DA MEMÓRIA DE CÁLCULO: 354,90
A72: 1.9. ​RES-018​ Restauro - Cobertura provisória p/ proteção de fachadas, executadas sobre andaimes existentes ao longo do passeio, com telha fibrocimento 4mm, apoiada em peças mistas 7,5 x 7,5cm, utilização = 2 vezes (Não incluido o custo c/ o andaime)​ (m)
D73: QTD
A74: TRABALHO EM FACHADA FRONTAL = METRAGEM ESTIMADA | B74: 30 | C74: 30 | D74: 30
D75: =ROUND(SUM(D74:D74),2) -> 30
D77: ="TOTAL DA MEMÓRIA DE CÁLCULO: "&TEXT(ROUND(SUM(D75),2),"0,00") -> TOTAL DA MEMÓRIA DE CÁLCULO: 30,00
A79: 2. ​SERVIÇOS PRELIMINARES
A81: 2.1. ​DEMOLIÇÕES IGREJA
A83: 2.1.1. ​97622​ DEMOLIÇÃO DE ALVENARIA DE BLOCO FURADO, DE FORMA MANUAL, SEM REAPROVEITAMENTO. AF_09/2023​ (M3)
A84: ÁREA EXTERNA - AOS FUNDOS DA IGREJA | C84: L | D84: A | E84: QTD
A85: MURO EXTERNO | B85: A*L | C85: 0.15 | D85: 87.97 | E85: =ROUND(D85*C85,2) -> 13.2
A86: PAREDES | B86: A*L | C86: 0.15 | D86: 47.65 | E86: =ROUND(D86*C86,2) -> 7.15
A87: PAREDES | B87: A*L | C87: 0.1 | D87: 1.75 | E87: =ROUND(D87*C87,2) -> 0.18
A88: ÁREA EXTERNA - AOS FUNDOS DA IGREJA | E88: =ROUND(SUM(E85:E87),2) -> 20.53
A90: PAVIMENTO SUPERIOR | C90: L | D90: A | E90: QTD
A91: PAREDE ENTRE COZINHA E CIRCULAÇÃO/WC | B91: A*L | C91: 0.15 | D91: 1.82 | E91: =ROUND(D91*C91,2) -> 0.27
A92: PAVIMENTO SUPERIOR | E92: =ROUND(SUM(E91:E91),2) -> 0.27
A94: CAPELA DO SANTÍSSIMO | C94: L | D94: A | E94: QTD
A95: PAREDE | B95: A*L | C95: 0.1 | D95: 18.21 | E95: =ROUND(D95*C95,2) -> 1.82
A96: CAPELA DO SANTÍSSIMO | E96: =ROUND(SUM(E95:E95),2) -> 1.82
A98: ÁREA EXTERNA ENTRE TORRE ESQUERDA E A. SERV. | C98: L | D98: A | E98: QTD
A100: MURETA GRADIL | B100: A*L | C100: 0.1 | D100: 2.3 | E100: =ROUND(D100*C100,2) -> 0.23
A101: ÁREA EXTERNA ENTRE TORRE ESQUERDA E A. SERV. | E101: =ROUND(SUM(E99:E100),2) -> 0.23
A103: Observações: VER PLANTA DE LEVANTAMENTO | D103: ="TOTAL DA MEMÓRIA DE CÁLCULO: "&TEXT(ROUND(SUM(E88,E92,E96,E101),2),"0,00") -> TOTAL DA MEMÓRIA DE CÁLCULO: 22,85
D104: L = LARGURA; A = AREA;
A106: 2.1.2. ​S010344​ Demolição de lajes, em concreto armado, de forma mecanizada com martelete demolidor elétrico, sem reaproveitamento​ (m3)
A107: ÁREA EXTERNA - AOS FUNDOS | C107: L | D107: A | E107: QTD
A108: PISO (BASE) | B108: A*L | C108: 0.15 | D108: 118 | E108: =ROUND(D108*C108,2) -> 17.7
A110: LAJE 12CM (COBERTURA) E PATAMAR ÁREA SERVIÇO SUPERIOR | B110: A*L | C110: 0.12 | D110: 39.32 | E110: =ROUND(D110*C110,2) -> 4.72
A111: ESCADA CONCRETO (VOLUME) | B111: 3,31 | C111: 0 | D111: 0 | E111: =ROUND(3.31,2) -> 3.31
A112: ÁREA EXTERNA - AOS FUNDOS | E112: =ROUND(SUM(E108:E111),2) -> 25.73
D114: ="TOTAL DA MEMÓRIA DE CÁLCULO: "&TEXT(ROUND(SUM(E112),2),"0,00") -> TOTAL DA MEMÓRIA DE CÁLCULO: 25,73
A116: 2.1.3. ​97627​ DEMOLIÇÃO DE PILARES E VIGAS EM CONCRETO ARMADO, DE FORMA MECANIZADA COM MARTELETE, SEM REAPROVEITAMENTO. AF_09/2023​ (M3)
A117: ÁREA EXTERNA - AOS FUNDOS | C117: H | D117: L | E117: E | F117: QTD
A118: PILARES CONCRETO 15X30X215CM | B118: L*H*E*2 | C118: 2.15 | D118: 0.15 | E118: 0.3 | F118: =ROUND(D118*C118*E118*2,2) -> 0.19
A119: ÁREA EXTERNA - AOS FUNDOS | F119: =ROUND(SUM(F118:F118),2) -> 0.19
D121: ="TOTAL DA MEMÓRIA DE CÁLCULO: "&TEXT(ROUND(SUM(F119),2),"0,00") -> TOTAL DA MEMÓRIA DE CÁLCULO: 0,19
A123: 2.1.4. ​S010325​ Demolição manual de estrutura de madeira para telhado, sem reaproveitamento​ (m2)
A124: COBERTURA ESCADA/ÁREA TANQUE | D124: QTD
A125: COBERTURA TELHAS E TRAMA DE MADEIRA | B125: 15 | C125: 15 | D125: =ROUND(15,2) -> 15
A126: COBERTURA ESCADA/ÁREA TANQUE | D126: =ROUND(SUM(D125:D125),2) -> 15
A128: Observações: VER LEVANTAMENTO ARQUITETÔNICO | D128: ="TOTAL DA MEMÓRIA DE CÁLCULO: "&TEXT(ROUND(SUM(D126),2),"0,00") -> TOTAL DA MEMÓRIA DE CÁLCULO: 15,00
A131: 2.1.5. ​S010255​ Remoção manual de telhas cerâmicas, tipo colonial, inclusive cumeeira, sem reaproveitamento​ (m2)
A132: ÁREA EXTERNA - AOS FUNDOS DA IGREJA | D132: QTD
A133: COBERTURA ÁREA DE SERVIÇO/ESCADA | B133: 15 | C133: 15 | D133: =ROUND(15,2) -> 15
A134: ÁREA EXTERNA - AOS FUNDOS DA IGREJA | D134: =ROUND(SUM(D133:D133),2) -> 15
A136: Observações: VER LEVANTAMENTO ARQUITETÔNICO | D136: ="TOTAL DA MEMÓRIA DE CÁLCULO: "&TEXT(ROUND(SUM(D134),2),"0,00") -> TOTAL DA MEMÓRIA DE CÁLCULO: 15,00
A139: 2.1.6 Retirada manual de interruptores e tomadas, sem reaproveitamento
D140: QTD
C141: 80 | D141: =C141 -> 80
D142: =ROUND(SUM(D141:D141),2) -> 80
D144: ="TOTAL DA MEMÓRIA DE CÁLCULO: "&TEXT(ROUND(SUM(D142),2),"0,00") -> TOTAL DA MEMÓRIA DE CÁLCULO: 80,00
...

Sheet SINTETICO PROPRIAS
A1: SINTETICO PRÓPRIAS
B2: OBRA: Restauro da Igreja de Nossa Senhora da Conceição e Reforma da Praça Barbosa Leão, Serra Centro Serra/ES. | E2: DATA: 30/06/2026
B3: DESCRIÇÃO: Restauro da Igreja de Nossa Senhora da Conceição e Reforma da Praça Barbosa Leão | E3: BDI: 33,25% | Encargos Sociais: 157,27%
B4: LOCAL: Praça Barbosa Leão, Serra Centro, Serra - ES | CEP: 29176-050 | E4: DATA BASE: MARÇO/2026
B5: PROPONENTE: PREFEITURA MUNICIPAL DA SERRA
A6: CÓDIGO | B6: DESCRIÇÃO | C6: FONTE | D6: UND | E6: QUANTIDADE | F6: PREÇO UNITÁRIO R$ | G6: PREÇO TOTAL R$
A7: CAB-001 | B7: Antena WI-FI dual band access point, bandas simultâneas - 1750Mbps | C7: PRÓPRIA | D7: UN | E7: 6 | F7: 893.43 | G7: =ROUND(ROUND(E7,2)*ROUND(F7,2),2) -> 5360.58
A8: SER-002 | B8: Aplicação de neutralizador de ferrugem, com duas demãos, e Remoção de ferrugem em esquadrias ou estruturas metálicas com escova de aço. | C8: PRÓPRIA | D8: m2 | E8: 0.04 | F8: 73.89 | G8: =ROUND(ROUND(E8,2)*ROUND(F8,2),2) -> 2.96
A9: URB-020 | B9: BANCO DE MADEIRA DE MACARANDUBA EM RIPAS DE (1,5X4)CM, FIXADAS EM ESTRUTURA DE (7, 50X3, 75)CM, COM VERNIZ. TUDO INCLUÍDO. | C9: PRÓPRIA | D9: UND | E9: 2 | F9: 939.94 | G9: =ROUND(ROUND(E9,2)*ROUND(F9,2),2) -> 1879.88
A10: PPCI-001 | B10: BLOCO AUTÔNOMO DE ILUMINAÇÃO DE EMERGÊNCIA COM DOIS REFLETORES | C10: PRÓPRIA | D10: UN | E10: 39 | F10: 267.31 | G10: =ROUND(ROUND(E10,2)*ROUND(F10,2),2) -> 10425.09
A11: ACE-002 | B11: Bancada de granito tipo Branco Siena, com espessura de 2 cm, com acabamento polido, inclusive chumbamento na alvenaria, exclusive cantoneira de apoio. Saia h=10cm e rodabanca h=10cm. Tudo incluído. | C11: PRÓPRIA | D11: m2 | E11: 2.21 | F11: 825.2 | G11: =ROUND(ROUND(E11,2)*ROUND(F11,2),2) -> 1823.69
A12: CLI-003 | B12: CORTINA DE AR COM DUAS VELOCIDADES, PARA VAO DE 1, 50M.FORNECIMENTO E COLOCACÃO. | C12: PRÓPRIA | D12: UN | E12: 2 | F12: 750.01 | G12: =ROUND(ROUND(E12,2)*ROUND(F12,2),2) -> 1500.02
A13: CAB-004 | B13: CURVA 90 GRAUS PARA ELETRODUTO, PVC, ROSCÁVEL, DN 32 MM (1"), PARA CIRCUITOS TERMINAIS - FORNECIMENTO E INSTALAÇÃO. | C13: PRÓPRIA | D13: UN | E13: 20 | F13: 22.81 | G13: =ROUND(ROUND(E13,2)*ROUND(F13,2),2) -> 456.2
A14: ELE-011 | B14: Caixa de embutir marca de referência Tigreflex, 4x4" OCTOGONAL | C14: PRÓPRIA | D14: und | E14: 135 | F14: 16.72 | G14: =ROUND(ROUND(E14,2)*ROUND(F14,2),2) -> 2257.2
A15: ELE-012 | B15: Caixa de passagem com tampão ferro fundido, 300×300×300mm | C15: PRÓPRIA | D15: und | E15: 8 | F15: 188.11 | G15: =ROUND(ROUND(E15,2)*ROUND(F15,2),2) -> 1504.88
A16: DEM-004 | B16: DEMOLICÃO MANUAL DE PISO INTERTRAVADO COM EMPILHAMENTO | C16: PRÓPRIA | D16: m2 | E16: 1181.5 | F16: 2.56 | G16: =ROUND(ROUND(E16,2)*ROUND(F16,2),2) -> 3024.64
A17: DEM-003 | B17: DEMOLIÇÃO DE CALÇADA PORTUGUESA. | C17: PRÓPRIA | D17: M2 | E17: 869.67 | F17: 6.22 | G17: =ROUND(ROUND(E17,2)*ROUND(F17,2),2) -> 5409.35
A18: ELE-015 | B18: DISJUNTOR BIPOLAR TIPO DIN, CORRENTE NOMINAL DE 63A - FORNECIMENTO E INSTALAÇÃO. | C18: PRÓPRIA | D18: UN | E18: 1 | F18: 58.26 | G18: =ROUND(ROUND(E18,2)*ROUND(F18,2),2) -> 58.26
... A59: SPDA-002 | B59: Terminal aéreo em aço galvanizado 3/8" x 50cm, com fixação horizontal | C59: PRÓPRIA | D59: un | E59: 1 | F59: 30.86 | G59: =ROUND(ROUND(E59,2)*ROUND(F59,2),2) -> 30.86
A61: CARLOS RAPHAEL MONTEIRO DE LEMOS ENGENHEIRO CIVIL | CREA-ES 011.840/D | G61: =ROUND(ROUND(E61,2)*ROUND(F61,2),2) -> 0

Sheet COMPOSICOES PROPRIAS
A1: COMPOSIÇÕES DE CUSTOS PRÓPRIAS
B2: OBRA: Restauro da Igreja de Nossa Senhora da Conceição e Reforma da Praça Barbosa Leão, Serra Centro Serra/ES. | H2: DATA: 30/06/2026
B3: DESCRIÇÃO: Restauro da Igreja de Nossa Senhora da Conceição e Reforma da Praça Barbosa Leão | H3: BDI: 33,25% | Encargos Sociais: 157,27%
B4: LOCAL: Praça Barbosa Leão, Serra Centro, Serra - ES | CEP: 29176-050 | H4: DATA BASE: MARÇO/2026
A5: PROPONENTE: PREFEITURA MUNICIPAL DA SERRA
A6: ​RES-018​ Restauro - Cobertura provisória p/ proteção de fachadas, executadas sobre andaimes existentes ao longo do passeio, com telha fibrocimento 4mm, apoiada em peças mistas 7,5 x 7,5cm, utilização = 2 vezes (Não incluido o custo c/ o andaime)​ (m)
A7: Material | C7: FONTE | E7: UNID | F7: COEFICIENTE | G7: PREÇO UNITÁRIO | H7: TOTAL
A8: I027003 | B8: ARAME GALVANIZADO N.12 BWG | C8: DER-ES EDIF | E8: KG | F8: 0.1 | G8: 14.37 | H8: =ROUND(ROUND(F8,8)*G8,2) -> 1.44
A9: I01607S | B9: Conjunto arruelas de vedacao 5/16" para telha fibrocimento (uma arruela metalica e uma arruela pvc - conicas) | C9: ORSE | E9: cj | F9: 0.71 | G9: 0.28 | H9: =ROUND(ROUND(F9,8)*G9,2) -> 0.2
A10: I01569 | B10: Madeira mista serrada (barrote) 6 x 6cm - 0,0036 m3/m (angelim, louro) | C10: ORSE | E10: m | F10: 1.1 | G10: 6.69 | H10: =ROUND(ROUND(F10,8)*G10,2) -> 7.36
A11: I04299S | B11: Parafuso zincado rosca soberba, cabeca sextavada, 5/16" x 110 mm, para fixacao de telha em madeira | C11: ORSE | E11: un | F11: 0.71 | G11: 1.5 | H11: =ROUND(ROUND(F11,8)*G11,2) -> 1.07
A12: I02193 | B12: Telha fibrocimento ondulada, dim: 2,44 x 0,50m, esp=4 mm, s/ acessorios | C12: ORSE | E12: m2 | F12: 0.59 | G12: 21.85 | H12: =ROUND(ROUND(F12,8)*G12,2) -> 12.89
F13: TOTAL Material: | H13: =SUM(H8:H12) -> 22.96
A14: Mão de Obra | C14: FONTE | E14: UNID | F14: COEFICIENTE | G14: PREÇO UNITÁRIO | H14: TOTAL
A15: I010111 | B15: CARPINTEIRO (OFICIAL - SINDUSCON) | C15: DER-ES EDIF | E15: H | F15: 0.22 | G15: 26.03 | H15: =ROUND(ROUND(F15,8)*G15,2) -> 5.73
A16: I010146 | B16: SERVENTE (AUXILIAR DE OBRAS - SINDUSCON) | C16: DER-ES EDIF | E16: H | F16: 0.22 | G16: 19.68 | H16: =ROUND(ROUND(F16,8)*G16,2) -> 4.33
F17: TOTAL Mão de Obra: | H17: =SUM(H15:H16) -> 10.06
A18: Observações: COPIA ORSE - SE - 2026/03 (REF: 05/2026) 51291 - S08626 | F18: VALOR: | H18: 33.02
A20: ​DEM-005​ Retirada manual de caixa d'água, sem considerar o reaproveitamento do reservatório, inclusive remoção dos flanges, boia e vedação dos pontos de alimentação de água fria​ (und)
A21: MÃO DE OBRA | E21: UNID | F21: CONSUMO | G21: SALÁRIO HORA | H21: CUSTO HORÁRIO
A22: I010101 | B22: AJUDANTE (AJUDANTE PRATICO - SINDUSCON) | E22: H | F22: 1.4 | G22: 21.94 | H22: =ROUND(ROUND(F22,8)*G22,2) -> 30.72
A23: I010118 | B23: ENCANADOR (OFICIAL - SINDUSCON) | E23: H | F23: 1.4 | G23: 26.03 | H23: =ROUND(ROUND(F23,8)*G23,2) -> 36.44
F24: TOTAL MÃO DE OBRA: | H24: =SUM(H22:H23) -> 67.16
F25: Custo Horário da Execução: | H25: =SUM(H24) -> 67.16
F26: Produção da Equipe: | H26: 1
F27: Custo Unitário da Execução: | H27: =ROUND(H25/H26,4) -> 67.16
F28: Custo Direto Total: | H28: =SUM(H27) -> 67.16
A29: Observações: COPIA IOPES - ES - 2026/01 (REF: 03/2026) 50803 S010227 | F29: VALOR: | H29: 67.16
A31: ​DEM-003​ DEMOLIÇÃO DE CALÇADA PORTUGUESA.​ (M2)
A32: Mão de Obra | C32: FONTE | E32: UNID | F32: COEFICIENTE | G32: PREÇO UNITÁRIO | H32: TOTAL
A33: I010139 | B33: PEDREIRO (OFICIAL - SINDUSCON) | C33: DER-ES EDIF | E33: H | F33: 0.05 | G33: 26.03 | H33: =ROUND(ROUND(F33,8)*G33,2) -> 1.3
A34: I010146 | B34: SERVENTE (AUXILIAR DE OBRAS - SINDUSCON) | C34: DER-ES EDIF | E34: H | F34: 0.25 | G34: 19.68 | H34: =ROUND(ROUND(F34,8)*G34,2) -> 4.92
F35: TOTAL Mão de Obra: | H35: =SUM(H33:H34) -> 6.22
A36: Observações: COPIA SUDECAP - MG - 2026/01 SEM DESONERAÇÃO (REF: 03/2026) 50806 02.11.03 | F36: VALOR: | H36: 6.22
A38: ​DEM-004​ DEMOLICÃO MANUAL DE PISO INTERTRAVADO COM EMPILHAMENTO​ (m2)
A39: Mão de Obra | C39: FONTE | E39: UNID | F39: COEFICIENTE | G39: PREÇO UNITÁRIO | H39: TOTAL
A40: I010139 | B40: PEDREIRO (OFICIAL - SINDUSCON) | C40: DER-ES EDIF | E40: H | F40: 0.056 | G40: 26.03 | H40: =ROUND(ROUND(F40,8)*G40,2) -> 1.46
A41: I010146 | B41: SERVENTE (AUXILIAR DE OBRAS - SINDUSCON) | C41: DER-ES EDIF | E41: H | F41: 0.056 | G41: 19.68 | H41: =ROUND(ROUND(F41,8)*G41,2) -> 1.1
F42: TOTAL Mão de Obra: | H42: =SUM(H40:H41) -> 2.56
A43: Observações: COPIA GOINFRA CIVIL - GO - T327 2025/12 SEM DESONERAÇÃO (REF: 03/2026) 50633 020126 | F43: VALOR: | H43: 2.56
A46: ​REV-002​ PAREDE DRYWALL ESP.78MM,ESTRUT.MONTANTES AUTOPORTANTES 48MM,ESPACADAS ENTRE SI A CADA 400MM,GUIAS HORIZONTAIS 48MM,AMBOSACO GALV.ESP.0,5MM,C/DUAS CHAPAS GESSO ACARTONADO,RU(RESISTENTE A UMIDADE),ESP.15MM,LARG.1200MM,C/TRATAMENTO DE JUNTASC/MASSA E FITA P/UNIF.DA SUPERF.DAS CHAPAS DE GESSO ACARTONADO.APLICACAO EM AREA SECA E UMIDA.FORNECIMENTO E COLOCACAO​ (M2)
A47: Material | C47: FONTE | E47: UNID | F47: COEFICIENTE | G47: PREÇO UNITÁRIO | H47: TOTAL
A48: 14633 | B48: CHAPA DE GESSO ACARTONADO, RESISTENTE A UMIDADE(RU), ESP=15,0MM, 1200X2400MM (LXC) | C48: EMOP | E48: M2 | F48: 2.1 | G48: 35.57 | H48: =ROUND(ROUND(F48,8)*G48,2) -> 74.7
A49: 14637 | B49: FITA DE PAPEL MICROPERFURADO 50X150MM, PARA TRATAMENTO DE JUNTAS DE CHAPA DE GESSO PARA DRYWALL | C49: EMOP | E49: M | F49: 2.8 | G49: 0.27 | H49: =ROUND(ROUND(F49,8)*G49,2) -> 0.76
A50: 14638 | B50: FITA PARA TRATAMENTO ACUSTICO (BANDA ACUSTICA) 3000X48MM | C50: EMOP | E50: M | F50: 0.7 | G50: 2.37 | H50: =ROUND(ROUND(F50,8)*G50,2) -> 1.66
A51: 14642 | B51: MASSA P/REJUNTE (EM PO),P/DRYWALL,A BASE DE GESSO,SECAGEM RAPIDA,P/TRAT. DE JUNTAS DE CHAPA DE GESSO(C/ADICAO DE AGUA) | C51: EMOP | E51: KG | F51: 1.0327 | G51: 3.22 | H51: =ROUND(ROUND(F51,8)*G51,2) -> 3.33
A52: 14657 | B52: PARAFUSO PARA DRYWALL, EM ACO FOSFATIZADO, CABECA TROMBETA EPONTA AGULHA (TA), COMPRIMENTO 25MM | C52: EMOP | E52: UN | F52: 26.6667 | G52: 0.03 | H52: =ROUND(ROUND(F52,8)*G52,2) -> 0.8
A53: 14646 | B53: PERFIL GUIA, FORMATO U, EM ACO ZINCADO, PARA ESTRUTURA PAREDE DRYWALL, ESP=0,5MM, 48X3000MM (LXC) | C53: EMOP | E53: M | F53: 0.7 | G53: 4.94 | H53: =ROUND(ROUND(F53,8)*G53,2) -> 3.46
A54: 14650 | B54: PERFIL MONTANTE, FORMATO"C", EM ACO ZINCADO, PARA ESTRUTURAPAREDE DRYWALL, ESP=0,5MM, 48X3000MM (LXC) | C54: EMOP | E54: M | F54: 2.625 | G54: 5.62 | H54: =ROUND(ROUND(F54,8)*G54,2) -> 14.75
A55: 14660 | B55: PINO DE ACO COM ARRUELA CONICA, DIAMETRO ARRUELA=23MM E COMPRIMENTO DE HASTE=27MM (ACAO INDIRETA) | C55: EMOP | E55: UN | F55: 2.5556 | G55: 0.44 | H55: =ROUND(ROUND(F55,8)*G55,2) -> 1.12
F56: TOTAL Material: | H56: =SUM(H48:H55) -> 100.58
A57: Mão de Obra | C57: FONTE | E57: UNID | F57: COEFICIENTE | G57: PREÇO UNITÁRIO | H57: TOTAL
A58: I010278 | B58: MONTADOR DE ESTRUTURA - SINTRACONST | C58: DER-ES EDIF | E58: H | F58: 0.5449 | G58: 38.92 | H58: =ROUND(ROUND(F58,8)*G58,2) -> 21.21
A59: I010146 | B59: SERVENTE (AUXILIAR DE OBRAS - SINDUSCON) | C59: DER-ES EDIF | E59: H | F59: 0.1362 | G59: 19.68 | H59: =ROUND(ROUND(F59,8)*G59,2) -> 2.68
F60: TOTAL Mão de Obra: | H60: =SUM(H58:H59) -> 23.89
A61: Observações: COPIA EMOP - RJ - 2026/02 (REF: 03/2026) 50799 - 12.016.0024-0 | F61: VALOR: | H61: 124.47
A63: ​REV-003​ Porcelanato esmaltado, acabamento acetinado, dim. 90x90cm MARCA DE REF.: BIANCOGRÊS OU EQUIVALENTE, REJUNTE ACRÍLICO, NA COR CINZA PLATINA ESP. 1,5mm, ref. de cor CIMENTO CINZA BOLD Portobello/equiv, colagem de argamassa colante para porcelanato tipo ACIII.​ (m2)
A64: MÃO DE OBRA | E64: UNID | F64: CONSUMO | G64: SALÁRIO HORA | H64: CUSTO HORÁRIO
A65: I010128 | B65: LADRILHISTA (OFICIAL - SINDUSCON) | E65: H | F65: 0.9 | G65: 26.03 | H65: =ROUND(ROUND(F65,8)*G65,2) -> 23.43
A66: I010146 | B66: SERVENTE (AUXILIAR DE OBRAS - SINDUSCON) | E66: H | F66: 0.9 | G66: 19.68 | H66: =ROUND(ROUND(F66,8)*G66,2) -> 17.71
F67: TOTAL MÃO DE OBRA: | H67: =SUM(H65:H66) -> 41.14
F68: Custo Horário da Execução: | H68: =SUM(H67) -> 41.14
F69: Produção da Equipe: | H69: 1
F70: Custo Unitário da Execução: | H70: =ROUND(H68/H69,4) -> 41.14
A71: MATERIAIS | E71: UNID | F71: CONSUMO | G71: VALOR UNITÁRIO | H71: CUSTO UNITÁRIO
A72: I020732 | B72: ARGAM COLANTE FLEXIVEL AC III P/ ASSENT. PORCELANATO E PEDRAS (GRANITO E MÁRMORE) | E72: KG | F72: 8 | G72: 1.77 | H72: =ROUND(ROUND(F72,8)*G72,2) -> 14.16
A73: 00045191 | B73: PISO EM PORCELANATO,RETIFICADO, LISO, MONOCOLOR, ACETINADO OU POLIDO, FORMATO MAIOR QUE 6400 CM2 | E73: M2 | F73: 1.02 | G73: 96.53 | H73: =ROUND(ROUND(F73,8)*G73,2) -> 98.46
A74: I020468 | B74: REJUNTE PORCELANATO QUARTZOLIT | E74: KG | F74: 0.112 | G74: 16.46 | H74: =ROUND(ROUND(F74,8)*G74,2) -> 1.84
F75: TOTAL MATERIAIS: | H75: =SUM(H72:H74) -> 114.46
F76: Custo Direto Total: | H76: =SUM(H70,H75) -> 155.6
A77: Observações: COPIA IOPES - ES - 2026/01 (REF: 03/2026) 50803 - S130233 | F77: VALOR: | H77: 155.6
A79: ​PAV-005​ PISO DE BORRACHA 1X1M, ESPESSURA 15MM, ASSENTADO COM ARGAMASSA. COLORIDO.​ (M2)
A80: Material | C80: FONTE | E80: UNID | F80: COEFICIENTE | G80: PREÇO UNITÁRIO | H80: TOTAL
A81: 00037595 | B81: ARGAMASSA COLANTE TIPO AC III | C81: SINAPI | E81: KG | F81: 9.13 | G81: 2.21 | H81: =ROUND(ROUND(F81,8)*G81,2) -> 20.18
A82: INS-84363879 | B82: PISO DE BORRACHA EM PLACA DE 100X100CM E=15MM, AMARELO | C82: COTAÇÃO | E82: M2 | F82: 1.06 | G82: 309.68 | H82: =ROUND(ROUND(F82,8)*G82,2) -> 328.26
F83: TOTAL Material: | H83: =SUM(H81:H82) -> 348.44
A84: Mão de Obra | C84: FONTE | E84: UNID | F84: COEFICIENTE | G84: PREÇO UNITÁRIO | H84: TOTAL
A85: I010139 | B85: PEDREIRO (OFICIAL - SINDUSCON) | C85: DER-ES EDIF | E85: H | F85: 0.7116667 | G85: 26.03 | H85: =ROUND(ROUND(F85,8)*G85,2) -> 18.52
A86: I010146 | B86: SERVENTE (AUXILIAR DE OBRAS - SINDUSCON) | C86: DER-ES EDIF | E86: H | F86: 0.3558333 | G86: 19.68 | H86: =ROUND(ROUND(F86,8)*G86,2) -> 7
F87: TOTAL Mão de Obra: | H87: =SUM(H85:H86) -> 25.52
A88: Observações: COPIA SINAPI - ES - 2026/04 SEM DESONERAÇÃO (REF: 05/2026) 51344 - 101735 | F88: VALOR: | H88: 373.96
A90: ​ACE-001​ Espelho de cristal prata, instalado.​ (m2)
A91: Material | C91: FONTE | E91: UNID | F91: COEFICIENTE | G91: PREÇO UNITÁRIO | H91: TOTAL
A92: I037057 | B92: ESPELHO PRATA ESPESSURA 4 MM | C92: DER-ES EDIF | E92: M2 | F92: 1 | G92: 467.46 | H92: =ROUND(ROUND(F92,8)*G92,2) -> 467.46
F93: TOTAL Material: | H93: =SUM(H92:H92) -> 467.46
A94: Mão de Obra | C94: FONTE | E94: UNID | F94: COEFICIENTE | G94: PREÇO UNITÁRIO | H94: TOTAL
A95: I010139 | B95: PEDREIRO (OFICIAL - SINDUSCON) | C95: DER-ES EDIF | E95: H | F95: 0.3 | G95: 26.03 | H95: =ROUND(ROUND(F95,8)*G95,2) -> 7.81
A96: I010146 | B96: SERVENTE (AUXILIAR DE OBRAS - SINDUSCON) | C96: DER-ES EDIF | E96: H | F96: 0.3 | G96: 19.68 | H96: =ROUND(ROUND(F96,8)*G96,2) -> 5.9
F97: TOTAL Mão de Obra: | H97: =SUM(H95:H96) -> 13.71
A98: Observações: COPIA ORSE - SE - 2026/02 (REF: 03/2026) 50787 - S09718 | F98: VALOR: | H98: 481.17
A100: ​URB-020​ BANCO DE MADEIRA DE MACARANDUBA EM RIPAS DE (1,5X4)CM, FIXADAS EM ESTRUTURA DE (7, 50X3, 75)CM, COM VERNIZ. TUDO INCLUÍDO.​ (UND)
A101: Material | C101: FONTE | E101: UNID | F101: COEFICIENTE | G101: PREÇO UNITÁRIO | H101: TOTAL
A102: 00225 | B102: ADESIVO DE CONTATO A BASE DE SOLVENTES, RESINAS E BORRACHASSINTETICAS E ADITIVOS, EMBALAGEM DE 3,2L/2,8KG | C102: EMOP | E102: GL | F102: 0.023 | G102: 97.84 | H102: =ROUND(ROUND(F102,8)*G102,2) -> 2.25
A103: 05434 | B103: MACARANDUBA EM PECAS, DE 3,75X7,50CM (1.1/2"X3") | C103: EMOP | E103: M | F103: 10.1 | G103: 11.5 | H103: =ROUND(ROUND(F103,8)*G103,2) -> 116.15
A104: 02605 | B104: MACARANDUBA EM RIPAS, DE (1,5x4)CM | C104: EMOP | E104: M | F104: 8.5 | G104: 3.86 | H104: =ROUND(ROUND(F104,8)*G104,2) -> 32.81
A105: 00665 | B105: PARAFUSO DE LATAO, ROSCA SOBERBA, CABECA CHATA, DE 5,5MMX2.1/2" | C105: EMOP | E105: UN | F105: 39.2 | G105: 3.46 | H105: =ROUND(ROUND(F105,8)*G105,2) -> 135.63
F106: TOTAL Material: | H106: =SUM(H102:H105) -> 286.84
A107: Mão de Obra | C107: FONTE | E107: UNID | F107: COEFICIENTE | G107: PREÇO UNITÁRIO | H107: TOTAL
A108: I010111 | B108: CARPINTEIRO (OFICIAL - SINDUSCON) | C108: DER-ES EDIF | E108: H | F108: 12 | G108: 26.03 | H108: =ROUND(ROUND(F108,8)*G108,2) -> 312.36
A109: I010146 | B109: SERVENTE (AUXILIAR DE OBRAS - SINDUSCON) | C109: DER-ES EDIF | E109: H | F109: 16 | G109: 19.68 | H109: =ROUND(ROUND(F109,8)*G109,2) -> 314.88
...

Sheet COMPOSICOES AUXILIARES
A1: COMPOSIÇÕES DE CUSTOS AUXILIARES
B2: OBRA: Restauro da Igreja de Nossa Senhora da Conceição e Reforma da Praça Barbosa Leão, Serra Centro Serra/ES. | J2: DATA: 30/06/2026
B3: DESCRIÇÃO: Restauro da Igreja de Nossa Senhora da Conceição e Reforma da Praça Barbosa Leão | J3: BDI: 33,25% | Encargos Sociais: 157,27%
B4: LOCAL: Praça Barbosa Leão, Serra Centro, Serra - ES | CEP: 29176-050 | J4: DATA BASE: MARÇO/2026
B5: PROPONENTE: PREFEITURA MUNICIPAL DA SERRA
A6: ​88238​ AJUDANTE DE ARMADOR COM ENCARGOS COMPLEMENTARES​ (H)
A7: Encargos Complementares | D7: FONTE | G7: UNID | H7: COEFICIENTE | J7: PREÇO UNITÁRIO | L7: TOTAL
A8: 00037370 | B8: ALIMENTACAO - HORISTA (COLETADO CAIXA - ENCARGOS COMPLEMENTARES) | D8: SINAPI | G8: H | H8: 1 | J8: 7.63 | L8: =TRUNC(TRUNC(H8,8)*J8,2) -> 7.63
A9: 00043489 | B9: EPI - FAMILIA PEDREIRO - HORISTA (ENCARGOS COMPLEMENTARES - COLETADO CAIXA) | D9: SINAPI | G9: H | H9: 1 | J9: 1.28 | L9: =TRUNC(TRUNC(H9,8)*J9,2) -> 1.28
A10: 00037372 | B10: EXAMES - HORISTA (COLETADO CAIXA - ENCARGOS COMPLEMENTARES) | D10: SINAPI | G10: H | H10: 1 | J10: 1.62 | L10: =TRUNC(TRUNC(H10,8)*J10,2) -> 1.62
A11: 00043465 | B11: FERRAMENTAS - FAMILIA PEDREIRO - HORISTA (ENCARGOS COMPLEMENTARES - COLETADO CAIXA) | D11: SINAPI | G11: H | H11: 1 | J11: 0.68 | L11: =TRUNC(TRUNC(H11,8)*J11,2) -> 0.68
A12: 00037373 | B12: SEGURO - HORISTA (COLETADO CAIXA - ENCARGOS COMPLEMENTARES) | D12: SINAPI | G12: H | H12: 1 | J12: 0.11 | L12: =TRUNC(TRUNC(H12,8)*J12,2) -> 0.11
A13: 00037371 | B13: TRANSPORTE - HORISTA (COLETADO CAIXA - ENCARGOS COMPLEMENTARES) | D13: SINAPI | G13: H | H13: 1 | J13: 0.66 | L13: =TRUNC(TRUNC(H13,8)*J13,2) -> 0.66
H14: TOTAL Encargos Complementares: | L14: =SUM(L8:L13) -> 11.98
A15: Mão de Obra | D15: FONTE | G15: UNID | H15: COEFICIENTE | J15: PREÇO UNITÁRIO | L15: TOTAL
A16: 00006114 | B16: AJUDANTE DE ARMADOR (HORISTA) | D16: SINAPI | G16: H | H16: 1 | J16: 18.94 | L16: =TRUNC(TRUNC(H16,8)*J16,2) -> 18.94
H17: TOTAL Mão de Obra: | L17: =SUM(L16:L16) -> 18.94
A18: Serviço | D18: FONTE | G18: UNID | H18: COEFICIENTE | J18: PREÇO UNITÁRIO | L18: TOTAL
A19: 95308 | B19: CURSO DE CAPACITAÇÃO PARA AJUDANTE DE ARMADOR (ENCARGOS COMPLEMENTARES) - HORISTA | D19: SINAPI | G19: H | H19: 1 | J19: 0.21 | L19: =TRUNC(TRUNC(H19,8)*J19,2) -> 0.21
H20: TOTAL Serviço: | L20: =SUM(L19:L19) -> 0.21
H21: VALOR: | L21: =ROUND(SUM(L14,L17,L20),2) -> 31.13
A23: ​88239​ AJUDANTE DE CARPINTEIRO COM ENCARGOS COMPLEMENTARES​ (H)
A24: Encargos Complementares | D24: FONTE | G24: UNID | H24: COEFICIENTE | J24: PREÇO UNITÁRIO | L24: TOTAL
A25: 00037370 | B25: ALIMENTACAO - HORISTA (COLETADO CAIXA - ENCARGOS COMPLEMENTARES) | D25: SINAPI | G25: H | H25: 1 | J25: 7.63 | L25: =TRUNC(TRUNC(H25,8)*J25,2) -> 7.63
A26: 00043483 | B26: EPI - FAMILIA CARPINTEIRO DE FORMAS - HORISTA (ENCARGOS COMPLEMENTARES - COLETADO CAIXA) | D26: SINAPI | G26: H | H26: 1 | J26: 1.26 | L26: =TRUNC(TRUNC(H26,8)*J26,2) -> 1.26
A27: 00037372 | B27: EXAMES - HORISTA (COLETADO CAIXA - ENCARGOS COMPLEMENTARES) | D27: SINAPI | G27: H | H27: 1 | J27: 1.62 | L27: =TRUNC(TRUNC(H27,8)*J27,2) -> 1.62
A28: 00043459 | B28: FERRAMENTAS - FAMILIA CARPINTEIRO DE FORMAS - HORISTA (ENCARGOS COMPLEMENTARES - COLETADO CAIXA) | D28: SINAPI | G28: H | H28: 1 | J28: 0.28 | L28: =TRUNC(TRUNC(H28,8)*J28,2) -> 0.28
A29: 00037373 | B29: SEGURO - HORISTA (COLETADO CAIXA - ENCARGOS COMPLEMENTARES) | D29: SINAPI | G29: H | H29: 1 | J29: 0.11 | L29: =TRUNC(TRUNC(H29,8)*J29,2) -> 0.11
A30: 00037371 | B30: TRANSPORTE - HORISTA (COLETADO CAIXA - ENCARGOS COMPLEMENTARES) | D30: SINAPI | G30: H | H30: 1 | J30: 0.66 | L30: =TRUNC(TRUNC(H30,8)*J30,2) -> 0.66
H31: TOTAL Encargos Complementares: | L31: =SUM(L25:L30) -> 11.56
A32: Mão de Obra | D32: FONTE | G32: UNID | H32: COEFICIENTE | J32: PREÇO UNITÁRIO | L32: TOTAL
A33: 00006117 | B33: CARPINTEIRO AUXILIAR (HORISTA) | D33: SINAPI | G33: H | H33: 1 | J33: 18.94 | L33: =TRUNC(TRUNC(H33,8)*J33,2) -> 18.94
H34: TOTAL Mão de Obra: | L34: =SUM(L33:L33) -> 18.94
A35: Serviço | D35: FONTE | G35: UNID | H35: COEFICIENTE | J35: PREÇO UNITÁRIO | L35: TOTAL
A36: 95309 | B36: CURSO DE CAPACITAÇÃO PARA AJUDANTE DE CARPINTEIRO (ENCARGOS COMPLEMENTARES) - HORISTA | D36: SINAPI | G36: H | H36: 1 | J36: 0.27 | L36: =TRUNC(TRUNC(H36,8)*J36,2) -> 0.27
H37: TOTAL Serviço: | L37: =SUM(L36:L36) -> 0.27
H38: VALOR: | L38: =ROUND(SUM(L31,L34,L37),2) -> 30.77
A40: ​88243​ AJUDANTE ESPECIALIZADO COM ENCARGOS COMPLEMENTARES​ (H)
A41: Encargos Complementares | D41: FONTE | G41: UNID | H41: COEFICIENTE | J41: PREÇO UNITÁRIO | L41: TOTAL
A42: 00037370 | B42: ALIMENTACAO - HORISTA (COLETADO CAIXA - ENCARGOS COMPLEMENTARES) | D42: SINAPI | G42: H | H42: 1 | J42: 7.63 | L42: =TRUNC(TRUNC(H42,8)*J42,2) -> 7.63
A43: 00043491 | B43: EPI - FAMILIA SERVENTE - HORISTA (ENCARGOS COMPLEMENTARES - COLETADO CAIXA) | D43: SINAPI | G43: H | H43: 1 | J43: 1.34 | L43: =TRUNC(TRUNC(H43,8)*J43,2) -> 1.34
A44: 00037372 | B44: EXAMES - HORISTA (COLETADO CAIXA - ENCARGOS COMPLEMENTARES) | D44: SINAPI | G44: H | H44: 1 | J44: 1.62 | L44: =TRUNC(TRUNC(H44,8)*J44,2) -> 1.62
A45: 00043467 | B45: FERRAMENTAS - FAMILIA SERVENTE - HORISTA (ENCARGOS COMPLEMENTARES - COLETADO CAIXA) | D45: SINAPI | G45: H | H45: 1 | J45: 0.57 | L45: =TRUNC(TRUNC(H45,8)*J45,2) -> 0.57
A46: 00037373 | B46: SEGURO - HORISTA (COLETADO CAIXA - ENCARGOS COMPLEMENTARES) | D46: SINAPI | G46: H | H46: 1 | J46: 0.11 | L46: =TRUNC(TRUNC(H46,8)*J46,2) -> 0.11
A47: 00037371 | B47: TRANSPORTE - HORISTA (COLETADO CAIXA - ENCARGOS COMPLEMENTARES) | D47: SINAPI | G47: H | H47: 1 | J47: 0.66 | L47: =TRUNC(TRUNC(H47,8)*J47,2) -> 0.66
H48: TOTAL Encargos Complementares: | L48: =SUM(L42:L47) -> 11.93
A49: Mão de Obra | D49: FONTE | G49: UNID | H49: COEFICIENTE | J49: PREÇO UNITÁRIO | L49: TOTAL
A50: 00000242 | B50: AJUDANTE ESPECIALIZADO (HORISTA) | D50: SINAPI | G50: H | H50: 1 | J50: 17.18 | L50: =TRUNC(TRUNC(H50,8)*J50,2) -> 17.18
H51: TOTAL Mão de Obra: | L51: =SUM(L50:L50) -> 17.18
A52: Serviço | D52: FONTE | G52: UNID | H52: COEFICIENTE | J52: PREÇO UNITÁRIO | L52: TOTAL
A53: 95313 | B53: CURSO DE CAPACITAÇÃO PARA AJUDANTE ESPECIALIZADO (ENCARGOS COMPLEMENTARES) - HORISTA | D53: SINAPI | G53: H | H53: 1 | J53: 0.19 | L53: =TRUNC(TRUNC(H53,8)*J53,2) -> 0.19
H54: TOTAL Serviço: | L54: =SUM(L53:L53) -> 0.19
H55: VALOR: | L55: =ROUND(SUM(L48,L51,L54),2) -> 29.3
A57: ​87367​ ARGAMASSA TRAÇO 1:1:6 (EM VOLUME DE CIMENTO, CAL E AREIA MÉDIA ÚMIDA) PARA EMBOÇO/MASSA ÚNICA/ASSENTAMENTO DE ALVENARIA DE VEDAÇÃO, PREPARO MANUAL. AF_08/2019​ (M3)
A58: Material | D58: FONTE | G58: UNID | H58: COEFICIENTE | J58: PREÇO UNITÁRIO | L58: TOTAL
A59: 00000370 | B59: AREIA MEDIA - POSTO JAZIDA/FORNECEDOR (RETIRADO NA JAZIDA, SEM TRANSPORTE) | D59: SINAPI | G59: M3 | H59: 1.16 | J59: 90 | L59: =TRUNC(TRUNC(H59,8)*J59,2) -> 104.4
A60: 00001106 | B60: CAL HIDRATADA CH-I PARA ARGAMASSAS | D60: SINAPI | G60: KG | H60: 116.4 | J60: 1.46 | L60: =TRUNC(TRUNC(H60,8)*J60,2) -> 169.94
A61: 00001379 | B61: CIMENTO PORTLAND COMPOSTO CP II-32 | D61: SINAPI | G61: KG | H61: 261.89 | J61: 0.7 | L61: =TRUNC(TRUNC(H61,8)*J61,2) -> 183.32
H62: TOTAL Material: | L62: =SUM(L59:L61) -> 457.66
A63: Mão de Obra com Encargos Complementares | D63: FONTE | G63: UNID | H63: COEFICIENTE | J63: PREÇO UNITÁRIO | L63: TOTAL
A64: 88316 | B64: SERVENTE COM ENCARGOS COMPLEMENTARES | D64: SINAPI | G64: H | H64: 11.23 | J64: 28.97 | L64: =TRUNC(TRUNC(H64,8)*J64,2) -> 325.33
H65: TOTAL Mão de Obra com Encargos Complementares: | L65: =SUM(L64:L64) -> 325.33
H66: VALOR: | L66: =ROUND(SUM(L62,L65),2) -> 782.99
A68: ​88245​ ARMADOR COM ENCARGOS COMPLEMENTARES​ (H)
A69: Encargos Complementares | D69: FONTE | G69: UNID | H69: COEFICIENTE | J69: PREÇO UNITÁRIO | L69: TOTAL
A70: 00037370 | B70: ALIMENTACAO - HORISTA (COLETADO CAIXA - ENCARGOS COMPLEMENTARES) | D70: SINAPI | G70: H | H70: 1 | J70: 7.63 | L70: =TRUNC(TRUNC(H70,8)*J70,2) -> 7.63
A71: 00043489 | B71: EPI - FAMILIA PEDREIRO - HORISTA (ENCARGOS COMPLEMENTARES - COLETADO CAIXA) | D71: SINAPI | G71: H | H71: 1 | J71: 1.28 | L71: =TRUNC(TRUNC(H71,8)*J71,2) -> 1.28
A72: 00037372 | B72: EXAMES - HORISTA (COLETADO CAIXA - ENCARGOS COMPLEMENTARES) | D72: SINAPI | G72: H | H72: 1 | J72: 1.62 | L72: =TRUNC(TRUNC(H72,8)*J72,2) -> 1.62
A73: 00043465 | B73: FERRAMENTAS - FAMILIA PEDREIRO - HORISTA (ENCARGOS COMPLEMENTARES - COLETADO CAIXA) | D73: SINAPI | G73: H | H73: 1 | J73: 0.68 | L73: =TRUNC(TRUNC(H73,8)*J73,2) -> 0.68
A74: 00037373 | B74: SEGURO - HORISTA (COLETADO CAIXA - ENCARGOS COMPLEMENTARES) | D74: SINAPI | G74: H | H74: 1 | J74: 0.11 | L74: =TRUNC(TRUNC(H74,8)*J74,2) -> 0.11
A75: 00037371 | B75: TRANSPORTE - HORISTA (COLETADO CAIXA - ENCARGOS COMPLEMENTARES) | D75: SINAPI | G75: H | H75: 1 | J75: 0.66 | L75: =TRUNC(TRUNC(H75,8)*J75,2) -> 0.66
H76: TOTAL Encargos Complementares: | L76: =SUM(L70:L75) -> 11.98
A77: Mão de Obra | D77: FONTE | G77: UNID | H77: COEFICIENTE | J77: PREÇO UNITÁRIO | L77: TOTAL
A78: 00000378 | B78: ARMADOR (HORISTA) | D78: SINAPI | G78: H | H78: 1 | J78: 23.81 | L78: =TRUNC(TRUNC(H78,8)*J78,2) -> 23.81
H79: TOTAL Mão de Obra: | L79: =SUM(L78:L78) -> 23.81
A80: Serviço | D80: FONTE | G80: UNID | H80: COEFICIENTE | J80: PREÇO UNITÁRIO | L80: TOTAL
A81: 95314 | B81: CURSO DE CAPACITAÇÃO PARA ARMADOR (ENCARGOS COMPLEMENTARES) - HORISTA | D81: SINAPI | G81: H | H81: 1 | J81: 0.27 | L81: =TRUNC(TRUNC(H81,8)*J81,2) -> 0.27
H82: TOTAL Serviço: | L82: =SUM(L81:L81) -> 0.27
H83: VALOR: | L83: =ROUND(SUM(L76,L79,L82),2) -> 36.06
A85: ​95946​ ARMAÇÃO DE ESCADA, DE UMA ESTRUTURA CONVENCIONAL DE CONCRETO ARMADO UTILIZANDO AÇO CA-50 DE 10,0 MM - MONTAGEM. AF_11/2020​ (KG)
A86: Material | D86: FONTE | G86: UNID | H86: COEFICIENTE | J86: PREÇO UNITÁRIO | L86: TOTAL
A87: 00043132 | B87: ARAME RECOZIDO 16 BWG, D = 1,65 MM (0,016 KG/M) OU 18 BWG, D = 1,25 MM (0,01 KG/M) | D87: SINAPI | G87: KG | H87: 0.025 | J87: 23.85 | L87: =TRUNC(TRUNC(H87,8)*J87,2) -> 0.59
A88: 00039017 | B88: ESPACADOR / DISTANCIADOR CIRCULAR COM ENTRADA LATERAL, EM PLASTICO, PARA VERGALHAO *4,2 A 12,5* MM, COBRIMENTO 20 MM | D88: SINAPI | G88: UN | H88: 0.431 | J88: 0.19 | L88: =TRUNC(TRUNC(H88,8)*J88,2) -> 0.08
H89: TOTAL Material: | L89: =SUM(L87:L88) -> 0.67
A90: Mão de Obra com Encargos Complementares | D90: FONTE | G90: UNID | H90: COEFICIENTE | J90: PREÇO UNITÁRIO | L90: TOTAL
A91: 88238 | B91: AJUDANTE DE ARMADOR COM ENCARGOS COMPLEMENTARES | D91: SINAPI | G91: H | H91: 0.015 | J91: 31.13 | L91: =TRUNC(TRUNC(H91,8)*J91,2) -> 0.46
A92: 88245 | B92: ARMADOR COM ENCARGOS COMPLEMENTARES | D92: SINAPI | G92: H | H92: 0.094 | J92: 36.06 | L92: =TRUNC(TRUNC(H92,8)*J92,2) -> 3.38
H93: TOTAL Mão de Obra com Encargos Complementares: | L93: =SUM(L91:L92) -> 3.84
A94: Serviço | D94: FONTE | G94: UNID | H94: COEFICIENTE | J94: PREÇO UNITÁRIO | L94: TOTAL
A95: 92803 | B95: CORTE E DOBRA DE AÇO CA-50, DIÂMETRO DE 10,0 MM. AF_06/2022 | D95: SINAPI | G95: KG | H95: 1 | J95: 10.21 | L95: =TRUNC(TRUNC(H95,8)*J95,2) -> 10.21
H96: TOTAL Serviço: | L96: =SUM(L95:L95) -> 10.21
H97: VALOR: | L97: =ROUND(SUM(L89,L93,L96),2) -> 14.72
A99: ​95947​ ARMAÇÃO DE ESCADA, DE UMA ESTRUTURA CONVENCIONAL DE CONCRETO ARMADO UTILIZANDO AÇO CA-50 DE 12,5 MM - MONTAGEM. AF_11/2020​ (KG)
A100: Material | D100: FONTE | G100: UNID | H100: COEFICIENTE | J100: PREÇO UNITÁRIO | L100: TOTAL
A101: 00043132 | B101: ARAME RECOZIDO 16 BWG, D = 1,65 MM (0,016 KG/M) OU 18 BWG, D = 1,25 MM (0,01 KG/M) | D101: SINAPI | G101: KG | H101: 0.025 | J101: 23.85 | L101: =TRUNC(TRUNC(H101,8)*J101,2) -> 0.59
A102: 00039017 | B102: ESPACADOR / DISTANCIADOR CIRCULAR COM ENTRADA LATERAL, EM PLASTICO, PARA VERGALHAO *4,2 A 12,5* MM, COBRIMENTO 20 MM | D102: SINAPI | G102: UN | H102: 0.278 | J102: 0.19 | L102: =TRUNC(TRUNC(H102,8)*J102,2) -> 0.05
H103: TOTAL Material: | L103: =SUM(L101:L102) -> 0.64
A104: Mão de Obra com Encargos Complementares | D104: FONTE | G104: UNID | H104: COEFICIENTE | J104: PREÇO UNITÁRIO | L104: TOTAL
A105: 88238 | B105: AJUDANTE DE ARMADOR COM ENCARGOS COMPLEMENTARES | D105: SINAPI | G105: H | H105: 0.007 | J105: 31.13 | L105: =TRUNC(TRUNC(H105,8)*J105,2) -> 0.21
A106: 88245 | B106: ARMADOR COM ENCARGOS COMPLEMENTARES | D106: SINAPI | G106: H | H106: 0.042 | J106: 36.06 | L106: =TRUNC(TRUNC(H106,8)*J106,2) -> 1.51
...

Sheet COMPOSICOES
A1: COMPOSIÇÕES DE CUSTOS
B2: OBRA: Restauro da Igreja de Nossa Senhora da Conceição e Reforma da Praça Barbosa Leão, Serra Centro Serra/ES. | J2: DATA: 30/06/2026
B3: DESCRIÇÃO: Restauro da Igreja de Nossa Senhora da Conceição e Reforma da Praça Barbosa Leão | J3: BDI: 33,25% | Encargos Sociais: 157,27%
B4: LOCAL: Praça Barbosa Leão, Serra Centro, Serra - ES | CEP: 29176-050 | J4: DATA BASE: MARÇO/2026
B5: PROPONENTE: PREFEITURA MUNICIPAL DA SERRA
A6: ​S020305​ Placa de obra nas dimensões de 2.0 x 4.0 m, padrão DER​ (m2)
A7: MÃO DE OBRA | G7: UNID | H7: CONSUMO | J7: SALÁRIO HORA | L7: CUSTO HORÁRIO
A8: I010111 | B8: CARPINTEIRO (OFICIAL - SINDUSCON) | G8: H | H8: 0.5 | J8: 26.03 | L8: =TRUNC(TRUNC(H8,8)*J8,2) -> 13.01
A9: I010146 | B9: SERVENTE (AUXILIAR DE OBRAS - SINDUSCON) | G9: H | H9: 0.5 | J9: 19.68 | L9: =TRUNC(TRUNC(H9,8)*J9,2) -> 9.84
H10: TOTAL MÃO DE OBRA: | L10: =SUM(L8:L9) -> 22.85
H11: Custo Horário da Execução: | L11: =SUM(L10) -> 22.85
H12: Produção da Equipe: | L12: 1
H13: Custo Unitário da Execução: | L13: =TRUNC(L11/L12,4) -> 22.85
A14: MATERIAIS | G14: UNID | H14: CONSUMO | J14: VALOR UNITÁRIO | L14: CUSTO UNITÁRIO
A15: I039002 | B15: PLACA DE OBRA CHAPA DE AÇO Nº 22, REQUADRO EM METALON - IMPRESSÃO DIGITAL | G15: M2 | H15: 1 | J15: 203.33 | L15: =TRUNC(TRUNC(H15,8)*J15,2) -> 203.33
A16: I021009 | B16: PONTALETE DE MADEIRA BRUTA DE 3ª 8.0 X 8.0 CM | G16: M | H16: 1.5 | J16: 8.7 | L16: =TRUNC(TRUNC(H16,8)*J16,2) -> 13.05
A17: I026569 | B17: PREGO 18X27 | G17: KG | H17: 0.125 | J17: 13.65 | L17: =TRUNC(TRUNC(H17,8)*J17,2) -> 1.7
A18: I020985 | B18: SARRAFO DE MADEIRA PINUS 10 X 2.5CM | G18: M | H18: 0.25 | J18: 4.01 | L18: =TRUNC(TRUNC(H18,8)*J18,2) -> 1
H19: TOTAL MATERIAIS: | L19: =SUM(L15:L18) -> 219.08
H20: Custo Direto Total: | L20: =SUM(L13,L19) -> 241.93
H21: VALOR: | L21: =ROUND(SUM(L20),2) -> 241.93
A23: ​S020702​ Barracão para almoxarifado área de 10.90m2, de chapa de compensado de 12mm e pontalete 8x8cm, piso cimentado e cobertura de telhas de fibrocimento de 6mm, incl. ponto de luz, conf. projeto (1 utilização)​ (m2)
A24: MÃO DE OBRA | G24: UNID | H24: CONSUMO | J24: SALÁRIO HORA | L24: CUSTO HORÁRIO
A25: I010111 | B25: CARPINTEIRO (OFICIAL - SINDUSCON) | G25: H | H25: 1.506 | J25: 26.03 | L25: =TRUNC(TRUNC(H25,8)*J25,2) -> 39.2
A26: I010115 | B26: ELETRICISTA (OFICIAL - SINDUSCON) | G26: H | H26: 0.692175 | J26: 26.03 | L26: =TRUNC(TRUNC(H26,8)*J26,2) -> 18.01
A27: I010140 | B27: PINTOR (OFICIAL - SINDUSCON) | G27: H | H27: 2.1538 | J27: 26.03 | L27: =TRUNC(TRUNC(H27,8)*J27,2) -> 56.06
A28: I010146 | B28: SERVENTE (AUXILIAR DE OBRAS - SINDUSCON) | G28: H | H28: 4.64103 | J28: 19.68 | L28: =TRUNC(TRUNC(H28,8)*J28,2) -> 91.33
A29: I010150 | B29: TELHADISTA (OFICIAL - SINDUSCON) | G29: H | H29: 0.31552 | J29: 26.03 | L29: =TRUNC(TRUNC(H29,8)*J29,2) -> 8.21
H30: TOTAL MÃO DE OBRA: | L30: =SUM(L25:L29) -> 212.81
H31: Custo Horário da Execução: | L31: =SUM(L30) -> 212.81
H32: Produção da Equipe: | L32: 1
H33: Custo Unitário da Execução: | L33: =TRUNC(L31/L32,4) -> 212.81
A34: MATERIAIS | G34: UNID | H34: CONSUMO | J34: VALOR UNITÁRIO | L34: CUSTO UNITÁRIO
A35: I048534 | B35: ABRACADEIRA EM ACO GALV. P/ AMARRACAO DE ELETRODUTOS, TIPO "U" SIMPLES - 3/4" | G35: UN | H35: 0.55 | J35: 0.55 | L35: =TRUNC(TRUNC(H35,8)*J35,2) -> 0.3
A36: I038001 | B36: AGUARRAS MINERAL - SUVINIL, CORAL OU EQUIVALENTE | G36: L | H36: 0.3916 | J36: 15.92 | L36: =TRUNC(TRUNC(H36,8)*J36,2) -> 6.23
A37: I020503 | B37: AREIA LAVADA MEDIA | G37: M3 | H37: 0.0354 | J37: 152 | L37: =TRUNC(TRUNC(H37,8)*J37,2) -> 5.38
A38: I048516 | B38: ARRUELA DE ALUMINIO FUNDIDO 3/4" - WETZEL OU EQUIVALENTE | G38: UN | H38: 0.27 | J38: 0.85 | L38: =TRUNC(TRUNC(H38,8)*J38,2) -> 0.22
A39: I049505 | B39: BOCAL PORCELANA C/ ROSCA P/ LAMPADA INCANDESCENTE | G39: UN | H39: 0.091 | J39: 2.46 | L39: =TRUNC(TRUNC(H39,8)*J39,2) -> 0.22
A40: I020519 | B40: BRITA 3 | G40: M3 | H40: 0.06 | J40: 180.54 | L40: =TRUNC(TRUNC(H40,8)*J40,2) -> 10.83
A41: I048502 | B41: BUCHA DE ALUMINIO FUNDIDO 3/4" C/ ROSCA BSP- WETZEL OU EQUIVALENTE | G41: UN | H41: 0.27 | J41: 1.61 | L41: =TRUNC(TRUNC(H41,8)*J41,2) -> 0.43
A42: I026548 | B42: BUCHA PLASTICA COM PARAFUSO - 8MM | G42: UN | H42: 1.1 | J42: 0.47 | L42: =TRUNC(TRUNC(H42,8)*J42,2) -> 0.51
A43: I043005 | B43: CABO FLEX ISOL. TERMOPLAST. 750V - 2,50 MM2 - 70º | G43: M | H43: 3.06 | J43: 2.54 | L43: =TRUNC(TRUNC(H43,8)*J43,2) -> 7.77
A44: I031519 | B44: CADEADO 40MM | G44: UN | H44: 0.18 | J44: 36.8 | L44: =TRUNC(TRUNC(H44,8)*J44,2) -> 6.62
A45: I045104 | B45: CAIXA PVC 4 X 2" - IP40 - TIGRE OU EQUIVALENTE | G45: UN | H45: 0.28 | J45: 2.73 | L45: =TRUNC(TRUNC(H45,8)*J45,2) -> 0.76
A46: I020505 | B46: CAL HIDRATADO P/ ARGAMASSA CH III | G46: KG | H46: 1.32 | J46: 1.08 | L46: =TRUNC(TRUNC(H46,8)*J46,2) -> 1.42
... A65: I045519 | B65: TOMADA (MODULO) PAD BRAS 2 P+T 20A/250V NBR 14136 S/ ESPELH | G65: UN | H65: 0.091 | J65: 30.12 | L65: =TRUNC(TRUNC(H65,8)*J65,2) -> 2.74
H66: TOTAL MATERIAIS: | L66: =SUM(L35:L65) -> 390.64
H67: Custo Direto Total: | L67: =SUM(L33,L66) -> 603.45
H68: VALOR: | L68: =ROUND(SUM(L67),2) -> 603.45
A70: ​S020701​ Barracão para escritório com sanitário área de 14.50 m2, de chapa de compens. 12mm e pontalete 8x8cm, piso cimentado e cobertura de telha de fibroc. 6mm, incl. ponto de luz e cx. de inspeção, conf. projeto (1 utilização)​ (m2)
A71: MÃO DE OBRA | G71: UNID | H71: CONSUMO | J71: SALÁRIO HORA | L71: CUSTO HORÁRIO
A72: I010121 | B72: ARMADOR (OFICIAL - SINDUSCON) | G72: H | H72: 0.009604 | J72: 26.03 | L72: =TRUNC(TRUNC(H72,8)*J72,2) -> 0.24
A73: I010111 | B73: CARPINTEIRO (OFICIAL - SINDUSCON) | G73: H | H73: 1.63034 | J73: 26.03 | L73: =TRUNC(TRUNC(H73,8)*J73,2) -> 42.43
A74: I010115 | B74: ELETRICISTA (OFICIAL - SINDUSCON) | G74: H | H74: 1.1244 | J74: 26.03 | L74: =TRUNC(TRUNC(H74,8)*J74,2) -> 29.26
A75: I010118 | B75: ENCANADOR (OFICIAL - SINDUSCON) | G75: H | H75: 1.30934 | J75: 26.03 | L75: =TRUNC(TRUNC(H75,8)*J75,2) -> 34.08
A76: I010139 | B76: PEDREIRO (OFICIAL - SINDUSCON) | G76: H | H76: 0.39792 | J76: 26.03 | L76: =TRUNC(TRUNC(H76,8)*J76,2) -> 10.35
A77: I010140 | B77: PINTOR (OFICIAL - SINDUSCON) | G77: H | H77: 1.8656 | J77: 26.03 | L77: =TRUNC(TRUNC(H77,8)*J77,2) -> 48.56
A78: I010146 | B78: SERVENTE (AUXILIAR DE OBRAS - SINDUSCON) | G78: H | H78: 7.380554 | J78: 19.68 | L78: =TRUNC(TRUNC(H78,8)*J78,2) -> 145.24
A79: I010150 | B79: TELHADISTA (OFICIAL - SINDUSCON) | G79: H | H79: 0.31784 | J79: 26.03 | L79: =TRUNC(TRUNC(H79,8)*J79,2) -> 8.27
H80: TOTAL MÃO DE OBRA: | L80: =SUM(L72:L79) -> 318.43
H81: Custo Horário da Execução: | L81: =SUM(L80) -> 318.43
H82: Produção da Equipe: | L82: 1
H83: Custo Unitário da Execução: | L83: =TRUNC(L81/L82,4) -> 318.43
A84: MATERIAIS | G84: UNID | H84: CONSUMO | J84: VALOR UNITÁRIO | L84: CUSTO UNITÁRIO
A85: I048534 | B85: ABRACADEIRA EM ACO GALV. P/ AMARRACAO DE ELETRODUTOS, TIPO "U" SIMPLES - 3/4" | G85: UN | H85: 0.41 | J85: 0.55 | L85: =TRUNC(TRUNC(H85,8)*J85,2) -> 0.22
A86: I021517 | B86: ACO CA-50 DE 8.0MM | G86: KG | H86: 0.138058 | J86: 5.97 | L86: =TRUNC(TRUNC(H86,8)*J86,2) -> 0.82
A87: I062111 | B87: ADAPTADOR PVC SOLDAVEL PARA REGISTRO 25MM X 3/4" | G87: UN | H87: 0.28 | J87: 1.23 | L87: =TRUNC(TRUNC(H87,8)*J87,2) -> 0.34
A88: I069513 | B88: ADESIVO PARA TUBO DE PVC RIGIDO | G88: KG | H88: 0.017914 | J88: 65.9 | L88: =TRUNC(TRUNC(H88,8)*J88,2) -> 1.18
A89: I024015 | B89: ADITIVO IMPERMEABILIZANTE PEGA NORMAL P/ ARGAMASSA E CONCRETO - SIKA 1, VEDACIT PRO OU EQUIVALENTE | G89: KG | H89: 0.084 | J89: 7.53 | L89: =TRUNC(TRUNC(H89,8)*J89,2) -> 0.63
A90: I038001 | B90: AGUARRAS MINERAL - SUVINIL, CORAL OU EQUIVALENTE | G90: L | H90: 0.3392 | J90: 15.92 | L90: =TRUNC(TRUNC(H90,8)*J90,2) -> 5.4
A91: I064709 | B91: ANEL DE VEDAÇÃO AZUL PARA BACIA SANITARIA | G91: UN | H91: 0.07 | J91: 33.06 | L91: =TRUNC(TRUNC(H91,8)*J91,2) -> 2.31
A92: I027010 | B92: ARAME RECOZIDO N.18 BWG | G92: KG | H92: 0.002401 | J92: 12.07 | L92: =TRUNC(TRUNC(H92,8)*J92,2) -> 0.02
A93: I020503 | B93: AREIA LAVADA MEDIA | G93: M3 | H93: 0.04825 | J93: 152 | L93: =TRUNC(TRUNC(H93,8)*J93,2) -> 7.33
A94: I048516 | B94: ARRUELA DE ALUMINIO FUNDIDO 3/4" - WETZEL OU EQUIVALENTE | G94: UN | H94: 0.41 | J94: 0.85 | L94: =TRUNC(TRUNC(H94,8)*J94,2) -> 0.34
A95: I069509 | B95: ASSENTO DE PLASTICO PARA VASO SANITARIO | G95: UN | H95: 0.07 | J95: 38.99 | L95: =TRUNC(TRUNC(H95,8)*J95,2) -> 2.72
A96: I065502 | B96: BACIA SIFONADA DE LOUCA BRANCA | G96: UN | H96: 0.07 | J96: 274.07 | L96: =TRUNC(TRUNC(H96,8)*J96,2) -> 19.18
... A153: I064006 | B153: VALVULA DE PVC 1" PARA LAVATORIO C/ UNHO | G153: UN | H153: 0.07 | J153: 8.84 | L153: =TRUNC(TRUNC(H153,8)*J153,2) -> 0.61
H154: TOTAL MATERIAIS: | L154: =SUM(L85:L153) -> 558.45
A155: SERVIÇOS | G155: UNID | H155: CONSUMO | J155: PREÇO UNITÁRIO | L155: CUSTO UNITÁRIO
A156: S330103 | B156: betoneira capacidade nominal de 400 l, capacidade de mistura 280 l, motor eletrico trifasico potencia de 2 cv, sem carregador - chp diurno | H156: 0.003699 | J156: 1.89 | L156: =TRUNC(TRUNC(H156,8)*J156,2) -> 0
H157: TOTAL SERVIÇOS: | L157: =SUM(L156:L156) -> 0
H158: Custo Direto Total: | L158: =SUM(L83,L154,L157) -> 876.88
H159: VALOR: | L159: =ROUND(SUM(L158),2) -> 876.88
A161: ​S020355​ Aluguel mensal container sanitário, incl porta, básc, 2 ptos luz, 1 pto aterram., 3vasos, 3lavatórios, calha mictório, 6 chuveiros (1 eletrico), torn.,registros, piso comp. Naval pintado, cert NR18 e laudo descontaminação​ (ms)
A162: MATERIAIS | G162: UNID | H162: CONSUMO | J162: VALOR UNITÁRIO | L162: CUSTO UNITÁRIO
A163: I072282 | B163: ALUGUEL CONTAINER SANITARIO COLET 6X2.40X2.40M | G163: MS | H163: 1 | J163: 1199.25 | L163: =TRUNC(TRUNC(H163,8)*J163,2) -> 1199.25
H164: TOTAL MATERIAIS: | L164: =SUM(L163:L163) -> 1199.25
H165: Custo Direto Total: | L165: =SUM(L164) -> 1199.25
H166: VALOR: | L166: =ROUND(SUM(L165),2) -> 1199.25
A168: ​S020344​ Mobilização e desmobilização de conteiner locado para barracão de obra​ (und)
A169: MATERIAIS | G169: UNID | H169: CONSUMO | J169: VALOR UNITÁRIO | L169: CUSTO UNITÁRIO
A170: I071820 | B170: MOBILIZAÇÃO E DESMOB. CONTEINER P/BARRACÃO DE OBRA | G170: UN | H170: 1 | J170: 1766.67 | L170: =TRUNC(TRUNC(H170,8)*J170,2) -> 1766.67
H171: TOTAL MATERIAIS: | L171: =SUM(L170:L170) -> 1766.67
H172: Custo Direto Total: | L172: =SUM(L171) -> 1766.67
H173: VALOR: | L173: =ROUND(SUM(L172),2) -> 1766.67
A175: ​S020350​ Tapume Telha Metálica Ondulada em aço galvalume 0,50mm Branca h=2,20m, incl. montagem estr. mad. 8"x8", c/adesivo "DER-ES" 60x60cm a cada 10m, incl. faixas pint. esmalte sint. cores azul c/ h=30cm e rosa c/ h=10cm (Reaproveitamento 2x)​ (m)
A176: MÃO DE OBRA | G176: UNID | H176: CONSUMO | J176: SALÁRIO HORA | L176: CUSTO HORÁRIO
A177: I010111 | B177: CARPINTEIRO (OFICIAL - SINDUSCON) | G177: H | H177: 0.88 | J177: 26.03 | L177: =TRUNC(TRUNC(H177,8)*J177,2) -> 22.9
A178: I010146 | B178: SERVENTE (AUXILIAR DE OBRAS - SINDUSCON) | G178: H | H178: 0.88 | J178: 19.68 | L178: =TRUNC(TRUNC(H178,8)*J178,2) -> 17.31
H179: TOTAL MÃO DE OBRA: | L179: =SUM(L177:L178) -> 40.21
...

Sheet CURVA ABC SERVICOS
A1: CURVA ABC - SERVIÇOS
B2: OBRA: Restauro da Igreja de Nossa Senhora da Conceição e Reforma da Praça Barbosa Leão, Serra Centro Serra/ES. | G2: DATA: 30/06/2026
B3: DESCRIÇÃO: Restauro da Igreja de Nossa Senhora da Conceição e Reforma da Praça Barbosa Leão | G3: BDI: 33,25% | Encargos Sociais: 157,27%
B4: LOCAL: Praça Barbosa Leão, Serra Centro, Serra - ES | CEP: 29176-050 | G4: DATA BASE: MARÇO/2026
B5: PROPONENTE: PREFEITURA MUNICIPAL DA SERRA
A6: CÓDIGO | B6: DESCRIÇÃO | C6: FONTE | D6: TIPO | E6: UNIDADE | F6: QUANTIDADE | G6: PREÇO UNITÁRIO | H6: PREÇO TOTAL | I6: % | J6: ACUMUL. % | K6: CL
A7: S130230 | B7: Piso argamassa alta resistência tipo granilite ou equiv de qualidade comprovada, esp de 10mm, com juntas plástica em quadros de 1m, na cor natural, com acabamento anti-derrapante mecanizado, inclusive regularização e=3.0cm | C7: DER-ES EDIF | D7: Serviço | E7: m2 | F7: 1286.86 | G7: 195.7 | H7: =ROUND(F7*G7,2) -> 251838.5 | I7: =H7/VALOR_TOTAL*100 -> 3.4796395 | J7: =I7 -> 3.4796395 | K7: =IF(J7<=50,"A",IF(J7<=80,"B","C")) -> A
A8: 94993 | B8: EXECUÇÃO DE PASSEIO (CALÇADA) OU PISO DE CONCRETO COM CONCRETO MOLDADO IN LOCO, USINADO, ACABAMENTO CONVENCIONAL, ESPESSURA 6 CM, ARMADO. AF_08/2022 | C8: SINAPI | D8: Serviço | E8: M2 | F8: 1911.18 | G8: 111.88 | H8: =ROUND(F8*G8,2) -> 213822.82 | I8: =H8/VALOR_TOTAL*100 -> 2.9543788 | J8: =I8+J7 -> 6.4340182 | K8: =IF(J8<=50,"A",IF(J8<=80,"B","C")) -> A
A9: 104658 | B9: PISO PODOTÁTIL DE ALERTA OU DIRECIONAL, DE CONCRETO, ASSENTADO SOBRE ARGAMASSA. AF_03/2024 | C9: SINAPI | D9: Serviço | E9: M2 | F9: 639.83 | G9: 243.67 | H9: =ROUND(F9*G9,2) -> 155907.38 | I9: =H9/VALOR_TOTAL*100 -> 2.1541642 | J9: =I9+J8 -> 8.5881824 | K9: =IF(J9<=50,"A",IF(J9<=80,"B","C")) -> A
A10: S130230 | B10: Piso argamassa alta resistência tipo granilite ou equiv de qualidade comprovada, esp de 10mm, com juntas plástica em quadros de 1m, colorido com pó xadrez, com acabamento anti-derrapante mecanizado, inclusive regularização e=3.0cm | C10: IOPES | D10: Serviço | E10: m2 | F10: 624.32 | G10: 213.39 | H10: =ROUND(F10*G10,2) -> 133223.64 | I10: =H10/VALOR_TOTAL*100 -> 1.8407441 | J10: =I10+J9 -> 10.428926 | K10: =IF(J10<=50,"A",IF(J10<=80,"B","C")) -> A
A11: S020350 | B11: Tapume Telha Metálica Ondulada em aço galvalume 0,50mm Branca h=2,20m, incl. montagem estr. mad. 8"x8", c/adesivo "DER-ES" 60x60cm a cada 10m, incl. faixas pint. esmalte sint. cores azul c/ h=30cm e rosa c/ h=10cm (Reaproveitamento 2x) | C11: DER-ES EDIF | D11: Serviço | E11: m | F11: 457.06 | G11: 211.41 | H11: =ROUND(F11*G11,2) -> 96627.05 | I11: =H11/VALOR_TOTAL*100 -> 1.3350909 | J11: =I11+J10 -> 11.764017 | K11: =IF(J11<=50,"A",IF(J11<=80,"B","C")) -> A
A12: RES-015 | B12: Piso em ladrilho hidráulico colorido/Mosaico colorido, 20 x 20 cm,aplicado com argamassa industrializada ac-i, rejuntado, exclusive regularização de base ou emboço | C12: PRÓPRIA | D12: Serviço | E12: m2 | F12: 111.98 | G12: 764.06 | H12: =ROUND(F12*G12,2) -> 85559.44 | I12: =H12/VALOR_TOTAL*100 -> 1.1821703 | J12: =I12+J11 -> 12.946188 | K12: =IF(J12<=50,"A",IF(J12<=80,"B","C")) -> A
A13: S200202 | B13: Assentamento de meio-fio pré-moldado de concreto com dimensões de 15 x 12 x 30 x 100 cm, rejuntado com argamassa de cimento e areia no traço 1:3 | C13: DER-ES EDIF | D13: Serviço | E13: m | F13: 831.4 | G13: 96.19 | H13: =ROUND(F13*G13,2) -> 79972.37 | I13: =H13/VALOR_TOTAL*100 -> 1.1049741 | J13: =I13+J12 -> 14.051162 | K13: =IF(J13<=50,"A",IF(J13<=80,"B","C")) -> A
A14: PAV-005 | B14: PISO DE BORRACHA 1X1M, ESPESSURA 15MM, ASSENTADO COM ARGAMASSA. COLORIDO. | C14: PRÓPRIA | D14: Serviço | E14: M2 | F14: 113.92 | G14: 498.3 | H14: =ROUND(F14*G14,2) -> 56766.34 | I14: =H14/VALOR_TOTAL*100 -> 0.78433757 | J14: =I14+J13 -> 14.835499 | K14: =IF(J14<=50,"A",IF(J14<=80,"B","C")) -> A
A15: S120303 | B15: Reboco tipo paulista de argamassa de cimento, cal hidratada CH1 e areia média ou grossa lavada no traço 1:0.5:6, espessura 25 mm | C15: DER-ES EDIF | D15: Serviço | E15: m2 | F15: 601.78 | G15: 87.89 | H15: =ROUND(F15*G15,2) -> 52890.44 | I15: =H15/VALOR_TOTAL*100 -> 0.73078446 | J15: =I15+J14 -> 15.566284 | K15: =IF(J15<=50,"A",IF(J15<=80,"B","C")) -> A
A16: RES-021 | B16: Restauro - Recuperação de esquadria de madeira de obras históricas c/ aproveitamento de 75%. | C16: PRÓPRIA | D16: Serviço | E16: m2 | F16: 89.5 | G16: 461.67 | H16: =ROUND(F16*G16,2) -> 41319.47 | I16: =H16/VALOR_TOTAL*100 -> 0.57090897 | J16: =I16+J15 -> 16.137193 | K16: =IF(J16<=50,"A",IF(J16<=80,"B","C")) -> A
A17: 4011276 | B17: Base ou sub-base de brita graduada com brita comercial - 100% Proctor modificado | C17: SICRO NOVO | D17: Serviço | E17: m³ | F17: 114.67 | G17: 349.43 | H17: =ROUND(F17*G17,2) -> 40069.14 | I17: =H17/VALOR_TOTAL*100 -> 0.55363322 | J17: =I17+J16 -> 16.690826 | K17: =IF(J17<=50,"A",IF(J17<=80,"B","C")) -> A
A18: S160707 | B18: Pintura com tinta látex PVA Suvinil, Coral ou Metalatex, inclusive selador em paredes internas e forros a três demãos | C18: DER-ES EDIF | D18: Serviço | E18: m2 | F18: 909.07 | G18: 41.03 | H18: =ROUND(F18*G18,2) -> 37299.14 | I18: =H18/VALOR_TOTAL*100 -> 0.51536028 | J18: =I18+J17 -> 17.206186 | K18: =IF(J18<=50,"A",IF(J18<=80,"B","C")) -> A
A19: 100620 | B19: POSTE DE AÇO CÔNICO CONTÍNUO CURVO SIMPLES, FLANGEADO, H=9M - FORNECIMENTO E INSTALAÇÃO. AF_04/2025 | C19: SINAPI | D19: Serviço | E19: UN | F19: 10 | G19: 3721.11 | H19: =ROUND(F19*G19,2) -> 37211.1 | I19: =H19/VALOR_TOTAL*100 -> 0.51414383 | J19: =I19+J18 -> 17.72033 | K19: =IF(J19<=50,"A",IF(J19<=80,"B","C")) -> A
... A185: SER-002 | B185: Aplicação de neutralizador de ferrugem, com duas demãos, e Remoção de ferrugem em esquadrias ou estruturas metálicas com escova de aço. | C185: PRÓPRIA | D185: Serviço | E185: m2 | F185: 0.04 | G185: 98.46 | H185: =ROUND(F185*G185,2) -> 3.94 | I185: =H185/VALOR_TOTAL*100 -> 5.4438775e-05 | J185: =I185+J184 -> 30.061224 | K185: =IF(J185<=50,"A",IF(J185<=80,"B","C")) -> A
G187: ="Subtotal até "&TRUNC(J185,2)&"%" -> Subtotal até 30,06% | I187: =SUM(H7:H185) -> 2175677.6
G188: Outros: | I188: =I189-I187 -> 323.86
G189: Valor total do Orçamento: | I189: 2176001.4
A190: CARLOS RAPHAEL MONTEIRO DE LEMOS ENGENHEIRO CIVIL | CREA-ES 011.840/D

Sheet CURVA ABC INSUMOS
A1: CURVA ABC - INSUMOS
B2: OBRA: Restauro da Igreja de Nossa Senhora da Conceição e Reforma da Praça Barbosa Leão, Serra Centro Serra/ES. | G2: DATA: 30/06/2026
B3: DESCRIÇÃO: Restauro da Igreja de Nossa Senhora da Conceição e Reforma da Praça Barbosa Leão | G3: BDI: 33,25% | Encargos Sociais: 157,27%
B4: LOCAL: Praça Barbosa Leão, Serra Centro, Serra - ES | CEP: 29176-050 | G4: DATA BASE: MARÇO/2026
B5: PROPONENTE: PREFEITURA MUNICIPAL DA SERRA
A6: CÓDIGO | B6: DESCRIÇÃO | C6: FONTE | D6: TIPO | E6: UNIDADE | F6: QUANTIDADE | G6: PREÇO UNITÁRIO | H6: PREÇO TOTAL | I6: % | J6: ACUMUL. % | K6: CL
A7: I010146 | B7: SERVENTE (AUXILIAR DE OBRAS - SINDUSCON) | C7: DER-ES EDIF | D7: Mão de Obra | E7: H | F7: 9099.401 | G7: 19.68 | H7: =ROUND(F7*G7,2) -> 179076.21 | I7: =H7/VALOR_TOTAL*100 -> 2.4742867 | J7: =I7 -> 2.4742867 | K7: =IF(J7<=50,"A",IF(J7<=80,"B","C")) -> A
A8: I010139 | B8: PEDREIRO (OFICIAL - SINDUSCON) | C8: DER-ES EDIF | D8: Mão de Obra | E8: H | F8: 3450.8367 | G8: 26.03 | H8: =ROUND(F8*G8,2) -> 89825.28 | I8: =H8/VALOR_TOTAL*100 -> 1.2411112 | J8: =I8+J7 -> 3.7153979 | K8: =IF(J8<=50,"A",IF(J8<=80,"B","C")) -> A
A9: 00034492 | B9: CONCRETO USINADO BOMBEAVEL, CLASSE DE RESISTENCIA C20, COM BRITA 0 E 1, SLUMP = 100 +/- 20 MM, EXCLUI SERVICO DE BOMBEAMENTO (NBR 8953) | C9: SINAPI | D9: Material | E9: M3 | F9: 141.2362 | G9: 587.5 | H9: =ROUND(F9*G9,2) -> 82976.27 | I9: =H9/VALOR_TOTAL*100 -> 1.1464788 | J9: =I9+J8 -> 4.8618767 | K9: =IF(J9<=50,"A",IF(J9<=80,"B","C")) -> A
A10: 00036178 | B10: PISO TATIL / PODOTATIL, LADRILHO HIDRAULICO/CONCRETO, *40 X 40* CM, E= 2,5* CM, PADRAO TATIL ALERTA OU DIRECIONAL, COR NATURAL | C10: SINAPI | D10: Material | E10: UN | F10: 4122.2462 | G10: 17.1 | H10: =ROUND(F10*G10,2) -> 70490.41 | I10: =H10/VALOR_TOTAL*100 -> 0.97396233 | J10: =I10+J9 -> 5.835839 | K10: =IF(J10<=50,"A",IF(J10<=80,"B","C")) -> A
A11: I12556 | B11: Ladrilho hidráulico Mosaico colorido 20 x 20cm | C11: ORSE | D11: Material | E11: m2 | F11: 117.579 | G11: 522.28 | H11: =ROUND(F11*G11,2) -> 61409.16 | I11: =H11/VALOR_TOTAL*100 -> 0.84848717 | J11: =I11+J10 -> 6.6843262 | K11: =IF(J11<=50,"A",IF(J11<=80,"B","C")) -> A
A12: I010124 | B12: GRANITEIRO/MARMORISTA (OFICIAL - SINDUSCON) | C12: DER-ES EDIF | D12: Mão de Obra | E12: H | F12: 2204.1435 | G12: 26.03 | H12: =ROUND(F12*G12,2) -> 57373.86 | I12: =H12/VALOR_TOTAL*100 -> 0.79273164 | J12: =I12+J11 -> 7.4770578 | K12: =IF(J12<=50,"A",IF(J12<=80,"B","C")) -> A
A13: 00007156 | B13: TELA DE ACO SOLDADA NERVURADA, CA-60, Q-196, (3,11 KG/M2), DIAMETRO DO FIO = 5,0 MM, LARGURA = 2,45 M, ESPACAMENTO DA MALHA = 10 X 10 CM | C13: SINAPI | D13: Material | E13: M2 | F13: 2067.1323 | G13: 25.47 | H13: =ROUND(F13*G13,2) -> 52649.86 | I13: =H13/VALOR_TOTAL*100 -> 0.72746038 | J13: =I13+J12 -> 8.2045182 | K13: =IF(J13<=50,"A",IF(J13<=80,"B","C")) -> A
A14: I010101 | B14: AJUDANTE (AJUDANTE PRATICO - SINDUSCON) | C14: DER-ES EDIF | D14: Mão de Obra | E14: H | F14: 2188.2704 | G14: 21.94 | H14: =ROUND(F14*G14,2) -> 48010.65 | I14: =H14/VALOR_TOTAL*100 -> 0.66336065 | J14: =I14+J13 -> 8.8678789 | K14: =IF(J14<=50,"A",IF(J14<=80,"B","C")) -> A
A15: I010140 | B15: PINTOR (OFICIAL - SINDUSCON) | C15: DER-ES EDIF | D15: Mão de Obra | E15: H | F15: 1709.1957 | G15: 26.03 | H15: =ROUND(F15*G15,2) -> 44490.36 | I15: =H15/VALOR_TOTAL*100 -> 0.61472099 | J15: =I15+J14 -> 9.4825999 | K15: =IF(J15<=50,"A",IF(J15<=80,"B","C")) -> A
A16: I035504 | B16: AGREGADO DE ALTA RESISTENCIA PARA PISOS | C16: DER-ES EDIF | D16: Material | E16: KG | F16: 30578.88 | G16: 1.24 | H16: =ROUND(F16*G16,2) -> 37917.81 | I16: =H16/VALOR_TOTAL*100 -> 0.52390841 | J16: =I16+J15 -> 10.006508 | K16: =IF(J16<=50,"A",IF(J16<=80,"B","C")) -> A
A17: INS-84363879 | B17: PISO DE BORRACHA EM PLACA DE 100X100CM E=15MM, AMARELO | C17: COTAÇÃO | D17: Material | E17: M2 | F17: 120.7552 | G17: 309.68 | H17: =ROUND(F17*G17,2) -> 37395.47 | I17: =H17/VALOR_TOTAL*100 -> 0.51669126 | J17: =I17+J16 -> 10.5232 | K17: =IF(J17<=50,"A",IF(J17<=80,"B","C")) -> A
A18: I025841 | B18: TELHA METALICA ONDULADA ACO GALVALUME ESP 0.5MM PRE PINTADA 1 FACE COR RAL 9003 (BRANCA) | C18: DER-ES EDIF | D18: Material | E18: M2 | F18: 527.9043 | G18: 65.04 | H18: =ROUND(F18*G18,2) -> 34334.9 | I18: =H18/VALOR_TOTAL*100 -> 0.47440353 | J18: =I18+J17 -> 10.997603 | K18: =IF(J18<=50,"A",IF(J18<=80,"B","C")) -> A
A19: I020508 | B19: CIMENTO PORTLAND CP III - 40 | C19: DER-ES EDIF | D19: Material | E19: KG | F19: 57833.89 | G19: 0.57 | H19: =ROUND(F19*G19,2) -> 32965.32 | I19: =H19/VALOR_TOTAL*100 -> 0.45548011 | J19: =I19+J18 -> 11.453083 | K19: =IF(J19<=50,"A",IF(J19<=80,"B","C")) -> A
... A223: I038016 | B223: MASSA PARA MADEIRA A BASE D'AGUA SUVINIL/CORAL/EQUIVALENTE | C223: DER-ES EDIF | D223: Material | E223: KG | F223: 20.1375 | G223: 17.81 | H223: =ROUND(F223*G223,2) -> 358.65 | I223: =H223/VALOR_TOTAL*100 -> 0.0049554484 | J223: =I223+J222 -> 22.1298 | K223: =IF(J223<=50,"A",IF(J223<=80,"B","C")) -> A
A224: FIC | B224: Fator de Incidencia de Chuva | D224: OUTROS | E224: - | F224: 1 | G224: 355.73 | H224: =ROUND(F224*G224,2) -> 355.73 | I224: =H224/VALOR_TOTAL*100 -> 0.0049151029 | J224: =I224+J223 -> 22.134715 | K224: =IF(J224<=50,"A",IF(J224<=80,"B","C")) -> A
A225: 00004491 | B225: PONTALETE *7,5 X 7,5* CM EM PINUS, MISTA OU EQUIVALENTE DA REGIAO - BRUTA | C225: SINAPI | D225: Material | E225: M | F225: 44.282105 | G225: 8.03 | H225: =ROUND(F225*G225,2) -> 355.59 | I225: =H225/VALOR_TOTAL*100 -> 0.0049131685 | J225: =I225+J224 -> 22.139628 | K225: =IF(J225<=50,"A",IF(J225<=80,"B","C")) -> A
A226: I08693 | B226: Madeira angelim serrada, não aparelhada | C226: ORSE | D226: Material | E226: m³ | F226: 0.1079 | G226: 3103.48 | H226: =ROUND(F226*G226,2) -> 334.87 | I226: =H226/VALOR_TOTAL*100 -> 0.0046268814 | J226: =I226+J225 -> 22.144255 | K226: =IF(J226<=50,"A",IF(J226<=80,"B","C")) -> A
A227: I010150 | B227: TELHADISTA (OFICIAL - SINDUSCON) | C227: DER-ES EDIF | D227: Mão de Obra | E227: H | F227: 12.547848 | G227: 26.03 | H227: =ROUND(F227*G227,2) -> 326.62 | I227: =H227/VALOR_TOTAL*100 -> 0.0045128915 | J227: =I227+J226 -> 22.148768 | K227: =IF(J227<=50,"A",IF(J227<=80,"B","C")) -> A
A228: 00043484 | B228: EPI - FAMILIA ELETRICISTA - HORISTA (ENCARGOS COMPLEMENTARES - COLETADO CAIXA) | C228: SINAPI | D228: Encargos Complementares | E228: H | F228: 268.08136 | G228: 1.2 | H228: =ROUND(F228*G228,2) -> 321.7 | I228: =H228/VALOR_TOTAL*100 -> 0.0044449122 | J228: =I228+J227 -> 22.153213 | K228: =IF(J228<=50,"A",IF(J228<=80,"B","C")) -> A
A229: I03315S | B229: Gesso em po para revestimentos/molduras/sancas e uso geral | C229: ORSE | D229: Material | E229: kg | F229: 322.56 | G229: 0.96 | H229: =ROUND(F229*G229,2) -> 309.66 | I229: =H229/VALOR_TOTAL*100 -> 0.0042785561 | J229: =I229+J228 -> 22.157491 | K229: =IF(J229<=50,"A",IF(J229<=80,"B","C")) -> A
A230: I043180 | B230: CABO FLEX ISOL. TERMOPLAST. 0,6/1KV - 10MM2 - 90º HEPR | C230: DER-ES EDIF | D230: Material | E230: M | F230: 30.6 | G230: 10.11 | H230: =ROUND(F230*G230,2) -> 309.37 | I230: =H230/VALOR_TOTAL*100 -> 0.0042745492 | J230: =I230+J229 -> 22.161766 | K230: =IF(J230<=50,"A",IF(J230<=80,"B","C")) -> A
A231: 00010712 | B231: GUINDAUTO HIDRAULICO, CAPACIDADE MAXIMA DE CARGA 3300 KG, MOMENTO MAXIMO DE CARGA 5,8 TM, ALCANCE MAXIMO HORIZONTAL 7,60 M, PARA MONTAGEM SOBRE CHASSI DE CAMINHAO PBT MINIMO 8000 KG (INCLUI MONTAGEM, NAO INCLUI CAMINHAO) | C231: SINAPI | D231: Equipamento | E231: UN | F231: 0.0029520843 | G231: 102197.26 | H231: =ROUND(F231*G231,2) -> 301.69 | I231: =H231/VALOR_TOTAL*100 -> 0.004168435 | J231: =I231+J230 -> 22.165934 | K231: =IF(J231<=50,"A",IF(J231<=80,"B","C")) -> A
A232: I026548 | B232: BUCHA PLASTICA COM PARAFUSO - 8MM | C232: DER-ES EDIF | D232: Material | E232: UN | F232: 637.88 | G232: 0.47 | H232: =ROUND(F232*G232,2) -> 299.8 | I232: =H232/VALOR_TOTAL*100 -> 0.004142321 | J232: =I232+J231 -> 22.170077 | K232: =IF(J232<=50,"A",IF(J232<=80,"B","C")) -> A
A233: 00000242 | B233: AJUDANTE ESPECIALIZADO (HORISTA) | C233: SINAPI | D233: Mão de Obra | E233: H | F233: 17.425395 | G233: 17.18 | H233: =ROUND(F233*G233,2) -> 299.37 | I233: =H233/VALOR_TOTAL*100 -> 0.0041363797 | J233: =I233+J232 -> 22.174213 | K233: =IF(J233<=50,"A",IF(J233<=80,"B","C")) -> A
A234: 00004262 | B234: PA CARREGADEIRA SOBRE RODAS, POTENCIA LIQUIDA 128 HP, CAPACIDADE DA CACAMBA DE 1,7 A 2,8 M3, PESO OPERACIONAL MAXIMO DE 11632 KG | C234: SINAPI | D234: Equipamento | E234: UN | F234: 0.00042177028 | G234: 708750 | H234: =ROUND(F234*G234,2) -> 298.93 | I234: =H234/VALOR_TOTAL*100 -> 0.0041303003 | J234: =I234+J233 -> 22.178343 | K234: =IF(J234<=50,"A",IF(J234<=80,"B","C")) -> A
A235: 00043055 | B235: ACO CA-50, 12,5 MM OU 16,0 MM, VERGALHAO | C235: SINAPI | D235: Material | E235: KG | F235: 38.27835 | G235: 7.7 | H235: =ROUND(F235*G235,2) -> 294.74 | I235: =H235/VALOR_TOTAL*100 -> 0.0040724072 | J235: =I235+J234 -> 22.182416 | K235: =IF(J235<=50,"A",IF(J235<=80,"B","C")) -> A
A236: I029220 | B236: BARRA APOIO RETA INOX 80CM ACCESS - JACKWAL OU EQUIVALENTE | C236: DER-ES EDIF | D236: Material | E236: UN | F236: 2 | G236: 146.27 | H236: =ROUND(F236*G236,2) -> 292.54 | I236: =H236/VALOR_TOTAL*100 -> 0.00404201 | J236: =I236+J235 -> 22.186458 | K236: =IF(J236<=50,"A",IF(J236<=80,"B","C")) -> A
... A552: I081129 | B552: COMPACTADOR DE SOLOS DE PERCURSAO (SOQUETE) COM MOTOR A GASOLINA 4 TEMPOS DE 4 HP (4 CV) (IMPRODUTIVO) | C552: DER-ES EDIF | D552: Equipamento Custo Horário | E552: CHI | F552: 0 | G552: 0 | H552: =ROUND(F552*G552,2) -> 0 | I552: =H552/VALOR_TOTAL*100 -> 0 | J552: =I552+J551 -> 22.50287 | K552: =IF(J552<=50,"A",IF(J552<=80,"B","C")) -> A
G554: ="Subtotal até "&TRUNC(J552,2)&"%" -> Subtotal até 22,5% | I554: =SUM(H7:H552) -> 1628642.6
G555: Outros: | I555: =I556-I554 -> 4365.66
G556: Valor total do Orçamento: | I556: 1633008.3
A557: CARLOS RAPHAEL MONTEIRO DE LEMOS ENGENHEIRO CIVIL | CREA-ES 011.840/D

Sheet DADOS DO ORÇAMENTO
B1: DADOS DO ORÇAMENTO | H1: TABELA REFERENCIAL | I1: DATA-BASE | K1: PARÂMETRO | L1: VALOR
A2: OBRA: | B2: RESTAURO DA IGREJA DE NOSSA SENHORA DA CONCEIÇÃO E REFORMA DA PRAÇA BARBOSA LEÃO | H2: DER-ES EDIF | I2: 2026/04 - SEM DESONERAÇÃO | K2: BDI | L2: 0.3325
A3: DESCRIÇÃO: | B3: RESTAURO DA IGREJA DE NOSSA SENHORA DA CONCEIÇÃO E REFORMA DA PRAÇA BARBOSA LEÃO | H3: DER-ES / IOPES | I3: 2026/01 | K3: ENCARGOS SOCIAIS | L3: 1.5727
A4: LOCAL: | B4: PRAÇA BARBOSA LEÃO, SERRA CENTRO, SERRA - ES | CEP: 29176-050 | H4: SICRO NOVO | I4: 2026/01
A5: PROPONENTE/TOMADOR: | B5: PREFEITURA MUNICIPAL DA SERRA | H5: SINAPI | I5: 2026/05 - SEM DESONERAÇÃO
H6: ORSE | I6: 2026/04
H7: PRÓPRIA | I7: COMPOSIÇÕES PRÓPRIAS

Sheet PLANILHA POR ESCOPO
A1: PLANILHA ORÇAMENTÁRIA ORGANIZADA POR ESCOPO
A2: OBJETO: | B2: RESTAURO DA IGREJA DE NOSSA SENHORA DA CONCEIÇÃO E REVITALIZAÇÃO DA PRAÇA BARBOSA LEÃO
A3: BDI: | C3: ='DADOS DO ORÇAMENTO'!L2 -> 0.3325 | I3: VALOR TOTAL: | J3: =ROUND(RESUMO!D12,2) -> 7237488.3
A5: ITEM | B5: FONTE | C5: CÓDIGO | D5: DESCRIÇÃO | E5: UNID. | F5: QUANTIDADE | G5: PREÇO UNITÁRIO SEM BDI | H5: PREÇO UNITÁRIO COM BDI | I5: PREÇO TOTAL SEM BDI | J5: PREÇO TOTAL COM BDI
A6: SERVIÇOS GERAIS / COMUNS | I6: SUBTOTAL DO ESCOPO | J6: =J20 -> #REF!
A7: CANTEIRO DE OBRAS | I7: SUBTOTAL DA ETAPA | J7: =J16 -> 221373.83
A8: 1.1 | B8: DER-ES EDIF | C8: ​S020305 | D8: Placa de obra nas dimensões de 2.0 x 4.0 m, padrão DER | E8: m2 | F8: ='PLANILHA ORCAMENTARIA'!F9 -> 16 | G8: ='PLANILHA ORCAMENTARIA'!G9 -> 241.93 | H8: ='PLANILHA ORCAMENTARIA'!H9 -> 322.37 | I8: =ROUND('PLANILHA ORCAMENTARIA'!I9,2) -> 3870.88 | J8: =ROUND('PLANILHA ORCAMENTARIA'!J9,2) -> 5157.92
A9: 1.2 | B9: DER-ES EDIF | C9: ​S020702 | D9: Barracão para almoxarifado área de 10.90m2, de chapa de compensado de 12mm e pontalete 8x8cm, piso cimentado e cobertura de telhas de fibrocimento de 6mm, incl. ponto de luz, conf. projeto (1 utilização) | E9: m2 | F9: ='PLANILHA ORCAMENTARIA'!F11 -> 19 | G9: ='PLANILHA ORCAMENTARIA'!G11 -> 603.45 | H9: ='PLANILHA ORCAMENTARIA'!H11 -> 804.1 | I9: =ROUND('PLANILHA ORCAMENTARIA'!I11,2) -> 11465.55 | J9: =ROUND('PLANILHA ORCAMENTARIA'!J11,2) -> 15277.9
A10: 1.3 | B10: DER-ES EDIF | C10: ​S020701 | D10: Barracão para escritório com sanitário área de 14.50 m2, de chapa de compens. 12mm e pontalete 8x8cm, piso cimentado e cobertura de telha de fibroc. 6mm, incl. ponto de luz e cx. de inspeção, conf. projeto (1 utilização) | E10: m2 | F10: ='PLANILHA ORCAMENTARIA'!F13 -> 14.5 | G10: ='PLANILHA ORCAMENTARIA'!G13 -> 876.88 | H10: ='PLANILHA ORCAMENTARIA'!H13 -> 1168.44 | I10: =ROUND('PLANILHA ORCAMENTARIA'!I13,2) -> 12714.76 | J10: =ROUND('PLANILHA ORCAMENTARIA'!J13,2) -> 16942.38
A11: 1.4 | B11: DER-ES EDIF | C11: ​S020355 | D11: Aluguel mensal container sanitário, incl porta, básc, 2 ptos luz, 1 pto aterram., 3vasos, 3lavatórios, calha mictório, 6 chuveiros (1 eletrico), torn.,registros, piso comp. Naval pintado, cert NR18 e laudo descontaminação | E11: ms | F11: ='PLANILHA ORCAMENTARIA'!F14 -> 12 | G11: ='PLANILHA ORCAMENTARIA'!G14 -> 1199.25 | H11: ='PLANILHA ORCAMENTARIA'!H14 -> 1598 | I11: =ROUND('PLANILHA ORCAMENTARIA'!I14,2) -> 14391 | J11: =ROUND('PLANILHA ORCAMENTARIA'!J14,2) -> 19176
A12: 1.5 | B12: DER-ES EDIF | C12: ​S020344 | D12: Mobilização e desmobilização de conteiner locado para barracão de obra | E12: und | F12: ='PLANILHA ORCAMENTARIA'!F15 -> 1 | G12: ='PLANILHA ORCAMENTARIA'!G15 -> 1766.67 | H12: ='PLANILHA ORCAMENTARIA'!H15 -> 2354.09 | I12: =ROUND('PLANILHA ORCAMENTARIA'!I15,2) -> 1766.67 | J12: =ROUND('PLANILHA ORCAMENTARIA'!J15,2) -> 2354.09
A13: 1.6 | B13: DER-ES EDIF | C13: ​S020350 | D13: Tapume Telha Metálica Ondulada em aço galvalume 0,50mm Branca h=2,20m, incl. montagem estr. mad. 8"x8", c/adesivo "DER-ES" 60x60cm a cada 10m, incl. faixas pint. esmalte sint. cores azul c/ h=30cm e rosa c/ h=10cm (Reaproveitamento 2x) | E13: m | F13: ='PLANILHA ORCAMENTARIA'!F16 -> 698 | G13: ='PLANILHA ORCAMENTARIA'!G16 -> 158.66 | H13: ='PLANILHA ORCAMENTARIA'!H16 -> 211.41 | I13: =ROUND('PLANILHA ORCAMENTARIA'!I16,2) -> 110744.68 | J13: =ROUND('PLANILHA ORCAMENTARIA'!J16,2) -> 147564.18
A14: 1.7 | B14: DER-ES EDIF | C14: ​S020346 | D14: Locação de andaime metálico para fachada - tipo torre (aluguel mensal) | E14: m | F14: ='PLANILHA ORCAMENTARIA'!F17 -> 468 | G14: ='PLANILHA ORCAMENTARIA'!G17 -> 21.78 | H14: ='PLANILHA ORCAMENTARIA'!H17 -> 29.02 | I14: =ROUND('PLANILHA ORCAMENTARIA'!I17,2) -> 10193.04 | J14: =ROUND('PLANILHA ORCAMENTARIA'!J17,2) -> 13581.36
A15: 1.8 | B15: PRÓPRIA | C15: ​RES-018 | D15: Restauro - Cobertura provisória p/ proteção de fachadas, executadas sobre andaimes existentes ao longo do passeio, com telha fibrocimento 4mm, apoiada em peças mistas 7,5 x 7,5cm, utilização = 2 vezes (Não incluido o custo c/ o andaime) | E15: m | F15: ='PLANILHA ORCAMENTARIA'!F18 -> 30 | G15: ='PLANILHA ORCAMENTARIA'!G18 -> 33.02 | H15: ='PLANILHA ORCAMENTARIA'!H18 -> 44 | I15: =ROUND('PLANILHA ORCAMENTARIA'!I18,2) -> 990.6 | J15: =ROUND('PLANILHA ORCAMENTARIA'!J18,2) -> 1320
A16: SUBTOTAL DA ETAPA | D16: CANTEIRO DE OBRAS | I16: =ROUND(SUM(I8:I15),2) -> 166137.18 | J16: =ROUND(SUM(J8:J15),2) -> 221373.83
A17: APOIO E INSTALAÇÕES PROVISÓRIAS | I17: SUBTOTAL DA ETAPA | J17: =J19 -> #REF!
A18: 12.1 | B18: IOPES | C18: ​020704 | D18: Refeitório com paredes de chapa de compens. 12mm e pontaletes 8x8cm, piso ciment. e cob. de telhas fibroc. 6mm, incl. ponto de luz e cx. de inspeção (cons. 1.21 m2/func./turno), conf. projeto (1 utilização) | E18: m2 | F18: ='PLANILHA ORCAMENTARIA'!#REF! -> #REF! | G18: ='PLANILHA ORCAMENTARIA'!#REF! -> #REF! | H18: ='PLANILHA ORCAMENTARIA'!#REF! -> #REF! | I18: =ROUND('PLANILHA ORCAMENTARIA'!#REF!,2) -> #REF! | J18: =ROUND('PLANILHA ORCAMENTARIA'!#REF!,2) -> #REF!
A19: SUBTOTAL DA ETAPA | D19: APOIO E INSTALAÇÕES PROVISÓRIAS | I19: =ROUND(SUM(I18:I18),2) -> #REF! | J19: =ROUND(SUM(J18:J18),2) -> #REF!
A20: SUBTOTAL DO ESCOPO | D20: SERVIÇOS GERAIS / COMUNS | I20: =I16+I19 -> #REF! | J20: =J16+J19 -> #REF!
A22: RESTAURAÇÃO DA IGREJA | I22: SUBTOTAL DO ESCOPO | J22: =J339 -> #REF!
A23: SERVIÇOS PRELIMINARES – DEMOLIÇÕES DA IGREJA | I23: SUBTOTAL DA ETAPA | J23: =J36 -> 51759.42
A24: 2.1.1 | B24: SINAPI | C24: ​97622 | D24: DEMOLIÇÃO DE ALVENARIA DE BLOCO FURADO, DE FORMA MANUAL, SEM REAPROVEITAMENTO. AF_09/2023 | E24: M3 | F24: ='PLANILHA ORCAMENTARIA'!F21 -> 48.9 | G24: ='PLANILHA ORCAMENTARIA'!G21 -> 75.82 | H24: ='PLANILHA ORCAMENTARIA'!H21 -> 101.03 | I24: =ROUND('PLANILHA ORCAMENTARIA'!I21,2) -> 3707.6 | J24: =ROUND('PLANILHA ORCAMENTARIA'!J21,2) -> 4940.37
A25: 2.1.2 | B25: DER-ES EDIF | C25: ​S010344 | D25: Demolição de lajes, em concreto armado, de forma mecanizada com martelete demolidor elétrico, sem reaproveitamento | E25: m3 | F25: ='PLANILHA ORCAMENTARIA'!F22 -> 39.9 | G25: ='PLANILHA ORCAMENTARIA'!G22 -> 95.82 | H25: ='PLANILHA ORCAMENTARIA'!H22 -> 127.68 | I25: =ROUND('PLANILHA ORCAMENTARIA'!I22,2) -> 3823.22 | J25: =ROUND('PLANILHA ORCAMENTARIA'!J22,2) -> 5094.43
A26: 2.1.3 | B26: SINAPI | C26: ​97627 | D26: DEMOLIÇÃO DE PILARES E VIGAS EM CONCRETO ARMADO, DE FORMA MECANIZADA COM MARTELETE, SEM REAPROVEITAMENTO. AF_09/2023 | E26: M3 | F26: ='PLANILHA ORCAMENTARIA'!F23 -> 12.9 | G26: ='PLANILHA ORCAMENTARIA'!G23 -> 244.09 | H26: ='PLANILHA ORCAMENTARIA'!H23 -> 325.25 | I26: =ROUND('PLANILHA ORCAMENTARIA'!I23,2) -> 3148.76 | J26: =ROUND('PLANILHA ORCAMENTARIA'!J23,2) -> 4195.73
A27: 2.1.4 | B27: DER-ES EDIF | C27: ​S010325 | D27: Demolição manual de estrutura de madeira para telhado, sem reaproveitamento | E27: m2 | F27: ='PLANILHA ORCAMENTARIA'!F24 -> 562.65 | G27: ='PLANILHA ORCAMENTARIA'!G24 -> 7.82 | H27: ='PLANILHA ORCAMENTARIA'!H24 -> 10.42 | I27: =ROUND('PLANILHA ORCAMENTARIA'!I24,2) -> 4399.92 | J27: =ROUND('PLANILHA ORCAMENTARIA'!J24,2) -> 5862.81
A28: 2.1.5 | B28: DER-ES EDIF | C28: ​S010255 | D28: Remoção manual de telhas cerâmicas, tipo colonial, inclusive cumeeira, sem reaproveitamento | E28: m2 | F28: ='PLANILHA ORCAMENTARIA'!F25 -> 562.65 | G28: ='PLANILHA ORCAMENTARIA'!G25 -> 15.67 | H28: ='PLANILHA ORCAMENTARIA'!H25 -> 20.88 | I28: =ROUND('PLANILHA ORCAMENTARIA'!I25,2) -> 8816.73 | J28: =ROUND('PLANILHA ORCAMENTARIA'!J25,2) -> 11748.13
A29: 2.1.6 | B29: DER-ES EDIF | C29: ​S010224 | D29: Retirada manual de grades, gradis, alambrados, cercas e portões metálicos, inclusive remoção de argamassa de chumbamento, acessórios de fixação e corte de soldas | E29: m2 | F29: ='PLANILHA ORCAMENTARIA'!F28 -> 42.9 | G29: ='PLANILHA ORCAMENTARIA'!G28 -> 13.14 | H29: ='PLANILHA ORCAMENTARIA'!H28 -> 17.51 | I29: =ROUND('PLANILHA ORCAMENTARIA'!I28,2) -> 563.71 | J29: =ROUND('PLANILHA ORCAMENTARIA'!J28,2) -> 751.18
A30: 2.1.7 | B30: DER-ES EDIF | C30: ​S010214 | D30: Retirada manual de portas e janelas de madeira, inclusive batentes (marcos), sem reaproveitamento | E30: m2 | F30: ='PLANILHA ORCAMENTARIA'!F29 -> 2.73 | G30: ='PLANILHA ORCAMENTARIA'!G29 -> 23.54 | H30: ='PLANILHA ORCAMENTARIA'!H29 -> 31.37 | I30: =ROUND('PLANILHA ORCAMENTARIA'!I29,2) -> 64.26 | J30: =ROUND('PLANILHA ORCAMENTARIA'!J29,2) -> 85.64
A31: 2.1.8 | B31: DER-ES EDIF | C31: ​S010226 | D31: Retirada de tanque em mármore sintético, cantoneiras de fixação, inclusive vedação dos pontos de esgoto e água fria, sem reaproveitamento | E31: und | F31: ='PLANILHA ORCAMENTARIA'!F30 -> 2 | G31: ='PLANILHA ORCAMENTARIA'!G30 -> 21.34 | H31: ='PLANILHA ORCAMENTARIA'!H30 -> 28.44 | I31: =ROUND('PLANILHA ORCAMENTARIA'!I30,2) -> 42.68 | J31: =ROUND('PLANILHA ORCAMENTARIA'!J30,2) -> 56.88
A32: 2.1.9 | B32: DER-ES EDIF | C32: ​S010223 | D32: Retirada manual de louças sanitárias, inclusive vedação dos pontos de esgoto e água fria, sem reaproveitamento | E32: und | F32: ='PLANILHA ORCAMENTARIA'!F31 -> 4 | G32: ='PLANILHA ORCAMENTARIA'!G31 -> 13.74 | H32: ='PLANILHA ORCAMENTARIA'!H31 -> 18.31 | I32: =ROUND('PLANILHA ORCAMENTARIA'!I31,2) -> 54.96 | J32: =ROUND('PLANILHA ORCAMENTARIA'!J31,2) -> 73.24
A33: 2.1.10 | B33: PRÓPRIA | C33: ​DEM-005 | D33: Retirada manual de caixa d'água, sem considerar o reaproveitamento do reservatório, inclusive remoção dos flanges, boia e vedação dos pontos de alimentação de água fria | E33: und | F33: ='PLANILHA ORCAMENTARIA'!F32 -> 1 | G33: ='PLANILHA ORCAMENTARIA'!G32 -> 67.16 | H33: ='PLANILHA ORCAMENTARIA'!H32 -> 89.49 | I33: =ROUND('PLANILHA ORCAMENTARIA'!I32,2) -> 67.16 | J33: =ROUND('PLANILHA ORCAMENTARIA'!J32,2) -> 89.49
A34: 2.1.11 | B34: SINAPI | C34: ​104790 | D34: DEMOLIÇÃO DE PISO DE CONCRETO SIMPLES, DE FORMA MECANIZADA COM MARTELETE, SEM REAPROVEITAMENTO. AF_09/2023 | E34: M3 | F34: ='PLANILHA ORCAMENTARIA'!F33 -> 9.27 | G34: ='PLANILHA ORCAMENTARIA'!G33 -> 129.32 | H34: ='PLANILHA ORCAMENTARIA'!H33 -> 172.32 | I34: =ROUND('PLANILHA ORCAMENTARIA'!I33,2) -> 1198.8 | J34: =ROUND('PLANILHA ORCAMENTARIA'!J33,2) -> 1597.41
A35: 2.1.12 | B35: DER-ES EDIF | C35: ​S030304 | D35: Índice de preço para remoção de entulho decorrente da execução de obras (Classe A CONAMA - NBR 10.004 - Classe II-B), incluindo aluguel da caçamba, carga, transporte e descarga em área licenciada | E35: m3 | F35: ='PLANILHA ORCAMENTARIA'!F34 -> 145.48 | G35: ='PLANILHA ORCAMENTARIA'!G34 -> 89.06 | H35: ='PLANILHA ORCAMENTARIA'!H34 -> 118.67 | I35: =ROUND('PLANILHA ORCAMENTARIA'!I34,2) -> 12956.45 | J35: =ROUND('PLANILHA ORCAMENTARIA'!J34,2) -> 17264.11
A36: SUBTOTAL DA ETAPA | D36: SERVIÇOS PRELIMINARES – DEMOLIÇÕES DA IGREJA | I36: =ROUND(SUM(I24:I35),2) -> 38844.25 | J36: =ROUND(SUM(J24:J35),2) -> 51759.42
A37: ARQUITETURA E RESTAURO DA IGREJA | I37: SUBTOTAL DA ETAPA | J37: =J187 -> #REF!
A38: 3.1.1 | B38: PRÓPRIA | C38: ​REV-002 | D38: PAREDE DRYWALL ESP.78MM,ESTRUT.MONTANTES AUTOPORTANTES 48MM,ESPACADAS ENTRE SI A CADA 400MM,GUIAS HORIZONTAIS 48MM,AMBOSACO GALV.ESP.0,5MM,C/DUAS CHAPAS GESSO ACARTONADO,RU(RESISTENTE A UMIDADE),ESP.15MM,LARG.1200MM,C/TRATAMENTO DE JUNTASC/MASSA E FITA P/UNIF.DA SUPERF.DAS CHAPAS DE GESSO ACARTONADO.APLICACAO EM AREA SECA E UMIDA.FORNECIMENTO E COLOCACAO | E38: M2 | F38: ='PLANILHA ORCAMENTARIA'!F37 -> 11.55 | G38: ='PLANILHA ORCAMENTARIA'!G37 -> 124.47 | H38: ='PLANILHA ORCAMENTARIA'!H37 -> 165.86 | I38: =ROUND('PLANILHA ORCAMENTARIA'!I37,2) -> 1437.63 | J38: =ROUND('PLANILHA ORCAMENTARIA'!J37,2) -> 1915.68
A39: 3.1.2 | B39: DER-ES EDIF | C39: ​S120303 | D39: Reboco tipo paulista de argamassa de cimento, cal hidratada CH1 e areia média ou grossa lavada no traço 1:0.5:6, espessura 25 mm | E39: m2 | F39: ='PLANILHA ORCAMENTARIA'!F38 -> 626 | G39: ='PLANILHA ORCAMENTARIA'!G38 -> 65.96 | H39: ='PLANILHA ORCAMENTARIA'!H38 -> 87.89 | I39: =ROUND('PLANILHA ORCAMENTARIA'!I38,2) -> 41290.96 | J39: =ROUND('PLANILHA ORCAMENTARIA'!J38,2) -> 55019.14
A40: 3.1.3 | B40: DER-ES EDIF | C40: ​S050605 | D40: Alvenaria de vedação com blocos cerâmicos furados 9x19x19cm, assentados c/ argamassa de cimento, cal hidratada CH1 e areia no traço 1:0,5:8, preparo com betoneira, juntas 10mm e esp. das paredes s/revestimento, 9cm (bloco comprado na praça de Vitória, posto obra) | E40: m2 | F40: ='PLANILHA ORCAMENTARIA'!F39 -> 389 | G40: ='PLANILHA ORCAMENTARIA'!G39 -> 71.08 | H40: ='PLANILHA ORCAMENTARIA'!H39 -> 94.71 | I40: =ROUND('PLANILHA ORCAMENTARIA'!I39,2) -> 27650.12 | J40: =ROUND('PLANILHA ORCAMENTARIA'!J39,2) -> 36842.19
A41: 3.2.1 | B41: DER-ES EDIF | C41: ​S160707 | D41: Pintura com tinta látex PVA Suvinil, Coral ou Metalatex, inclusive selador em paredes internas e forros a três demãos | E41: m2 | F41: ='PLANILHA ORCAMENTARIA'!F41 -> 1980 | G41: ='PLANILHA ORCAMENTARIA'!G41 -> 30.79 | H41: ='PLANILHA ORCAMENTARIA'!H41 -> 41.03 | I41: =ROUND('PLANILHA ORCAMENTARIA'!I41,2) -> 60964.2 | J41: =ROUND('PLANILHA ORCAMENTARIA'!J41,2) -> 81239.4
A42: 3.2.2 | B42: DER-ES EDIF | C42: ​S120241 | D42: Cerâmica retificada, acabamento brilhante, dim. 32x60cm, ref. TRADIZIONALLE BIANCO Biancogres/equiv. assentado com argamassa de cimento colante, inclusive rejuntamento com argamassapre-fabricada para rejunte | E42: m2 | F42: ='PLANILHA ORCAMENTARIA'!F42 -> 10.02 | G42: ='PLANILHA ORCAMENTARIA'!G42 -> 88.41 | H42: ='PLANILHA ORCAMENTARIA'!H42 -> 117.81 | I42: =ROUND('PLANILHA ORCAMENTARIA'!I42,2) -> 885.87 | J42: =ROUND('PLANILHA ORCAMENTARIA'!J42,2) -> 1180.46
A43: 3.2.3 | B43: DER-ES EDIF | C43: ​S160707 | D43: Pintura com tinta látex PVA Suvinil, Coral ou Metalatex, inclusive selador em paredes internas e forros a três demãos | E43: m2 | F43: ='PLANILHA ORCAMENTARIA'!F43 -> 498 | G43: ='PLANILHA ORCAMENTARIA'!G43 -> 30.79 | H43: ='PLANILHA ORCAMENTARIA'!H43 -> 41.03 | I43: =ROUND('PLANILHA ORCAMENTARIA'!I43,2) -> 15333.42 | J43: =ROUND('PLANILHA ORCAMENTARIA'!J43,2) -> 20432.94
A44: 3.2.4 | B44: DER-ES EDIF | C44: ​S100202 | D44: Impermeabilização com argamassa de igol 2 - marca de referência Sika | E44: m2 | F44: ='PLANILHA ORCAMENTARIA'!F44 -> 86 | G44: ='PLANILHA ORCAMENTARIA'!G44 -> 67.24 | H44: ='PLANILHA ORCAMENTARIA'!H44 -> 89.6 | I44: =ROUND('PLANILHA ORCAMENTARIA'!I44,2) -> 5782.64 | J44: =ROUND('PLANILHA ORCAMENTARIA'!J44,2) -> 7705.6
A45: 3.2.5 | B45: DER-ES EDIF | C45: ​S160708 | D45: Pintura com tinta acrílica Suvinil, Coral ou Metalatex, inclusive selador acrílico, em paredes externas a três demãos | E45: m2 | F45: ='PLANILHA ORCAMENTARIA'!F45 -> 725 | G45: ='PLANILHA ORCAMENTARIA'!G45 -> 31.29 | H45: ='PLANILHA ORCAMENTARIA'!H45 -> 41.69 | I45: =ROUND('PLANILHA ORCAMENTARIA'!I45,2) -> 22685.25 | J45: =ROUND('PLANILHA ORCAMENTARIA'!J45,2) -> 30225.25
A46: 3.3.1 | B46: DER-ES EDIF | C46: ​S130103 | D46: Regularização de base para revestimento cerâmico, com argamassa de cimento e areia no traço 1:5, espessura: 3 cm | E46: m2 | F46: ='PLANILHA ORCAMENTARIA'!F47 -> 186.68 | G46: ='PLANILHA ORCAMENTARIA'!G47 -> 27.85 | H46: ='PLANILHA ORCAMENTARIA'!H47 -> 37.11 | I46: =ROUND('PLANILHA ORCAMENTARIA'!I47,2) -> 5199.04 | J46: =ROUND('PLANILHA ORCAMENTARIA'!J47,2) -> 6927.69
A47: 3.3.2 | B47: PRÓPRIA | C47: ​REV-003 | D47: Porcelanato esmaltado, acabamento acetinado, dim. 90x90cm MARCA DE REF.: BIANCOGRÊS OU EQUIVALENTE, REJUNTE ACRÍLICO, NA COR CINZA PLATINA ESP. 1,5mm, ref. de cor CIMENTO CINZA BOLD Portobello/equiv, colagem de argamassa colante para porcelanato tipo ACIII. | E47: m2 | F47: ='PLANILHA ORCAMENTARIA'!F48 -> 60.82 | G47: ='PLANILHA ORCAMENTARIA'!G48 -> 155.6 | H47: ='PLANILHA ORCAMENTARIA'!H48 -> 207.34 | I47: =ROUND('PLANILHA ORCAMENTARIA'!I48,2) -> 9463.59 | J47: =ROUND('PLANILHA ORCAMENTARIA'!J48,2) -> 12610.42
A48: 3.3.3 | B48: SINAPI | C48: ​98685 | D48: RODAPÉ EM GRANITO, ALTURA 10 CM. AF_02/2026 | E48: M | F48: ='PLANILHA ORCAMENTARIA'!F49 -> 53.93 | G48: ='PLANILHA ORCAMENTARIA'!G49 -> 58.28 | H48: ='PLANILHA ORCAMENTARIA'!H49 -> 77.66 | I48: =ROUND('PLANILHA ORCAMENTARIA'!I49,2) -> 3143.04 | J48: =ROUND('PLANILHA ORCAMENTARIA'!J49,2) -> 4188.2
A49: 3.3.4 | B49: DER-ES EDIF | C49: ​S130308 | D49: Soleira de granito esp. 2 cm e largura de 15 cm | E49: m | F49: ='PLANILHA ORCAMENTARIA'!F50 -> 5.5 | G49: ='PLANILHA ORCAMENTARIA'!G50 -> 51.74 | H49: ='PLANILHA ORCAMENTARIA'!H50 -> 68.94 | I49: =ROUND('PLANILHA ORCAMENTARIA'!I50,2) -> 284.57 | J49: =ROUND('PLANILHA ORCAMENTARIA'!J50,2) -> 379.17
A50: 3.3.5 | B50: DER-ES EDIF | C50: ​S100202 | D50: Impermeabilização com argamassa de igol 2 - marca de referência Sika | E50: m2 | F50: ='PLANILHA ORCAMENTARIA'!F51 -> 14.43 | G50: ='PLANILHA ORCAMENTARIA'!G51 -> 67.24 | H50: ='PLANILHA ORCAMENTARIA'!H51 -> 89.6 | I50: =ROUND('PLANILHA ORCAMENTARIA'!I51,2) -> 970.27 | J50: =ROUND('PLANILHA ORCAMENTARIA'!J51,2) -> 1292.93
A51: 3.3.6 | B51: SICRO NOVO | C51: ​4011209 | D51: Regularização do subleito - 100% Proctor intermediário | E51: m² | F51: ='PLANILHA ORCAMENTARIA'!F52 -> 115.92 | G51: ='PLANILHA ORCAMENTARIA'!G52 -> 2.14 | H51: ='PLANILHA ORCAMENTARIA'!H52 -> 2.85 | I51: =ROUND('PLANILHA ORCAMENTARIA'!I52,2) -> 248.07 | J51: =ROUND('PLANILHA ORCAMENTARIA'!J52,2) -> 330.37
A52: 3.3.7 | B52: DER-ES EDIF | C52: ​S200206 | D52: Execução de pavimentação com blocos intertravados de concreto tipo 'pavi-s', espessura de 8 cm e resistência mínima de 35 MPa, assentados sobre colchão de pó de pedra de 10 cm, com rejuntamento em areia, compactação com placa vibratória e cortes com cortadora de piso | E52: m2 | F52: ='PLANILHA ORCAMENTARIA'!F53 -> 115.92 | G52: ='PLANILHA ORCAMENTARIA'!G53 -> 111.54 | H52: ='PLANILHA ORCAMENTARIA'!H53 -> 148.63 | I52: =ROUND('PLANILHA ORCAMENTARIA'!I53,2) -> 12929.72 | J52: =ROUND('PLANILHA ORCAMENTARIA'!J53,2) -> 17229.19
A53: 3.3.8 | B53: PRÓPRIA | C53: ​PAV-005 | D53: PISO DE BORRACHA 1X1M, ESPESSURA 15MM, ASSENTADO COM ARGAMASSA. COLORIDO. | E53: M2 | F53: ='PLANILHA ORCAMENTARIA'!F54 -> 113.92 | G53: ='PLANILHA ORCAMENTARIA'!G54 -> 373.96 | H53: ='PLANILHA ORCAMENTARIA'!H54 -> 498.3 | I53: =ROUND('PLANILHA ORCAMENTARIA'!I54,2) -> 42601.52 | J53: =ROUND('PLANILHA ORCAMENTARIA'!J54,2) -> 56766.34
A54: 3.4.1 | B54: DER-ES EDIF | C54: ​S110210 | D54: Forro PVC branco L = 20 cm, frisado, estruturado por perfis de aço galvanizado e tirantes rígidos fabricado de acordo com a NBR-14285, colocado | E54: m2 | F54: ='PLANILHA ORCAMENTARIA'!F56 -> 60.82 | G54: ='PLANILHA ORCAMENTARIA'!G56 -> 99.96 | H54: ='PLANILHA ORCAMENTARIA'!H56 -> 133.2 | I54: =ROUND('PLANILHA ORCAMENTARIA'!I56,2) -> 6079.57 | J54: =ROUND('PLANILHA ORCAMENTARIA'!J56,2) -> 8101.22
A55: 3.4.2 | B55: DER-ES EDIF | C55: ​S090302 | D55: Rufo de chapa metálica nº 26 com largura de 30 cm | E55: m | F55: ='PLANILHA ORCAMENTARIA'!#REF! -> #REF! | G55: ='PLANILHA ORCAMENTARIA'!#REF! -> #REF! | H55: ='PLANILHA ORCAMENTARIA'!#REF! -> #REF! | I55: =ROUND('PLANILHA ORCAMENTARIA'!#REF!,2) -> #REF! | J55: =ROUND('PLANILHA ORCAMENTARIA'!#REF!,2) -> #REF!
A56: 3.5.1 | B56: DER-ES EDIF | C56: ​S170608 | D56: Bacia sifonada de louça branca sem abertura frontal p/ banheiro PNE, consumo 6 litros por fluxo, Vogue Plus Conforto - P.510.17, Ref. Deca ou equiv., incl. tubo de ligação inox c/ canopla, anel de vedação, paraf. e rejunte epoxi p/ vedação | E56: und | F56: ='PLANILHA ORCAMENTARIA'!F62 -> 2 | G56: ='PLANILHA ORCAMENTARIA'!G62 -> 1910.62 | H56: ='PLANILHA ORCAMENTARIA'!H62 -> 2545.9 | I56: =ROUND('PLANILHA ORCAMENTARIA'!I62,2) -> 3821.24 | J56: =ROUND('PLANILHA ORCAMENTARIA'!J62,2) -> 5091.8
A57: 3.5.2 | B57: DER-ES EDIF | C57: ​S170304 | D57: Torneira bica baixa de mesa para lavatório PressMatic Alfa - Docol, Decamatic Smart - Deca ou equivalente | E57: und | F57: ='PLANILHA ORCAMENTARIA'!F63 -> 2 | G57: ='PLANILHA ORCAMENTARIA'!G63 -> 284.67 | H57: ='PLANILHA ORCAMENTARIA'!H63 -> 379.32 | I57: =ROUND('PLANILHA ORCAMENTARIA'!I63,2) -> 569.34 | J57: =ROUND('PLANILHA ORCAMENTARIA'!J63,2) -> 758.64
A58: 3.5.3 | B58: DER-ES EDIF | C58: ​S170128 | D58: Lavatório de louça branca com coluna suspensa, Vogue Plus Confort - L51+CS1V para portadores de necessidades especiais - DECA, inclusive válvula de saída cromada 1?, sifão em metal cromado 1? x 1/2", engate flexível trançado inox 1/2? x 30cm e parafusos para fixação, exclusive torneira | E58: und | F58: ='PLANILHA ORCAMENTARIA'!F64 -> 1 | G58: ='PLANILHA ORCAMENTARIA'!G64 -> 1539.95 | H58: ='PLANILHA ORCAMENTARIA'!H64 -> 2051.98 | I58: =ROUND('PLANILHA ORCAMENTARIA'!I64,2) -> 1539.95 | J58: =ROUND('PLANILHA ORCAMENTARIA'!J64,2) -> 2051.98
A59: 3.5.4 | B59: SINAPI | C59: ​106766 | D59: DISPENSER DE PLÁSTICO PARA PAPEL HIGIÊNICO, INCLUSO FIXAÇÃO. AF_02/2026 | E59: UN | F59: ='PLANILHA ORCAMENTARIA'!F65 -> 2 | G59: ='PLANILHA ORCAMENTARIA'!G65 -> 76.99 | H59: ='PLANILHA ORCAMENTARIA'!H65 -> 102.59 | I59: =ROUND('PLANILHA ORCAMENTARIA'!I65,2) -> 153.98 | J59: =ROUND('PLANILHA ORCAMENTARIA'!J65,2) -> 205.18
A60: 3.5.5 | B60: SINAPI | C60: ​95547 | D60: SABONETEIRA PLÁSTICA TIPO DISPENSER PARA SABONETE LÍQUIDO COM RESERVATÓRIO 800 A 1500 ML, INCLUSO FIXAÇÃO. AF_02/2026 | E60: UN | F60: ='PLANILHA ORCAMENTARIA'!F66 -> 2 | G60: ='PLANILHA ORCAMENTARIA'!G66 -> 66.59 | H60: ='PLANILHA ORCAMENTARIA'!H66 -> 88.73 | I60: =ROUND('PLANILHA ORCAMENTARIA'!I66,2) -> 133.18 | J60: =ROUND('PLANILHA ORCAMENTARIA'!J66,2) -> 177.46
A61: 3.5.6 | B61: DER-ES EDIF | C61: ​S170519 | D61: Ducha manual Acqua jet , linha Aquarius, com registro ref.C 2195, marcas de referência Fabrimar, Deca ou Docol | E61: und | F61: ='PLANILHA ORCAMENTARIA'!F67 -> 2 | G61: ='PLANILHA ORCAMENTARIA'!G67 -> 341.11 | H61: ='PLANILHA ORCAMENTARIA'!H67 -> 454.53 | I61: =ROUND('PLANILHA ORCAMENTARIA'!I67,2) -> 682.22 | J61: =ROUND('PLANILHA ORCAMENTARIA'!J67,2) -> 909.06
A62: 3.5.7 | B62: DER-ES EDIF | C62: ​S170601 | D62: Barra de apoio reta, em aço inox polido AISI 304, comprimento 40 cm, conforme requisitos de acessibilidade da NBR 9050 - fornecimento e instalação | E62: und | F62: ='PLANILHA ORCAMENTARIA'!F68 -> 2 | G62: ='PLANILHA ORCAMENTARIA'!G68 -> 135.75 | H62: ='PLANILHA ORCAMENTARIA'!H68 -> 180.89 | I62: =ROUND('PLANILHA ORCAMENTARIA'!I68,2) -> 271.5 | J62: =ROUND('PLANILHA ORCAMENTARIA'!J68,2) -> 361.78
A63: 3.5.8 | B63: DER-ES EDIF | C63: ​S170615 | D63: Barra de apoio reta, em aço inox polido AISI 304, comprimento 70 cm, conforme requisitos de acessibilidade da NBR 9050 - fornecimento e instalação | E63: und | F63: ='PLANILHA ORCAMENTARIA'!F69 -> 1 | G63: ='PLANILHA ORCAMENTARIA'!G69 -> 161.83 | H63: ='PLANILHA ORCAMENTARIA'!H69 -> 215.64 | I63: =ROUND('PLANILHA ORCAMENTARIA'!I69,2) -> 161.83 | J63: =ROUND('PLANILHA ORCAMENTARIA'!J69,2) -> 215.64
A64: 3.5.9 | B64: DER-ES EDIF | C64: ​S170603 | D64: Barra de apoio reta, em aço inox polido AISI 304, comprimento 80 cm, conforme requisitos de acessibilidade da NBR 9050 - fornecimento e instalação | E64: und | F64: ='PLANILHA ORCAMENTARIA'!F70 -> 2 | G64: ='PLANILHA ORCAMENTARIA'!G70 -> 178.2 | H64: ='PLANILHA ORCAMENTARIA'!H70 -> 237.45 | I64: =ROUND('PLANILHA ORCAMENTARIA'!I70,2) -> 356.4 | J64: =ROUND('PLANILHA ORCAMENTARIA'!J70,2) -> 474.9
A65: 3.5.10 | B65: DER-ES EDIF | C65: ​S170115 | D65: Cuba de louça branca de embutir redonda, 36cm - L-41 ? Deca ou equivalente, inclusive válvula de saída cromada 1?, sifão em metálico tipo copo cromado 1? x 1/2" e engate flexível trançado inox 1/2? x 30cm, exclusive torneira | E65: und | F65: ='PLANILHA ORCAMENTARIA'!F71 -> 1 | G65: ='PLANILHA ORCAMENTARIA'!G71 -> 355.12 | H65: ='PLANILHA ORCAMENTARIA'!H71 -> 473.2 | I65: =ROUND('PLANILHA ORCAMENTARIA'!I71,2) -> 355.12 | J65: =ROUND('PLANILHA ORCAMENTARIA'!J71,2) -> 473.2
A66: 3.5.11 | B66: PRÓPRIA | C66: ​ACE-001 | D66: Espelho de cristal prata, instalado. | E66: m2 | F66: ='PLANILHA ORCAMENTARIA'!F72 -> 0.96 | G66: ='PLANILHA ORCAMENTARIA'!G72 -> 481.17 | H66: ='PLANILHA ORCAMENTARIA'!H72 -> 641.16 | I66: =ROUND('PLANILHA ORCAMENTARIA'!I72,2) -> 461.92 | J66: =ROUND('PLANILHA ORCAMENTARIA'!J72,2) -> 615.51
A67: 3.5.12 | B67: PRÓPRIA | C67: ​URB-020 | D67: BANCO DE MADEIRA DE MACARANDUBA EM RIPAS DE (1,5X4)CM, FIXADAS EM ESTRUTURA DE (7, 50X3, 75)CM, COM VERNIZ. TUDO INCLUÍDO. | E67: UND | F67: ='PLANILHA ORCAMENTARIA'!F73 -> 2 | G67: ='PLANILHA ORCAMENTARIA'!G73 -> 939.94 | H67: ='PLANILHA ORCAMENTARIA'!H73 -> 1252.47 | I67: =ROUND('PLANILHA ORCAMENTARIA'!I73,2) -> 1879.88 | J67: =ROUND('PLANILHA ORCAMENTARIA'!J73,2) -> 2504.94
A68: 3.6.1.1 | B68: DER-ES EDIF | C68: ​S071704 | D68: Porta de abrir tipo veneziana em alumínio anodizado, linha 25, completa, incl. puxador com tranca, caixilho, alizar e contramarco | E68: m2 | F68: ='PLANILHA ORCAMENTARIA'!F76 -> 1.89 | G68: ='PLANILHA ORCAMENTARIA'!G76 -> 1014.07 | H68: ='PLANILHA ORCAMENTARIA'!H76 -> 1351.25 | I68: =ROUND('PLANILHA ORCAMENTARIA'!I76,2) -> 1916.59 | J68: =ROUND('PLANILHA ORCAMENTARIA'!J76,2) -> 2553.86
A69: 3.6.1.2 | B69: PRÓPRIA | C69: ​ESQ-003 | D69: PORTA DE CORRER DE ALUMÍNIO ANODIZADO (VENEZIANA) C/ GUARNIÇÃO. TUDO INCLUÍDO. | E69: M2 | F69: ='PLANILHA ORCAMENTARIA'!F77 -> 1.68 | G69: ='PLANILHA ORCAMENTARIA'!G77 -> 595.65 | H69: ='PLANILHA ORCAMENTARIA'!H77 -> 793.7 | I69: =ROUND('PLANILHA ORCAMENTARIA'!I77,2) -> 1000.69 | J69: =ROUND('PLANILHA ORCAMENTARIA'!J77,2) -> 1333.42
A70: 3.6.1.3 | B70: PRÓPRIA | C70: ​RES-007 | D70: Restauro - Desmontagem/retirada de esquadria/estrutura de madeira | E70: m2 | F70: ='PLANILHA ORCAMENTARIA'!F78 -> 9.11 | G70: ='PLANILHA ORCAMENTARIA'!G78 -> 65.39 | H70: ='PLANILHA ORCAMENTARIA'!H78 -> 87.13 | I70: =ROUND('PLANILHA ORCAMENTARIA'!I78,2) -> 595.7 | J70: =ROUND('PLANILHA ORCAMENTARIA'!J78,2) -> 793.75
A71: 3.6.1.4 | B71: PRÓPRIA | C71: ​RES-021 | D71: Restauro - Recuperação de esquadria de madeira de obras históricas c/ aproveitamento de 75%. | E71: m2 | F71: ='PLANILHA ORCAMENTARIA'!F79 -> 51.32 | G71: ='PLANILHA ORCAMENTARIA'!G79 -> 346.47 | H71: ='PLANILHA ORCAMENTARIA'!H79 -> 461.67 | I71: =ROUND('PLANILHA ORCAMENTARIA'!I79,2) -> 17780.84 | J71: =ROUND('PLANILHA ORCAMENTARIA'!J79,2) -> 23692.9
A72: 3.6.1.5 | B72: PRÓPRIA | C72: ​ESQ-004 | D72: PORTA DE ABRIR COM MOLA HIDRÁULICA, EM VIDRO TEMPERADO, 2 FOLHAS DE 75X205.5CM, ESPESSURA DE 8 MM, INCLUSIVE ACESSÓRIOS. | E72: UN | F72: ='PLANILHA ORCAMENTARIA'!F80 -> 1 | G72: ='PLANILHA ORCAMENTARIA'!G80 -> 3630.02 | H72: ='PLANILHA ORCAMENTARIA'!H80 -> 4837 | I72: =ROUND('PLANILHA ORCAMENTARIA'!I80,2) -> 3630.02 | J72: =ROUND('PLANILHA ORCAMENTARIA'!J80,2) -> 4837
A73: 3.6.1.6 | B73: PRÓPRIA | C73: ​ESQ-005 | D73: PORTA DE ABRIR COM MOLA HIDRÁULICA, EM VIDRO TEMPERADO, 2 FOLHAS DE 60X210CM, ESPESSURA DE 8 MM, INCLUSIVE ACESSÓRIOS. | E73: UN | F73: ='PLANILHA ORCAMENTARIA'!F81 -> 1 | G73: ='PLANILHA ORCAMENTARIA'!G81 -> 3434.25 | H73: ='PLANILHA ORCAMENTARIA'!H81 -> 4576.14 | I73: =ROUND('PLANILHA ORCAMENTARIA'!I81,2) -> 3434.25 | J73: =ROUND('PLANILHA ORCAMENTARIA'!J81,2) -> 4576.14
A74: 3.6.1.7 | B74: PRÓPRIA | C74: ​SER-002 | D74: Aplicação de neutralizador de ferrugem, com duas demãos, e Remoção de ferrugem em esquadrias ou estruturas metálicas com escova de aço. | E74: m2 | F74: ='PLANILHA ORCAMENTARIA'!F82 -> 0.04 | G74: ='PLANILHA ORCAMENTARIA'!G82 -> 73.89 | H74: ='PLANILHA ORCAMENTARIA'!H82 -> 98.46 | I74: =ROUND('PLANILHA ORCAMENTARIA'!I82,2) -> 2.96 | J74: =ROUND('PLANILHA ORCAMENTARIA'!J82,2) -> 3.94
A75: 3.6.1.8 | B75: PRÓPRIA | C75: ​SER-003 | D75: Remoção de pintura com removedor de tinta tipo striptizi ou similar, emassamento de esquarias de madeira, em uma demão de massa à base de óleo e pintura com tinta esmalte sintético Suvinil - marca de referência, inclusive fundo branco nivelador, em esquadrias de madeira, a duas demãos. Tudo incluído. | E75: M2 | F75: ='PLANILHA ORCAMENTARIA'!F83 -> 25.66 | G75: ='PLANILHA ORCAMENTARIA'!G83 -> 114.08 | H75: ='PLANILHA ORCAMENTARIA'!H83 -> 152.01 | I75: =ROUND('PLANILHA ORCAMENTARIA'!I83,2) -> 2927.29 | J75: =ROUND('PLANILHA ORCAMENTARIA'!J83,2) -> 3900.58
A76: 3.6.1.9 | B76: PRÓPRIA | C76: ​RES-022 | D76: Retirada e reinstalação de vidro em esquadria de madeira, fixado com silicone acetico. (com aproveitamento de vidro existente). Tudo incluído. | E76: M2 | F76: ='PLANILHA ORCAMENTARIA'!F84 -> 2.57 | G76: ='PLANILHA ORCAMENTARIA'!G84 -> 331.91 | H76: ='PLANILHA ORCAMENTARIA'!H84 -> 442.27 | I76: =ROUND('PLANILHA ORCAMENTARIA'!I84,2) -> 853.01 | J76: =ROUND('PLANILHA ORCAMENTARIA'!J84,2) -> 1136.63
A77: 3.6.1.10 | B77: PRÓPRIA | C77: ​RES-022 | D77: Retirada e instalação de novo vidro em esquadria de madeira, fixado com silicone acetico. (sem aproveitamento de vidro existente). Tudo incluído. | E77: M2 | F77: ='PLANILHA ORCAMENTARIA'!F85 -> 2.57 | G77: ='PLANILHA ORCAMENTARIA'!G85 -> 331.91 | H77: ='PLANILHA ORCAMENTARIA'!H85 -> 442.27 | I77: =ROUND('PLANILHA ORCAMENTARIA'!I85,2) -> 853.01 | J77: =ROUND('PLANILHA ORCAMENTARIA'!J85,2) -> 1136.63
A78: 3.6.2.1 | B78: PRÓPRIA | C78: ​ESQ-007 | D78: JANELA DE MADEIRA PARA VIDRO, INCLUSO VIDRO TEMPERADO 6MM E PINTURA. | E78: M2 | F78: ='PLANILHA ORCAMENTARIA'!F87 -> 4.62 | G78: ='PLANILHA ORCAMENTARIA'!G87 -> 1618.74 | H78: ='PLANILHA ORCAMENTARIA'!H87 -> 2156.97 | I78: =ROUND('PLANILHA ORCAMENTARIA'!I87,2) -> 7478.58 | J78: =ROUND('PLANILHA ORCAMENTARIA'!J87,2) -> 9965.2
A79: 3.6.2.2 | B79: PRÓPRIA | C79: ​RES-021 | D79: Restauro - Recuperação de esquadria de madeira de obras históricas c/ aproveitamento de 75%. | E79: m2 | F79: ='PLANILHA ORCAMENTARIA'!F88 -> 38.18 | G79: ='PLANILHA ORCAMENTARIA'!G88 -> 346.47 | H79: ='PLANILHA ORCAMENTARIA'!H88 -> 461.67 | I79: =ROUND('PLANILHA ORCAMENTARIA'!I88,2) -> 13228.22 | J79: =ROUND('PLANILHA ORCAMENTARIA'!J88,2) -> 17626.56
A80: 3.6.2.3 | B80: PRÓPRIA | C80: ​SER-003 | D80: Remoção de pintura com removedor de tinta tipo striptizi ou similar, emassamento de esquarias de madeira, em uma demão de massa à base de óleo e pintura com tinta esmalte sintético Suvinil - marca de referência, inclusive fundo branco nivelador, em esquadrias de madeira, a duas demãos. Tudo incluído. | E80: M2 | F80: ='PLANILHA ORCAMENTARIA'!F89 -> 19.09 | G80: ='PLANILHA ORCAMENTARIA'!G89 -> 114.08 | H80: ='PLANILHA ORCAMENTARIA'!H89 -> 152.01 | I80: =ROUND('PLANILHA ORCAMENTARIA'!I89,2) -> 2177.79 | J80: =ROUND('PLANILHA ORCAMENTARIA'!J89,2) -> 2901.87
A81: 3.6.2.4 | B81: PRÓPRIA | C81: ​RES-022 | D81: Retirada e reinstalação de vidro em esquadria de madeira, fixado com silicone acetico. (com aproveitamento de vidro existente). Tudo incluído. | E81: M2 | F81: ='PLANILHA ORCAMENTARIA'!F90 -> 3.82 | G81: ='PLANILHA ORCAMENTARIA'!G90 -> 331.91 | H81: ='PLANILHA ORCAMENTARIA'!H90 -> 442.27 | I81: =ROUND('PLANILHA ORCAMENTARIA'!I90,2) -> 1267.9 | J81: =ROUND('PLANILHA ORCAMENTARIA'!J90,2) -> 1689.47
A82: 3.6.2.5 | B82: PRÓPRIA | C82: ​RES-022 | D82: Retirada e instalação de novo vidro em esquadria de madeira, fixado com silicone acetico. (sem aproveitamento de vidro existente). Tudo incluído. | E82: M2 | F82: ='PLANILHA ORCAMENTARIA'!F91 -> 5.73 | G82: ='PLANILHA ORCAMENTARIA'!G91 -> 331.91 | H82: ='PLANILHA ORCAMENTARIA'!H91 -> 442.27 | I82: =ROUND('PLANILHA ORCAMENTARIA'!I91,2) -> 1901.84 | J82: =ROUND('PLANILHA ORCAMENTARIA'!J91,2) -> 2534.21
A83: 3.7.1 | B83: PRÓPRIA | C83: ​ACE-002 | D83: Bancada de granito tipo Branco Siena, com espessura de 2 cm, com acabamento polido, inclusive chumbamento na alvenaria, exclusive cantoneira de apoio. Saia h=10cm e rodabanca h=10cm. Tudo incluído. | E83: m2 | F83: ='PLANILHA ORCAMENTARIA'!F93 -> 2.21 | G83: ='PLANILHA ORCAMENTARIA'!G93 -> 825.2 | H83: ='PLANILHA ORCAMENTARIA'!H93 -> 1099.58 | I83: =ROUND('PLANILHA ORCAMENTARIA'!I93,2) -> 1823.69 | J83: =ROUND('PLANILHA ORCAMENTARIA'!J93,2) -> 2430.07
A84: 3.7.2 | B84: PRÓPRIA | C84: ​ACE-003 | D84: RODABANCA/SAIA EM GRANITO BRANCO SIENA, E= 2CM, H= 10CM | E84: M | F84: ='PLANILHA ORCAMENTARIA'!F94 -> 5.65 | G84: ='PLANILHA ORCAMENTARIA'!G94 -> 77.33 | H84: ='PLANILHA ORCAMENTARIA'!H94 -> 103.04 | I84: =ROUND('PLANILHA ORCAMENTARIA'!I94,2) -> 436.91 | J84: =ROUND('PLANILHA ORCAMENTARIA'!J94,2) -> 582.18
A85: 3.7.3 | B85: PRÓPRIA | C85: ​ACE-004 | D85: GRANITO BRANCO SIENA, ESP = 3CM, ASSENTADO COM ARGAMASSA COLANTE AC III-E. | E85: M2 | F85: ='PLANILHA ORCAMENTARIA'!F95 -> 3.43 | G85: ='PLANILHA ORCAMENTARIA'!G95 -> 550.93 | H85: ='PLANILHA ORCAMENTARIA'!H95 -> 734.11 | I85: =ROUND('PLANILHA ORCAMENTARIA'!I95,2) -> 1889.69 | J85: =ROUND('PLANILHA ORCAMENTARIA'!J95,2) -> 2518
A86: 3.8.1 | B86: DER-ES EDIF | C86: ​S071106 | D86: Portão de ferro de correr em barra chata, inclusive chumbamento | E86: m2 | F86: ='PLANILHA ORCAMENTARIA'!F97 -> 6.6 | G86: ='PLANILHA ORCAMENTARIA'!G97 -> 732.22 | H86: ='PLANILHA ORCAMENTARIA'!H97 -> 975.68 | I86: =ROUND('PLANILHA ORCAMENTARIA'!I97,2) -> 4832.65 | J86: =ROUND('PLANILHA ORCAMENTARIA'!J97,2) -> 6439.49
A87: 3.8.2 | B87: DER-ES EDIF | C87: ​S071105 | D87: Grade de ferro em barra chata, inclusive chumbamento | E87: m2 | F87: ='PLANILHA ORCAMENTARIA'!F98 -> 44.13 | G87: ='PLANILHA ORCAMENTARIA'!G98 -> 369.28 | H87: ='PLANILHA ORCAMENTARIA'!H98 -> 492.07 | I87: =ROUND('PLANILHA ORCAMENTARIA'!I98,2) -> 16296.33 | J87: =ROUND('PLANILHA ORCAMENTARIA'!J98,2) -> 21715.05
A88: 3.8.3 | B88: DER-ES EDIF | C88: ​S190417 | D88: Pintura sobre metal, aplicação manual, com duas demãos de tinta esmalte sintético, referência Suvinil, Coral ou Metalatex, inclusive uma demão de fundo anticorrosivo | E88: m2 | F88: ='PLANILHA ORCAMENTARIA'!F99 -> 50.73 | G88: ='PLANILHA ORCAMENTARIA'!G99 -> 53.06 | H88: ='PLANILHA ORCAMENTARIA'!H99 -> 70.7 | I88: =ROUND('PLANILHA ORCAMENTARIA'!I99,2) -> 2691.73 | J88: =ROUND('PLANILHA ORCAMENTARIA'!J99,2) -> 3586.61
A89: 3.8.4 | B89: DER-ES EDIF | C89: ​S010224 | D89: Retirada manual de grades, gradis, alambrados, cercas e portões metálicos, inclusive remoção de argamassa de chumbamento, acessórios de fixação e corte de soldas | E89: m2 | F89: ='PLANILHA ORCAMENTARIA'!F100 -> 1.31 | G89: ='PLANILHA ORCAMENTARIA'!G100 -> 13.14 | H89: ='PLANILHA ORCAMENTARIA'!H100 -> 17.51 | I89: =ROUND('PLANILHA ORCAMENTARIA'!I100,2) -> 17.21 | J89: =ROUND('PLANILHA ORCAMENTARIA'!J100,2) -> 22.94
A90: 3.9.1.1 | B90: DER-ES EDIF | C90: ​S010230 | D90: Retirada de pintura à base de PVA, utilizando a raspagem manual | E90: m2 | F90: ='PLANILHA ORCAMENTARIA'!F212 -> 96.02 | G90: ='PLANILHA ORCAMENTARIA'!G212 -> 9.45 | H90: ='PLANILHA ORCAMENTARIA'!H212 -> 12.59 | I90: =ROUND('PLANILHA ORCAMENTARIA'!I212,2) -> 907.39 | J90: =ROUND('PLANILHA ORCAMENTARIA'!J212,2) -> 1208.89
A91: 3.9.1.2 | B91: DER-ES EDIF | C91: ​S010208 | D91: Retirada manual de revestimento em argamassa cimento e areia (emboço e reboco), sem reaproveitamento | E91: m2 | F91: ='PLANILHA ORCAMENTARIA'!F213 -> 224.05 | G91: ='PLANILHA ORCAMENTARIA'!G213 -> 10.73 | H91: ='PLANILHA ORCAMENTARIA'!H213 -> 14.3 | I91: =ROUND('PLANILHA ORCAMENTARIA'!I213,2) -> 2404.06 | J91: =ROUND('PLANILHA ORCAMENTARIA'!J213,2) -> 3203.92
A92: 3.9.1.3 | B92: DER-ES EDIF | C92: ​S120303 | D92: Reboco tipo paulista de argamassa de cimento, cal hidratada CH1 e areia média ou grossa lavada no traço 1:0.5:6, espessura 25 mm | E92: m2 | F92: ='PLANILHA ORCAMENTARIA'!F225 -> 224.05 | G92: ='PLANILHA ORCAMENTARIA'!G225 -> 65.96 | H92: ='PLANILHA ORCAMENTARIA'!H225 -> 87.89 | I92: =ROUND('PLANILHA ORCAMENTARIA'!I225,2) -> 14778.34 | J92: =ROUND('PLANILHA ORCAMENTARIA'!J225,2) -> 19691.75
A93: 3.9.1.4 | B93: DER-ES EDIF | C93: ​S160707 | D93: Pintura com tinta látex PVA Suvinil, Coral ou Metalatex, inclusive selador em paredes internas e forros a três demãos | E93: m2 | F93: ='PLANILHA ORCAMENTARIA'!F226 -> 320.07 | G93: ='PLANILHA ORCAMENTARIA'!G226 -> 30.79 | H93: ='PLANILHA ORCAMENTARIA'!H226 -> 41.03 | I93: =ROUND('PLANILHA ORCAMENTARIA'!I226,2) -> 9854.96 | J93: =ROUND('PLANILHA ORCAMENTARIA'!J226,2) -> 13132.47
A94: 3.9.1.5 | B94: PRÓPRIA | C94: ​RES-015 | D94: Piso em ladrilho hidráulico colorido/Mosaico colorido, 20 x 20 cm,aplicado com argamassa industrializada ac-i, rejuntado, exclusive regularização de base ou emboço | E94: m2 | F94: ='PLANILHA ORCAMENTARIA'!F227 -> 111.02 | G94: ='PLANILHA ORCAMENTARIA'!G227 -> 573.4 | H94: ='PLANILHA ORCAMENTARIA'!H227 -> 764.06 | I94: =ROUND('PLANILHA ORCAMENTARIA'!I227,2) -> 63658.87 | J94: =ROUND('PLANILHA ORCAMENTARIA'!J227,2) -> 84825.94
A95: 3.9.1.6 | B95: PRÓPRIA | C95: ​RES-014 | D95: Piso em ladrilho hidráulico liso, uma cor, 20 x 20 cm,aplicado com argamassa industrializada ac-i, rejuntado, exclusive regularização de base ou emboço | E95: m2 | F95: ='PLANILHA ORCAMENTARIA'!F228 -> 12.8 | G95: ='PLANILHA ORCAMENTARIA'!G228 -> 117.68 | H95: ='PLANILHA ORCAMENTARIA'!H228 -> 156.81 | I95: =ROUND('PLANILHA ORCAMENTARIA'!I228,2) -> 1506.3 | J95: =ROUND('PLANILHA ORCAMENTARIA'!J228,2) -> 2007.17
A96: 3.9.1.7 | B96: DER-ES EDIF | C96: ​S190116 | D96: Pintura, sobre paredes e forros, aplicação manual, com duas demãos de tinta esmalte sintético, referência Suvinil, Coral e Metalatex, inclusive uma demão de liquido selador PVA, referência Suvinil, Coral ou Metalatex ou equivalente | E96: m2 | F96: ='PLANILHA ORCAMENTARIA'!F229 -> 123.82 | G96: ='PLANILHA ORCAMENTARIA'!G229 -> 28.61 | H96: ='PLANILHA ORCAMENTARIA'!H229 -> 38.12 | I96: =ROUND('PLANILHA ORCAMENTARIA'!I229,2) -> 3542.49 | J96: =ROUND('PLANILHA ORCAMENTARIA'!J229,2) -> 4720.02
A97: 3.9.1.8 | B97: DER-ES EDIF | C97: ​S190117 | D97: Pintura sobre paredes e forros, aplicação manual, com duas demãos de tinta látex acrílico premium, acabamento fosco, referência Suvinil, Coral e Metalatex, inclusive uma demão de liquido selador acrílico, referência Suvinil, Coral ou Metalatex | E97: m2 | F97: ='PLANILHA ORCAMENTARIA'!F230 -> 27.18 | G97: ='PLANILHA ORCAMENTARIA'!G230 -> 25.15 | H97: ='PLANILHA ORCAMENTARIA'!H230 -> 33.51 | I97: =ROUND('PLANILHA ORCAMENTARIA'!I230,2) -> 683.58 | J97: =ROUND('PLANILHA ORCAMENTARIA'!J230,2) -> 910.8
A98: 3.9.1.9 | B98: ORSE | C98: ​S12393 | D98: Restauro - Emassamento e nivelamento de camada pictórica em paredes com pintura parietal | E98: m2 | F98: ='PLANILHA ORCAMENTARIA'!F231 -> 14.4 | G98: ='PLANILHA ORCAMENTARIA'!G231 -> 354.24 | H98: ='PLANILHA ORCAMENTARIA'!H231 -> 472.02 | I98: =ROUND('PLANILHA ORCAMENTARIA'!I231,2) -> 5101.06 | J98: =ROUND('PLANILHA ORCAMENTARIA'!J231,2) -> 6797.09
A99: 3.9.1.10 | B99: ORSE | C99: ​S12391 | D99: Restauro - Refixação de policromia em paredes com pintura parietal | E99: m2 | F99: ='PLANILHA ORCAMENTARIA'!F232 -> 14.4 | G99: ='PLANILHA ORCAMENTARIA'!G232 -> 158.35 | H99: ='PLANILHA ORCAMENTARIA'!H232 -> 211 | I99: =ROUND('PLANILHA ORCAMENTARIA'!I232,2) -> 2280.24 | J99: =ROUND('PLANILHA ORCAMENTARIA'!J232,2) -> 3038.4
A100: 3.9.2.1 | B100: DER-ES EDIF | C100: ​S010331 | D100: Demolição manual de piso, soleira, peitoris e escadas em mármore ou granito, exclusive regularização, sem reaproveitamento | E100: m2 | F100: ='PLANILHA ORCAMENTARIA'!F234 -> 13.09 | G100: ='PLANILHA ORCAMENTARIA'!G234 -> 11.92 | H100: ='PLANILHA ORCAMENTARIA'!H234 -> 15.88 | I100: =ROUND('PLANILHA ORCAMENTARIA'!I234,2) -> 156.03 | J100: =ROUND('PLANILHA ORCAMENTARIA'!J234,2) -> 207.87
A101: 3.9.2.2 | B101: PRÓPRIA | C101: ​RES-009 | D101: Restauro - Restauração de forro ou piso em assoalho de madeira compreendendo substituição de peças de apoio até 20%, raspagem, calafetagem, enceramento e parquetagem | E101: m2 | F101: ='PLANILHA ORCAMENTARIA'!F235 -> 13.09 | G101: ='PLANILHA ORCAMENTARIA'!G235 -> 103.34 | H101: ='PLANILHA ORCAMENTARIA'!H235 -> 137.7 | I101: =ROUND('PLANILHA ORCAMENTARIA'!I235,2) -> 1352.72 | J101: =ROUND('PLANILHA ORCAMENTARIA'!J235,2) -> 1802.49
A102: 3.9.2.3 | B102: DER-ES EDIF | C102: ​S030304 | D102: Índice de preço para remoção de entulho decorrente da execução de obras (Classe A CONAMA - NBR 10.004 - Classe II-B), incluindo aluguel da caçamba, carga, transporte e descarga em área licenciada | E102: m3 | F102: ='PLANILHA ORCAMENTARIA'!F236 -> 0.26 | G102: ='PLANILHA ORCAMENTARIA'!G236 -> 89.06 | H102: ='PLANILHA ORCAMENTARIA'!H236 -> 118.67 | I102: =ROUND('PLANILHA ORCAMENTARIA'!I236,2) -> 23.16 | J102: =ROUND('PLANILHA ORCAMENTARIA'!J236,2) -> 30.85
...

Sheet RESUMO POR ESCOPO
A1: RESUMO ORÇAMENTÁRIO POR ESCOPO
A2: ESCOPO | B2: VALOR SEM BDI (R$) | C2: VALOR COM BDI (R$) | D2: % DO TOTAL | E2: OBSERVAÇÃO
A3: SERVIÇOS GERAIS / COMUNS | B3: =ROUND('PLANILHA POR ESCOPO'!I20,2) -> #REF! | C3: =ROUND('PLANILHA POR ESCOPO'!J20,2) -> #REF! | D3: =C3/$C$7 -> #REF!
A4: RESTAURAÇÃO DA IGREJA | B4: =ROUND('PLANILHA POR ESCOPO'!I339,2) -> #REF! | C4: =ROUND('PLANILHA POR ESCOPO'!J339,2) -> #REF! | D4: =C4/$C$7 -> #REF!
A5: REVITALIZAÇÃO DA PRAÇA | B5: =ROUND('PLANILHA POR ESCOPO'!I407,2) -> #REF! | C5: =ROUND('PLANILHA POR ESCOPO'!J407,2) -> #REF! | D5: =C5/$C$7 -> #REF!
A6: AJUSTE DE ARREDONDAMENTO | B6: 0 | C6: =ROUND('PLANILHA POR ESCOPO'!J413,2) -> #REF! | E6: Diferença decorrente dos critérios de arredondamento da planilha-base.
A7: VALOR TOTAL | B7: =ROUND(RESUMO!D13,2) -> 0 | C7: =ROUND(RESUMO!D12,2) -> 7237488.3 | D7: 1
